Workbook
Name DateFin1: #REF!
Name DateFin1: #REF!
Name DateFin1: #REF!
Name DateFin1: #REF!
Name DateFin1: #REF!
Name DateFin2: #REF!
Name DateFin2: #REF!
Name DateFin2: #REF!
Name DateFin2: #REF!
Name DateFin2: #REF!
Name DateFin2: #REF!
Name DateFin2: #REF!
Name DateFin2: #REF!
Name DateFin2: #REF!
Name DateFin2: #REF!
Name DateFin2: #REF!
Name DateFin2: #REF!
Name DateFin2: #REF!
Name DateFin2: #REF!
Name DateFin2: #REF!
Name DateFin2: #REF!
Name DateFin2: #REF!
Name DateFin2: #REF!
Name DateFin2: #REF!
Name DateFin2: #REF!
Name DateFin2: #REF!
Name DateFin2: #REF!
Name DateFin2: #REF!
Name DateFin2: #REF!
Name DateFin2: #REF!
Name DateFin2: #REF!
Name DateFin2: #REF!
Name DateFin2: #REF!
Name DateFin2: #REF!
Name DateFin2: #REF!
Name DateFin2: #REF!
Name DateFin2: #REF!
Name Ecrx_CodeGroupeAnalyse: #REF!
Name Ecrx_CodeGroupeAnalyse: #REF!
Name Ecrx_CodeGroupeAnalyse: #REF!
Name Ecrx_CodeGroupeAnalyse: #REF!
Name Ecrx_CodeGroupeAnalyse: #REF!
Name Ecrx_CodeGroupeAnalyse: #REF!
Name Ecrx_CodeGroupeAnalyse: #REF!
Name Ecrx_CodeGroupeAnalyse: #REF!
Name Ecrx_CodeGroupeAnalyse: #REF!
Name Ecrx_CodeGroupeAnalyse: #REF!
Name Ecrx_CodeGroupeAnalyse: #REF!
Name Ecrx_CodeGroupeAnalyse: #REF!
Name Ecrx_CodeGroupeAnalyse: #REF!
Name Ecrx_CodeGroupeAnalyse: #REF!
Name Ecrx_CodeGroupeAnalyse: #REF!
Name Ecrx_CodeGroupeAnalyse: #REF!
Name Ecrx_CodeGroupeAnalyse: #REF!
Name Ecrx_CodeGroupeAnalyse: #REF!
Name Ecrx_CodeGroupeAnalyse: #REF!
Name Ecrx_CodeGroupeAnalyse: #REF!
Name Ecrx_CodeGroupeAnalyse: #REF!
Name Ecrx_CodeGroupeAnalyse: #REF!
Name Ecrx_CodeGroupeAnalyse: #REF!

Sheet OD 01-23
A1: CompteGen | B1: Libelle | C1: SoldeDebut | D1: Debit | E1: Credit | F1: Variation | G1: SoldeFin
A2: 13000000 | B2: RESULT. DE L'EXERCIC. | C2: 0 | D2: 0 | E2: 0 | F2: 0 | G2: 0
A3: 14508000 | B3: AMORT.DES SUBV.D'INV | C3: 0 | D3: 21896.933 | E3: 0 | F3: 21896.933 | G3: 21896.933
A4: 22825000 | C4: 0 | D4: 0 | E4: 0 | F4: 0 | G4: 0
A5: 28130000 | B5: LOGICIELS | C5: 0 | D5: 0 | E5: 498.408 | F5: -498.408 | G5: -498.408
A6: 28216000 | B6: AMOR.AGE.&AME.D.TER | C6: 0 | D6: 0 | E6: 231.89 | F6: -231.89 | G6: -231.89
A7: 28220000 | B7: AMORTISSEMENT/CONS | C7: 0 | D7: 0 | E7: 37206.669 | F7: -37206.669 | G7: -37206.669
A8: 28225000 | B8: AMOR.INS.GEN.AG&A.C | C8: 0 | D8: 0 | E8: 1791.536 | F8: -1791.536 | G8: -1791.536
A9: 28230000 | B9: AMO.INS.TECH.M.OU.IN | C9: 0 | D9: 0 | E9: 4389.771 | F9: -4389.771 | G9: -4389.771
A10: 28234000 | B10: AMORT./MATERIEL IND. | C10: 0 | D10: 0 | E10: 116880.21 | F10: -116880.21 | G10: -116880.21
A11: 28235000 | B11: AMORT./OUTIL.INDUST. | C11: 0 | D11: 0 | E11: 7034.595 | F11: -7034.595 | G11: -7034.595
A12: 28237000 | B12: AMOR./AGC&AMEG.M.O. | C12: 0 | D12: 0 | E12: 1805.746 | F12: -1805.746 | G12: -1805.746
A13: 28240000 | B13: AMORT.MAT.DE TRANS | C13: 0 | D13: 0 | E13: 12427.078 | F13: -12427.078 | G13: -12427.078
A14: 28282000 | B14: AMOR.EQUIP.DE BURE. | C14: 0 | D14: 0 | E14: 4546.049 | F14: -4546.049 | G14: -4546.049
A15: 28283000 | B15: AMORT. MAT.INFORMATIQUES | C15: 0 | D15: 0 | E15: 1898.033 | F15: -1898.033 | G15: -1898.033
A16: 28400000 | B16: Amort.immob.carc.jur.par | C16: 0 | D16: 0 | E16: 6242.013 | F16: -6242.013 | G16: -6242.013
... A62: 73900000 | B62: Quote.parts subv.d'inves | C62: 0 | D62: 0 | E62: 21896.933 | F62: -21896.933 | G62: -21896.933
C63: =SUM(C2:C62) -> 0 | D63: =SUM(D2:D62) -> 15652837 | E63: =SUM(E2:E62) -> 15652837 | F63: =SUM(F2:F62) -> -2.1354936e-09 | G63: =SUM(G2:G62) -> -2.1354936e-09

Sheet BAL 01-23
A1: Compte | B1: Libelle | C1: SoldeDebut | D1: Debit | E1: Crédit | F1: Debit OD | G1: Credit OD | H1: Variation | I1: Solde Fin | J1: Affect° 2023
A2: 10100000 | B2: CAPITAL SOCIAL | C2: -13500000 | D2: 0 | E2: 0 | F2: =SUMIF('OD 01-23'!A:A,A2,'OD 01-23'!D:D) -> 0 | G2: =SUMIF('OD 01-23'!A:A,A2,'OD 01-23'!E:E) -> 0 | H2: =+D2+F2-E2-G2 -> 0 | I2: =+H2+C2 -> -13500000 | J2: Capital social
A3: 11101000 | B3: RESERVES LEGALES | C3: -1200000 | D3: 0 | E3: 0 | F3: =SUMIF('OD 01-23'!A:A,A3,'OD 01-23'!D:D) -> 0 | G3: =SUMIF('OD 01-23'!A:A,A3,'OD 01-23'!E:E) -> 0 | H3: =+D3+F3-E3-G3 -> 0 | I3: =+H3+C3 -> -1200000 | J3: Réserves légales
A4: 12100000 | B4: RESULTAT REPORTES | C4: =-17351323.015645-1208076.033 -> -18559399 | D4: 0 | E4: 0 | F4: =SUMIF('OD 01-23'!A:A,A4,'OD 01-23'!D:D) -> 0 | G4: =SUMIF('OD 01-23'!A:A,A4,'OD 01-23'!E:E) -> 0 | H4: =+D4+F4-E4-G4 -> 0 | I4: =+H4+C4 -> -18559399 | J4: Résultats reportés
A5: 12200000 | B5: ammortisssemnts differes | C5: 0 | D5: 0 | E5: 0 | F5: =SUMIF('OD 01-23'!A:A,A5,'OD 01-23'!D:D) -> 0 | G5: =SUMIF('OD 01-23'!A:A,A5,'OD 01-23'!E:E) -> 0 | H5: =+D5+F5-E5-G5 -> 0 | I5: =+H5+C5 -> 0
A6: 12800000 | B6: MODI.COM.EFF.RLT.REP | C6: 3022190.2 | D6: 0 | E6: 0 | F6: =SUMIF('OD 01-23'!A:A,A6,'OD 01-23'!D:D) -> 0 | G6: =SUMIF('OD 01-23'!A:A,A6,'OD 01-23'!E:E) -> 0 | H6: =+D6+F6-E6-G6 -> 0 | I6: =+H6+C6 -> 3022190.2 | J6: Modification comptable
A7: 13000000 | B7: RESULT. DE L'EXERCIC. | C7: 0 | D7: 0 | E7: 0 | F7: =SUMIF('OD 01-23'!A:A,A7,'OD 01-23'!D:D) -> 0 | G7: =SUMIF('OD 01-23'!A:A,A7,'OD 01-23'!E:E) -> 0 | H7: =+D7+F7-E7-G7 -> 0 | I7: =+H7+C7 -> 0
A8: 14500000 | B8: SUBVENTIONS D'INVES. | C8: -3479108.8 | D8: 0 | E8: 0 | F8: =SUMIF('OD 01-23'!A:A,A8,'OD 01-23'!D:D) -> 0 | G8: =SUMIF('OD 01-23'!A:A,A8,'OD 01-23'!E:E) -> 0 | H8: =+D8+F8-E8-G8 -> 0 | I8: =+H8+C8 -> -3479108.8 | J8: Subvention d'investissement
A9: 14508000 | B9: AMORT.DES SUBV.D'INV | C9: 2356770.1 | D9: 0 | E9: 0 | F9: =SUMIF('OD 01-23'!A:A,A9,'OD 01-23'!D:D) -> 21896.933 | G9: =SUMIF('OD 01-23'!A:A,A9,'OD 01-23'!E:E) -> 0 | H9: =+D9+F9-E9-G9 -> 21896.933 | I9: =+H9+C9 -> 2378667 | J9: Amortissement subvention d'investissement
A10: 15100000 | B10: PROVI.POUR RISQUES | C10: -22564.956 | D10: 0 | E10: 0 | F10: =SUMIF('OD 01-23'!A:A,A10,'OD 01-23'!D:D) -> 0 | G10: =SUMIF('OD 01-23'!A:A,A10,'OD 01-23'!E:E) -> 0 | H10: =+D10+F10-E10-G10 -> 0 | I10: =+H10+C10 -> -22564.956 | J10: Provision pour risque et charges
A11: 16210250 | B11: CREDIT STUSID | C11: 0 | D11: 0 | E11: 0 | F11: =SUMIF('OD 01-23'!A:A,A11,'OD 01-23'!D:D) -> 0 | G11: =SUMIF('OD 01-23'!A:A,A11,'OD 01-23'!E:E) -> 0 | H11: =+D11+F11-E11-G11 -> 0 | I11: =+H11+C11 -> 0
A12: 16210500 | B12: CREDITS STB | C12: -1041666.7 | D12: 0 | E12: 0 | F12: =SUMIF('OD 01-23'!A:A,A12,'OD 01-23'!D:D) -> 0 | G12: =SUMIF('OD 01-23'!A:A,A12,'OD 01-23'!E:E) -> 0 | H12: =+D12+F12-E12-G12 -> 0 | I12: =+H12+C12 -> -1041666.7 | J12: Emprunts
A13: 16210960 | B13: CREDITS B.T.K.D | C13: 0 | D13: 0 | E13: 0 | F13: =SUMIF('OD 01-23'!A:A,A13,'OD 01-23'!D:D) -> 0 | G13: =SUMIF('OD 01-23'!A:A,A13,'OD 01-23'!E:E) -> 0 | H13: =+D13+F13-E13-G13 -> 0 | I13: =+H13+C13 -> 0
A14: 16400000 | B14: EMPT.DET.AS.COND.PA. | C14: -173470.93 | D14: 0 | E14: 0 | F14: =SUMIF('OD 01-23'!A:A,A14,'OD 01-23'!D:D) -> 0 | G14: =SUMIF('OD 01-23'!A:A,A14,'OD 01-23'!E:E) -> 0 | H14: =+D14+F14-E14-G14 -> 0 | I14: =+H14+C14 -> -173470.93 | J14: Emprunts
A15: 18800000 | B15: AUTRES | C15: 0 | D15: 0 | E15: 0 | F15: =SUMIF('OD 01-23'!A:A,A15,'OD 01-23'!D:D) -> 0 | G15: =SUMIF('OD 01-23'!A:A,A15,'OD 01-23'!E:E) -> 0 | H15: =+D15+F15-E15-G15 -> 0 | I15: =+H15+C15 -> 0
A16: 21100000 | B16: INVEST.DE RECH.ET DE | C16: 0 | D16: 0 | E16: 0 | F16: =SUMIF('OD 01-23'!A:A,A16,'OD 01-23'!D:D) -> 0 | G16: =SUMIF('OD 01-23'!A:A,A16,'OD 01-23'!E:E) -> 0 | H16: =+D16+F16-E16-G16 -> 0 | I16: =+H16+C16 -> 0
A17: 21300000 | B17: LOGICIELS | C17: 80409.227 | D17: 0 | E17: 0 | F17: =SUMIF('OD 01-23'!A:A,A17,'OD 01-23'!D:D) -> 0 | G17: =SUMIF('OD 01-23'!A:A,A17,'OD 01-23'!E:E) -> 0 | H17: =+D17+F17-E17-G17 -> 0 | I17: =+H17+C17 -> 80409.227 | J17: Immobilisations corporelles et incorp.
A18: 22000000 | B18: IMMOBIL.CORPORELLES | C18: 0 | D18: 0 | E18: 0 | F18: =SUMIF('OD 01-23'!A:A,A18,'OD 01-23'!D:D) -> 0 | G18: =SUMIF('OD 01-23'!A:A,A18,'OD 01-23'!E:E) -> 0 | H18: =+D18+F18-E18-G18 -> 0 | I18: =+H18+C18 -> 0
A19: 22100000 | B19: TERRAINS | C19: 1275724 | D19: 0 | E19: 0 | F19: =SUMIF('OD 01-23'!A:A,A19,'OD 01-23'!D:D) -> 0 | G19: =SUMIF('OD 01-23'!A:A,A19,'OD 01-23'!E:E) -> 0 | H19: =+D19+F19-E19-G19 -> 0 | I19: =+H19+C19 -> 1275724 | J19: Immobilisations corporelles et incorp.
A20: 22160000 | B20: AGEN.AMENAG.D.TERAI | C20: 161921.54 | D20: 0 | E20: 0 | F20: =SUMIF('OD 01-23'!A:A,A20,'OD 01-23'!D:D) -> 0 | G20: =SUMIF('OD 01-23'!A:A,A20,'OD 01-23'!E:E) -> 0 | H20: =+D20+F20-E20-G20 -> 0 | I20: =+H20+C20 -> 161921.54 | J20: Immobilisations corporelles et incorp.
A21: 22200000 | B21: CONSTURCTIONS | C21: 9027583.1 | D21: 0 | E21: 0 | F21: =SUMIF('OD 01-23'!A:A,A21,'OD 01-23'!D:D) -> 0 | G21: =SUMIF('OD 01-23'!A:A,A21,'OD 01-23'!E:E) -> 0 | H21: =+D21+F21-E21-G21 -> 0 | I21: =+H21+C21 -> 9027583.1 | J21: Immobilisations corporelles et incorp.
A22: 22250000 | B22: INSTAL.GL.AGE.AM.CON | C22: 600750.28 | D22: 250 | E22: 0 | F22: =SUMIF('OD 01-23'!A:A,A22,'OD 01-23'!D:D) -> 0 | G22: =SUMIF('OD 01-23'!A:A,A22,'OD 01-23'!E:E) -> 0 | H22: =+D22+F22-E22-G22 -> 250 | I22: =+H22+C22 -> 601000.28 | J22: Immobilisations corporelles et incorp.
A23: 22300000 | B23: INST.TECH.MAT&OUT.IN | C23: 65870.611 | D23: 0 | E23: 0 | F23: =SUMIF('OD 01-23'!A:A,A23,'OD 01-23'!D:D) -> 0 | G23: =SUMIF('OD 01-23'!A:A,A23,'OD 01-23'!E:E) -> 0 | H23: =+D23+F23-E23-G23 -> 0 | I23: =+H23+C23 -> 65870.611 | J23: Immobilisations corporelles et incorp.
A24: 22310000 | B24: INSTALLATIONS TECHN | C24: 0 | D24: 0 | E24: 0 | F24: =SUMIF('OD 01-23'!A:A,A24,'OD 01-23'!D:D) -> 0 | G24: =SUMIF('OD 01-23'!A:A,A24,'OD 01-23'!E:E) -> 0 | H24: =+D24+F24-E24-G24 -> 0 | I24: =+H24+C24 -> 0
A25: 22340000 | B25: MATERIEL INDUSTRIEL | C25: 21854401 | D25: 192821.13 | E25: 0 | F25: =SUMIF('OD 01-23'!A:A,A25,'OD 01-23'!D:D) -> 0 | G25: =SUMIF('OD 01-23'!A:A,A25,'OD 01-23'!E:E) -> 0 | H25: =+D25+F25-E25-G25 -> 192821.13 | I25: =+H25+C25 -> 22047222 | J25: Immobilisations corporelles et incorp.
A26: 22350000 | B26: OUTILLAGE INDUSTRIEL | C26: 595918.13 | D26: 805 | E26: 0 | F26: =SUMIF('OD 01-23'!A:A,A26,'OD 01-23'!D:D) -> 0 | G26: =SUMIF('OD 01-23'!A:A,A26,'OD 01-23'!E:E) -> 0 | H26: =+D26+F26-E26-G26 -> 805 | I26: =+H26+C26 -> 596723.13 | J26: Immobilisations corporelles et incorp.
A27: 22370000 | B27: AGEN.AME.MAT.OUT.IN | C27: 879252.86 | D27: 0 | E27: 0 | F27: =SUMIF('OD 01-23'!A:A,A27,'OD 01-23'!D:D) -> 0 | G27: =SUMIF('OD 01-23'!A:A,A27,'OD 01-23'!E:E) -> 0 | H27: =+D27+F27-E27-G27 -> 0 | I27: =+H27+C27 -> 879252.86 | J27: Immobilisations corporelles et incorp.
A28: 22400000 | B28: MATERIEL DE TRANSPORT | C28: 1013855.9 | D28: 0 | E28: 61848.025 | F28: =SUMIF('OD 01-23'!A:A,A28,'OD 01-23'!D:D) -> 0 | G28: =SUMIF('OD 01-23'!A:A,A28,'OD 01-23'!E:E) -> 0 | H28: =+D28+F28-E28-G28 -> -61848.025 | I28: =+H28+C28 -> 952007.86 | J28: Immobilisations corporelles et incorp.
A29: 22810000 | B29: INSTAL.GLES.AG.AM.DI | C29: 0 | D29: 0 | E29: 0 | F29: =SUMIF('OD 01-23'!A:A,A29,'OD 01-23'!D:D) -> 0 | G29: =SUMIF('OD 01-23'!A:A,A29,'OD 01-23'!E:E) -> 0 | H29: =+D29+F29-E29-G29 -> 0 | I29: =+H29+C29 -> 0
A30: 22820000 | B30: EQUIPEMENTS DE BURE. | C30: 248575.93 | D30: 0 | E30: 0 | F30: =SUMIF('OD 01-23'!A:A,A30,'OD 01-23'!D:D) -> 0 | G30: =SUMIF('OD 01-23'!A:A,A30,'OD 01-23'!E:E) -> 0 | H30: =+D30+F30-E30-G30 -> 0 | I30: =+H30+C30 -> 248575.93 | J30: Immobilisations corporelles et incorp.
A31: 22830000 | B31: MATERIELS INFORMATIQUES | C31: 157309.57 | D31: 0 | E31: 0 | F31: =SUMIF('OD 01-23'!A:A,A31,'OD 01-23'!D:D) -> 0 | G31: =SUMIF('OD 01-23'!A:A,A31,'OD 01-23'!E:E) -> 0 | H31: =+D31+F31-E31-G31 -> 0 | I31: =+H31+C31 -> 157309.57 | J31: Immobilisations corporelles et incorp.
A32: 23000000 | B32: IMMOBILISATION EN CO | C32: 2e-05 | D32: 0 | E32: 0 | F32: =SUMIF('OD 01-23'!A:A,A32,'OD 01-23'!D:D) -> 0 | G32: =SUMIF('OD 01-23'!A:A,A32,'OD 01-23'!E:E) -> 0 | H32: =+D32+F32-E32-G32 -> 0 | I32: =+H32+C32 -> 2e-05
A33: 23200000 | B33: IMMO.COR.EN COURS | C33: 2440755.5 | D33: 0 | E33: 0 | F33: =SUMIF('OD 01-23'!A:A,A33,'OD 01-23'!D:D) -> 0 | G33: =SUMIF('OD 01-23'!A:A,A33,'OD 01-23'!E:E) -> 0 | H33: =+D33+F33-E33-G33 -> 0 | I33: =+H33+C33 -> 2440755.5 | J33: Immobilisations corporelles et incorp.
A34: 23220000 | B34: CONSTRUC.EN COURS | C34: 7912.234 | D34: 30502.238 | E34: 0 | F34: =SUMIF('OD 01-23'!A:A,A34,'OD 01-23'!D:D) -> 0 | G34: =SUMIF('OD 01-23'!A:A,A34,'OD 01-23'!E:E) -> 0 | H34: =+D34+F34-E34-G34 -> 30502.238 | I34: =+H34+C34 -> 38414.472 | J34: Immobilisations corporelles et incorp.
A35: 23225000 | B35: INST.GEN.A.A.CONS.CO | C35: 0 | D35: 0 | E35: 0 | F35: =SUMIF('OD 01-23'!A:A,A35,'OD 01-23'!D:D) -> 0 | G35: =SUMIF('OD 01-23'!A:A,A35,'OD 01-23'!E:E) -> 0 | H35: =+D35+F35-E35-G35 -> 0 | I35: =+H35+C35 -> 0
A36: 23231000 | B36: INST.TECHNIQ.EN COU | C36: 0 | D36: 0 | E36: 0 | F36: =SUMIF('OD 01-23'!A:A,A36,'OD 01-23'!D:D) -> 0 | G36: =SUMIF('OD 01-23'!A:A,A36,'OD 01-23'!E:E) -> 0 | H36: =+D36+F36-E36-G36 -> 0 | I36: =+H36+C36 -> 0
A37: 23237000 | B37: A.A MAT&OUT.IND.EN C | C37: 0 | D37: 0 | E37: 0 | F37: =SUMIF('OD 01-23'!A:A,A37,'OD 01-23'!D:D) -> 0 | G37: =SUMIF('OD 01-23'!A:A,A37,'OD 01-23'!E:E) -> 0 | H37: =+D37+F37-E37-G37 -> 0 | I37: =+H37+C37 -> 0
A38: 23250000 | B38: Plantations en cours | C38: 0 | D38: 0 | E38: 0 | F38: =SUMIF('OD 01-23'!A:A,A38,'OD 01-23'!D:D) -> 0 | G38: =SUMIF('OD 01-23'!A:A,A38,'OD 01-23'!E:E) -> 0 | H38: =+D38+F38-E38-G38 -> 0 | I38: =+H38+C38 -> 0
A39: 23800000 | B39: AVC&ACP/COM IMM.INC | C39: 0 | D39: 0 | E39: 0 | F39: =SUMIF('OD 01-23'!A:A,A39,'OD 01-23'!D:D) -> 0 | G39: =SUMIF('OD 01-23'!A:A,A39,'OD 01-23'!E:E) -> 0 | H39: =+D39+F39-E39-G39 -> 0 | I39: =+H39+C39 -> 0
A40: 24000000 | B40: IMMOB.A STAT.JUR.PAR | C40: 703370.38 | D40: 0 | E40: 0 | F40: =SUMIF('OD 01-23'!A:A,A40,'OD 01-23'!D:D) -> 0 | G40: =SUMIF('OD 01-23'!A:A,A40,'OD 01-23'!E:E) -> 0 | H40: =+D40+F40-E40-G40 -> 0 | I40: =+H40+C40 -> 703370.38 | J40: Immobilisations corporelles et incorp.
A41: 25100000 | B41: TITRES DE PARTICIPAT. | C41: 0 | D41: 0 | E41: 0 | F41: =SUMIF('OD 01-23'!A:A,A41,'OD 01-23'!D:D) -> 0 | G41: =SUMIF('OD 01-23'!A:A,A41,'OD 01-23'!E:E) -> 0 | H41: =+D41+F41-E41-G41 -> 0 | I41: =+H41+C41 -> 0
A42: 25110000 | B42: TITRES DE PARTICIPAT.SND | C42: 266820 | D42: 0 | E42: 0 | F42: =SUMIF('OD 01-23'!A:A,A42,'OD 01-23'!D:D) -> 0 | G42: =SUMIF('OD 01-23'!A:A,A42,'OD 01-23'!E:E) -> 0 | H42: =+D42+F42-E42-G42 -> 0 | I42: =+H42+C42 -> 266820 | J42: Titres de Participation
A43: 25120000 | B43: TITRES DE PARTICIPAT.NHB | C43: 512700 | D43: 0 | E43: 0 | F43: =SUMIF('OD 01-23'!A:A,A43,'OD 01-23'!D:D) -> 0 | G43: =SUMIF('OD 01-23'!A:A,A43,'OD 01-23'!E:E) -> 0 | H43: =+D43+F43-E43-G43 -> 0 | I43: =+H43+C43 -> 512700 | J43: Titres de Participation
A44: 25130000 | B44: TITRES DE PARTICIP. TIP | C44: 677000 | D44: 0 | E44: 0 | F44: =SUMIF('OD 01-23'!A:A,A44,'OD 01-23'!D:D) -> 0 | G44: =SUMIF('OD 01-23'!A:A,A44,'OD 01-23'!E:E) -> 0 | H44: =+D44+F44-E44-G44 -> 0 | I44: =+H44+C44 -> 677000 | J44: Titres de Participation
A45: 25140000 | B45: TITRES PARTICIPATION SNR | C45: 1575000 | D45: 1575000 | E45: 0 | F45: =SUMIF('OD 01-23'!A:A,A45,'OD 01-23'!D:D) -> 0 | G45: =SUMIF('OD 01-23'!A:A,A45,'OD 01-23'!E:E) -> 0 | H45: =+D45+F45-E45-G45 -> 1575000 | I45: =+H45+C45 -> 3150000 | J45: Titres de Participation
A46: 25700000 | B46: CREAN.RAT.A DES PAR | C46: 1575000 | D46: 0 | E46: 1575000 | F46: =SUMIF('OD 01-23'!A:A,A46,'OD 01-23'!D:D) -> 0 | G46: =SUMIF('OD 01-23'!A:A,A46,'OD 01-23'!E:E) -> 0 | H46: =+D46+F46-E46-G46 -> -1575000 | I46: =+H46+C46 -> 0 | J46: Titres de Participation
A47: 25810000 | B47: AVANCE SUR PARTICIPATION | C47: 0 | D47: 0 | E47: 0 | F47: =SUMIF('OD 01-23'!A:A,A47,'OD 01-23'!D:D) -> 0 | G47: =SUMIF('OD 01-23'!A:A,A47,'OD 01-23'!E:E) -> 0 | H47: =+D47+F47-E47-G47 -> 0 | I47: =+H47+C47 -> 0
A48: 26400000 | B48: PRETS | C48: 0 | D48: 0 | E48: 0 | F48: =SUMIF('OD 01-23'!A:A,A48,'OD 01-23'!D:D) -> 0 | G48: =SUMIF('OD 01-23'!A:A,A48,'OD 01-23'!E:E) -> 0 | H48: =+D48+F48-E48-G48 -> 0 | I48: =+H48+C48 -> 0
A49: 26430000 | B49: PRETS AU PERSONNEL | C49: 0 | D49: 0 | E49: 0 | F49: =SUMIF('OD 01-23'!A:A,A49,'OD 01-23'!D:D) -> 0 | G49: =SUMIF('OD 01-23'!A:A,A49,'OD 01-23'!E:E) -> 0 | H49: =+D49+F49-E49-G49 -> 0 | I49: =+H49+C49 -> 0
A50: 26500000 | B50: DEPOTS ET CAUT.VERS | C50: 105597.14 | D50: 13000 | E50: 0 | F50: =SUMIF('OD 01-23'!A:A,A50,'OD 01-23'!D:D) -> 0 | G50: =SUMIF('OD 01-23'!A:A,A50,'OD 01-23'!E:E) -> 0 | H50: =+D50+F50-E50-G50 -> 13000 | I50: =+H50+C50 -> 118597.14 | J50: Dépôts et cautionnements
A51: 26510000 | B51: DEPOTS | C51: 0 | D51: 0 | E51: 0 | F51: =SUMIF('OD 01-23'!A:A,A51,'OD 01-23'!D:D) -> 0 | G51: =SUMIF('OD 01-23'!A:A,A51,'OD 01-23'!E:E) -> 0 | H51: =+D51+F51-E51-G51 -> 0 | I51: =+H51+C51 -> 0
A52: 26550000 | B52: CAUTIONNEMENTS | C52: 0 | D52: 0 | E52: 0 | F52: =SUMIF('OD 01-23'!A:A,A52,'OD 01-23'!D:D) -> 0 | G52: =SUMIF('OD 01-23'!A:A,A52,'OD 01-23'!E:E) -> 0 | H52: =+D52+F52-E52-G52 -> 0 | I52: =+H52+C52 -> 0
A53: 27100000 | B53: FRAIS PRELIMINAIRES | C53: 0 | D53: 0 | E53: 0 | F53: =SUMIF('OD 01-23'!A:A,A53,'OD 01-23'!D:D) -> 0 | G53: =SUMIF('OD 01-23'!A:A,A53,'OD 01-23'!E:E) -> 0 | H53: =+D53+F53-E53-G53 -> 0 | I53: =+H53+C53 -> 0
A54: 28100000 | B54: AMORT.DES IMM.INCOR | C54: 0 | D54: 0 | E54: 0 | F54: =SUMIF('OD 01-23'!A:A,A54,'OD 01-23'!D:D) -> 0 | G54: =SUMIF('OD 01-23'!A:A,A54,'OD 01-23'!E:E) -> 0 | H54: =+D54+F54-E54-G54 -> 0 | I54: =+H54+C54 -> 0
A55: 28110000 | B55: INVEST.DE RECH&DEVE | C55: 0 | D55: 0 | E55: 0 | F55: =SUMIF('OD 01-23'!A:A,A55,'OD 01-23'!D:D) -> 0 | G55: =SUMIF('OD 01-23'!A:A,A55,'OD 01-23'!E:E) -> 0 | H55: =+D55+F55-E55-G55 -> 0 | I55: =+H55+C55 -> 0
A56: 28130000 | B56: LOGICIELS | C56: -67413.095 | D56: 0 | E56: 0 | F56: =SUMIF('OD 01-23'!A:A,A56,'OD 01-23'!D:D) -> 0 | G56: =SUMIF('OD 01-23'!A:A,A56,'OD 01-23'!E:E) -> 498.408 | H56: =+D56+F56-E56-G56 -> -498.408 | I56: =+H56+C56 -> -67911.503 | J56: Amortissement des immobilisations corporelles et incorp.
A57: 28216000 | B57: AMOR.AGE.&AME.D.TER | C57: -145539.11 | D57: 0 | E57: 0 | F57: =SUMIF('OD 01-23'!A:A,A57,'OD 01-23'!D:D) -> 0 | G57: =SUMIF('OD 01-23'!A:A,A57,'OD 01-23'!E:E) -> 231.89 | H57: =+D57+F57-E57-G57 -> -231.89 | I57: =+H57+C57 -> -145771 | J57: Amortissement des immobilisations corporelles et incorp.
A58: 28220000 | B58: AMORTISSEMENT/CONS | C58: -3277711.6 | D58: 0 | E58: 0 | F58: =SUMIF('OD 01-23'!A:A,A58,'OD 01-23'!D:D) -> 0 | G58: =SUMIF('OD 01-23'!A:A,A58,'OD 01-23'!E:E) -> 37206.669 | H58: =+D58+F58-E58-G58 -> -37206.669 | I58: =+H58+C58 -> -3314918.3 | J58: Amortissement des immobilisations corporelles et incorp.
A59: 28225000 | B59: AMOR.INS.GEN.AG&A.C | C59: -209705.37 | D59: 0 | E59: 0 | F59: =SUMIF('OD 01-23'!A:A,A59,'OD 01-23'!D:D) -> 0 | G59: =SUMIF('OD 01-23'!A:A,A59,'OD 01-23'!E:E) -> 1791.536 | H59: =+D59+F59-E59-G59 -> -1791.536 | I59: =+H59+C59 -> -211496.9 | J59: Amortissement des immobilisations corporelles et incorp.
A60: 28230000 | B60: AMO.INS.TECH.M.OU.IN | C60: -19731.942 | D60: 0 | E60: 0 | F60: =SUMIF('OD 01-23'!A:A,A60,'OD 01-23'!D:D) -> 0 | G60: =SUMIF('OD 01-23'!A:A,A60,'OD 01-23'!E:E) -> 4389.771 | H60: =+D60+F60-E60-G60 -> -4389.771 | I60: =+H60+C60 -> -24121.713 | J60: Amortissement des immobilisations corporelles et incorp.
A61: 28234000 | B61: AMORT./MATERIEL IND. | C61: -14367055 | D61: 0 | E61: 0 | F61: =SUMIF('OD 01-23'!A:A,A61,'OD 01-23'!D:D) -> 0 | G61: =SUMIF('OD 01-23'!A:A,A61,'OD 01-23'!E:E) -> 116880.21 | H61: =+D61+F61-E61-G61 -> -116880.21 | I61: =+H61+C61 -> -14483936 | J61: Amortissement des immobilisations corporelles et incorp.
A62: 28235000 | B62: AMORT./OUTIL.INDUST. | C62: -287927.48 | D62: 0 | E62: 0 | F62: =SUMIF('OD 01-23'!A:A,A62,'OD 01-23'!D:D) -> 0 | G62: =SUMIF('OD 01-23'!A:A,A62,'OD 01-23'!E:E) -> 7034.595 | H62: =+D62+F62-E62-G62 -> -7034.595 | I62: =+H62+C62 -> -294962.07 | J62: Amortissement des immobilisations corporelles et incorp.
A63: 28237000 | B63: AMOR./AGC&AMEG.M.O. | C63: -733400.9 | D63: 0 | E63: 0 | F63: =SUMIF('OD 01-23'!A:A,A63,'OD 01-23'!D:D) -> 0 | G63: =SUMIF('OD 01-23'!A:A,A63,'OD 01-23'!E:E) -> 1805.746 | H63: =+D63+F63-E63-G63 -> -1805.746 | I63: =+H63+C63 -> -735206.65 | J63: Amortissement des immobilisations corporelles et incorp.
A64: 28240000 | B64: AMORT.MAT.DE TRANS | C64: -530600.15 | D64: 34220.308 | E64: 0 | F64: =SUMIF('OD 01-23'!A:A,A64,'OD 01-23'!D:D) -> 0 | G64: =SUMIF('OD 01-23'!A:A,A64,'OD 01-23'!E:E) -> 12427.078 | H64: =+D64+F64-E64-G64 -> 21793.23 | I64: =+H64+C64 -> -508806.92 | J64: Amortissement des immobilisations corporelles et incorp.
A65: 28282000 | B65: AMOR.EQUIP.DE BURE. | C65: -175530.79 | D65: 0 | E65: 0 | F65: =SUMIF('OD 01-23'!A:A,A65,'OD 01-23'!D:D) -> 0 | G65: =SUMIF('OD 01-23'!A:A,A65,'OD 01-23'!E:E) -> 4546.049 | H65: =+D65+F65-E65-G65 -> -4546.049 | I65: =+H65+C65 -> -180076.84 | J65: Amortissement des immobilisations corporelles et incorp.
A66: 28283000 | B66: AMORT. MAT.INFORMATIQUES | C66: -94662.618 | D66: 0 | E66: 0 | F66: =SUMIF('OD 01-23'!A:A,A66,'OD 01-23'!D:D) -> 0 | G66: =SUMIF('OD 01-23'!A:A,A66,'OD 01-23'!E:E) -> 1898.033 | H66: =+D66+F66-E66-G66 -> -1898.033 | I66: =+H66+C66 -> -96560.651 | J66: Amortissement des immobilisations corporelles et incorp.
A67: 28400000 | B67: Amort.immob.carc.jur.par | C67: -418241.01 | D67: 0 | E67: 0 | F67: =SUMIF('OD 01-23'!A:A,A67,'OD 01-23'!D:D) -> 0 | G67: =SUMIF('OD 01-23'!A:A,A67,'OD 01-23'!E:E) -> 6242.013 | H67: =+D67+F67-E67-G67 -> -6242.013 | I67: =+H67+C67 -> -424483.02 | J67: Amortissement des immobilisations corporelles et incorp.
A68: 29220000 | B68: CONSTRUCTIONS | C68: 0 | D68: 0 | E68: 0 | F68: =SUMIF('OD 01-23'!A:A,A68,'OD 01-23'!D:D) -> 0 | G68: =SUMIF('OD 01-23'!A:A,A68,'OD 01-23'!E:E) -> 0 | H68: =+D68+F68-E68-G68 -> 0 | I68: =+H68+C68 -> 0
A69: 29282000 | B69: EQUIPEMENT DE BURE. | C69: 0 | D69: 0 | E69: 0 | F69: =SUMIF('OD 01-23'!A:A,A69,'OD 01-23'!D:D) -> 0 | G69: =SUMIF('OD 01-23'!A:A,A69,'OD 01-23'!E:E) -> 0 | H69: =+D69+F69-E69-G69 -> 0 | I69: =+H69+C69 -> 0
A70: 29286500 | B70: MATERIELS D'EMBALAG. | C70: 0 | D70: 0 | E70: 0 | F70: =SUMIF('OD 01-23'!A:A,A70,'OD 01-23'!D:D) -> 0 | G70: =SUMIF('OD 01-23'!A:A,A70,'OD 01-23'!E:E) -> 0 | H70: =+D70+F70-E70-G70 -> 0 | I70: =+H70+C70 -> 0 | J70: Immobilisations corporelles et incorp.
A71: 29700000 | B71: PROV.P.DEPR.AU.IM.FIN | C71: -29257.385 | D71: 0 | E71: 0 | F71: =SUMIF('OD 01-23'!A:A,A71,'OD 01-23'!D:D) -> 0 | G71: =SUMIF('OD 01-23'!A:A,A71,'OD 01-23'!E:E) -> 0 | H71: =+D71+F71-E71-G71 -> 0 | I71: =+H71+C71 -> -29257.385 | J71: Provision pour dép.Imm Financières
A72: 31100000 | B72: MATIERE PREMIERE | C72: 10125105 | D72: 0 | E72: 10125105 | F72: =SUMIF('OD 01-23'!A:A,A72,'OD 01-23'!D:D) -> 10236707 | G72: =SUMIF('OD 01-23'!A:A,A72,'OD 01-23'!E:E) -> 0 | H72: =+D72+F72-E72-G72 -> 111601.9 | I72: =+H72+C72 -> 10236707 | J72: Stocks
A73: 32200000 | B73: FOURNITURES CONSO. | C73: 583630.65 | D73: 0 | E73: 583630.65 | F73: =SUMIF('OD 01-23'!A:A,A73,'OD 01-23'!D:D) -> 596194.15 | G73: =SUMIF('OD 01-23'!A:A,A73,'OD 01-23'!E:E) -> 0 | H73: =+D73+F73-E73-G73 -> 12563.503 | I73: =+H73+C73 -> 596194.15 | J73: Stocks
A74: 33100000 | B74: PRODUITS EN COURS | C74: 1140754.9 | D74: 0 | E74: 1140754.9 | F74: =SUMIF('OD 01-23'!A:A,A74,'OD 01-23'!D:D) -> 858839.5 | G74: =SUMIF('OD 01-23'!A:A,A74,'OD 01-23'!E:E) -> 0 | H74: =+D74+F74-E74-G74 -> -281915.41 | I74: =+H74+C74 -> 858839.5 | J74: Stocks
A75: 33500000 | B75: TRAVAUX EN COURS | C75: 0 | D75: 0 | E75: 0 | F75: =SUMIF('OD 01-23'!A:A,A75,'OD 01-23'!D:D) -> 0 | G75: =SUMIF('OD 01-23'!A:A,A75,'OD 01-23'!E:E) -> 0 | H75: =+D75+F75-E75-G75 -> 0 | I75: =+H75+C75 -> 0
A76: 34100000 | B76: ETUDES EN COURS | C76: 0 | D76: 0 | E76: 0 | F76: =SUMIF('OD 01-23'!A:A,A76,'OD 01-23'!D:D) -> 0 | G76: =SUMIF('OD 01-23'!A:A,A76,'OD 01-23'!E:E) -> 0 | H76: =+D76+F76-E76-G76 -> 0 | I76: =+H76+C76 -> 0
A77: 35500000 | B77: PRODUITS FINIS | C77: 3851747 | D77: 0 | E77: 3851747 | F77: =SUMIF('OD 01-23'!A:A,A77,'OD 01-23'!D:D) -> 3237104.3 | G77: =SUMIF('OD 01-23'!A:A,A77,'OD 01-23'!E:E) -> 0 | H77: =+D77+F77-E77-G77 -> -614642.75 | I77: =+H77+C77 -> 3237104.3 | J77: Stocks
A78: 39000000 | B78: PROVISIONS P.DEPR.STO | C78: -60168.119 | D78: 0 | E78: 0 | F78: =SUMIF('OD 01-23'!A:A,A78,'OD 01-23'!D:D) -> 0 | G78: =SUMIF('OD 01-23'!A:A,A78,'OD 01-23'!E:E) -> 0 | H78: =+D78+F78-E78-G78 -> 0 | I78: =+H78+C78 -> -60168.119 | J78: Provision sur dépr.stock
A79: 40100000 | B79: FOURNISSEURS LOCAU | C79: -3153624.7 | D79: 3405938.8 | E79: =30807.74+3314900.011 -> 3345707.8 | F79: =SUMIF('OD 01-23'!A:A,A79,'OD 01-23'!D:D) -> 0 | G79: =SUMIF('OD 01-23'!A:A,A79,'OD 01-23'!E:E) -> 4926.35 | H79: =+D79+F79-E79-G79 -> 55304.663 | I79: =+H79+C79 -> -3098320.1 | J79: Fournisseurs & comptes rattachés
A80: 40300000 | B80: FOURNIS.LOC.EFFE.A.P | C80: -474754.26 | D80: 258758.07 | E80: 137420.61 | F80: =SUMIF('OD 01-23'!A:A,A80,'OD 01-23'!D:D) -> 0 | G80: =SUMIF('OD 01-23'!A:A,A80,'OD 01-23'!E:E) -> 0 | H80: =+D80+F80-E80-G80 -> 121337.46 | I80: =+H80+C80 -> -353416.8 | J80: Fournisseurs & comptes rattachés
A81: 40301000 | B81: FOUR.LOC.EFF.A.P.I.GRO | C81: 0 | D81: 0 | E81: 0 | F81: =SUMIF('OD 01-23'!A:A,A81,'OD 01-23'!D:D) -> 0 | G81: =SUMIF('OD 01-23'!A:A,A81,'OD 01-23'!E:E) -> 0 | H81: =+D81+F81-E81-G81 -> 0 | I81: =+H81+C81 -> 0
A82: 40400000 | B82: FOURNIS.D'IMMOBILISA. | C82: 9.999983e-05 | D82: 0 | E82: 0 | F82: =SUMIF('OD 01-23'!A:A,A82,'OD 01-23'!D:D) -> 0 | G82: =SUMIF('OD 01-23'!A:A,A82,'OD 01-23'!E:E) -> 0 | H82: =+D82+F82-E82-G82 -> 0 | I82: =+H82+C82 -> 9.999983e-05
A83: 40470000 | B83: FSSR RETENU DE GARANTIE | C83: 0 | D83: 0 | E83: 0 | F83: =SUMIF('OD 01-23'!A:A,A83,'OD 01-23'!D:D) -> 0 | G83: =SUMIF('OD 01-23'!A:A,A83,'OD 01-23'!E:E) -> 0 | H83: =+D83+F83-E83-G83 -> 0 | I83: =+H83+C83 -> 0
A84: 40600000 | B84: FOURNISSEURS ETRAN. | C84: -2172555.6 | D84: 430676.91 | E84: 518043.97 | F84: =SUMIF('OD 01-23'!A:A,A84,'OD 01-23'!D:D) -> 0 | G84: =SUMIF('OD 01-23'!A:A,A84,'OD 01-23'!E:E) -> 0 | H84: =+D84+F84-E84-G84 -> -87367.059 | I84: =+H84+C84 -> -2259922.7 | J84: Fournisseurs & comptes rattachés
A85: 40800000 | B85: FOUR.FACT.N.PARVENU | C85: -4980 | D85: 0 | E85: 0 | F85: =SUMIF('OD 01-23'!A:A,A85,'OD 01-23'!D:D) -> 0 | G85: =SUMIF('OD 01-23'!A:A,A85,'OD 01-23'!E:E) -> 0 | H85: =+D85+F85-E85-G85 -> 0 | I85: =+H85+C85 -> -4980 | J85: Fournisseurs & comptes rattachés
A86: 40860000 | B86: FOUR.ETR.FACT.N.PAR | C86: 0 | D86: 0 | E86: 0 | F86: =SUMIF('OD 01-23'!A:A,A86,'OD 01-23'!D:D) -> 0 | G86: =SUMIF('OD 01-23'!A:A,A86,'OD 01-23'!E:E) -> 0 | H86: =+D86+F86-E86-G86 -> 0 | I86: =+H86+C86 -> 0
A87: 40910000 | B87: FOURN.AV&ACP.CERS.COM | C87: 0 | D87: 0 | E87: 0 | F87: =SUMIF('OD 01-23'!A:A,A87,'OD 01-23'!D:D) -> 0 | G87: =SUMIF('OD 01-23'!A:A,A87,'OD 01-23'!E:E) -> 0 | H87: =+D87+F87-E87-G87 -> 0 | I87: =+H87+C87 -> 0 | J87: Autres actifs courants
A88: 41100000 | B88: CLIENTS | C88: 11118442 | D88: 4349766.7 | E88: 1984314.2 | F88: =SUMIF('OD 01-23'!A:A,A88,'OD 01-23'!D:D) -> 0 | G88: =SUMIF('OD 01-23'!A:A,A88,'OD 01-23'!E:E) -> 0 | H88: =+D88+F88-E88-G88 -> 2365452.5 | I88: =+H88+C88 -> 13483895 | J88: Clients et comptes rattachés
A89: 41301000 | B89: CLIENTS EFETS A RECEV | C89: 0 | D89: 0 | E89: 0 | F89: =SUMIF('OD 01-23'!A:A,A89,'OD 01-23'!D:D) -> 0 | G89: =SUMIF('OD 01-23'!A:A,A89,'OD 01-23'!E:E) -> 0 | H89: =+D89+F89-E89-G89 -> 0 | I89: =+H89+C89 -> 0
A90: 41500000 | B90: CLIENTS ETRANGERS | C90: 2080023.7 | D90: 611300.69 | E90: 0 | F90: =SUMIF('OD 01-23'!A:A,A90,'OD 01-23'!D:D) -> 0 | G90: =SUMIF('OD 01-23'!A:A,A90,'OD 01-23'!E:E) -> 0 | H90: =+D90+F90-E90-G90 -> 611300.69 | I90: =+H90+C90 -> 2691324.4 | J90: Clients et comptes rattachés
A91: 41601000 | B91: EFFETS IMPAYES | C91: 0 | D91: 0 | E91: 0 | F91: =SUMIF('OD 01-23'!A:A,A91,'OD 01-23'!D:D) -> 0 | G91: =SUMIF('OD 01-23'!A:A,A91,'OD 01-23'!E:E) -> 0 | H91: =+D91+F91-E91-G91 -> 0 | I91: =+H91+C91 -> 0
A92: 41800000 | B92: CLIENTS PROD.N.ENC.F | C92: 0 | D92: 0 | E92: 0 | F92: =SUMIF('OD 01-23'!A:A,A92,'OD 01-23'!D:D) -> 0 | G92: =SUMIF('OD 01-23'!A:A,A92,'OD 01-23'!E:E) -> 0 | H92: =+D92+F92-E92-G92 -> 0 | I92: =+H92+C92 -> 0
A93: 41910000 | B93: CLIE. AV&ACPT.REC.COMM | C93: 0 | D93: 0 | E93: 0 | F93: =SUMIF('OD 01-23'!A:A,A93,'OD 01-23'!D:D) -> 0 | G93: =SUMIF('OD 01-23'!A:A,A93,'OD 01-23'!E:E) -> 0 | H93: =+D93+F93-E93-G93 -> 0 | I93: =+H93+C93 -> 0
A94: 42100000 | B94: PERSON.AVA.ET.ACOMP | C94: 0 | D94: 0 | E94: 0 | F94: =SUMIF('OD 01-23'!A:A,A94,'OD 01-23'!D:D) -> 0 | G94: =SUMIF('OD 01-23'!A:A,A94,'OD 01-23'!E:E) -> 0 | H94: =+D94+F94-E94-G94 -> 0 | I94: =+H94+C94 -> 0
A95: 42110000 | B95: AVANCES AUTOM./ARO | C95: 0 | D95: 0 | E95: 0 | F95: =SUMIF('OD 01-23'!A:A,A95,'OD 01-23'!D:D) -> 0 | G95: =SUMIF('OD 01-23'!A:A,A95,'OD 01-23'!E:E) -> 0 | H95: =+D95+F95-E95-G95 -> 0 | I95: =+H95+C95 -> 0
A96: 42120000 | B96: PRETS SUR SALAIRES | C96: 18991.007 | D96: 0 | E96: 5100 | F96: =SUMIF('OD 01-23'!A:A,A96,'OD 01-23'!D:D) -> 0 | G96: =SUMIF('OD 01-23'!A:A,A96,'OD 01-23'!E:E) -> 0 | H96: =+D96+F96-E96-G96 -> -5100 | I96: =+H96+C96 -> 13891.007 | J96: Autres actifs courants
A97: 42400000 | B97: ASSURANCE GROUPE | C97: 0 | D97: 0 | E97: 0 | F97: =SUMIF('OD 01-23'!A:A,A97,'OD 01-23'!D:D) -> 0 | G97: =SUMIF('OD 01-23'!A:A,A97,'OD 01-23'!E:E) -> 0 | H97: =+D97+F97-E97-G97 -> 0 | I97: =+H97+C97 -> 0
A98: 42500000 | B98: PERS.REMUNERA.DUES | C98: -169680.44 | D98: 167590.13 | E98: 233099.32 | F98: =SUMIF('OD 01-23'!A:A,A98,'OD 01-23'!D:D) -> 0 | G98: =SUMIF('OD 01-23'!A:A,A98,'OD 01-23'!E:E) -> 0 | H98: =+D98+F98-E98-G98 -> -65509.194 | I98: =+H98+C98 -> -235189.63 | J98: Autres passifs courants
A99: 42700000 | B99: OPPOSITIONS | C99: 0 | D99: 0 | E99: 0 | F99: =SUMIF('OD 01-23'!A:A,A99,'OD 01-23'!D:D) -> 0 | G99: =SUMIF('OD 01-23'!A:A,A99,'OD 01-23'!E:E) -> 0 | H99: =+D99+F99-E99-G99 -> 0 | I99: =+H99+C99 -> 0
A100: 42710000 | B100: PRETS CNSS | C100: -913.544 | D100: 913.544 | E100: 1324.635 | F100: =SUMIF('OD 01-23'!A:A,A100,'OD 01-23'!D:D) -> 0 | G100: =SUMIF('OD 01-23'!A:A,A100,'OD 01-23'!E:E) -> 0 | H100: =+D100+F100-E100-G100 -> -411.091 | I100: =+H100+C100 -> -1324.635 | J100: Autres passifs courants
...

Sheet OD 01-24
A1: CompteGen | B1: Libelle | C1: SoldeDebut | D1: Debit | E1: Credit | F1: Variation | G1: SoldeFin
A2: 13000000 | B2: RESULT. DE L'EXERCIC. | C2: -0.0001 | D2: 0 | E2: 0 | F2: 0 | G2: -0.0001
A3: 14508000 | B3: AMORT.DES SUBV.D'INV | C3: 0 | D3: 20282.419 | E3: 0 | F3: 20282.419 | G3: 20282.419
A4: 22825000 | C4: 0.0002 | D4: 0 | E4: 0 | F4: 0 | G4: 0.0002
A5: 28130000 | B5: LOGICIELS | C5: 0.0001 | D5: 0 | E5: 845.58 | F5: -845.58 | G5: -845.5799
A6: 28216000 | B6: AMOR.AGE.&AME.D.TER | C6: 0.0004 | D6: 0 | E6: 231.89 | F6: -231.89 | G6: -231.8896
A7: 28220000 | B7: AMORTISSEMENT/CONS | C7: -0.0002 | D7: 0 | E7: 37813.739 | F7: -37813.739 | G7: -37813.739
A8: 28225000 | B8: AMOR.INS.GEN.AG&A.C | C8: 0.0004 | D8: 0 | E8: 10482.157 | F8: -10482.157 | G8: -10482.157
A9: 28230000 | B9: AMO.INS.TECH.M.OU.IN | C9: 0 | D9: 0 | E9: 2036.497 | F9: -2036.497 | G9: -2036.497
A10: 28231000 | B10: AMORT./INST.TECHNIQ. | C10: 0 | D10: 0 | E10: 74.163 | F10: -74.163 | G10: -74.163
A11: 28234000 | B11: AMORT./MATERIEL IND. | C11: -0.0004 | D11: 0 | E11: 134999.48 | F11: -134999.48 | G11: -134999.48
A12: 28235000 | B12: AMORT./OUTIL.INDUST. | C12: 0 | D12: 0 | E12: 4702.423 | F12: -4702.423 | G12: -4702.423
A13: 28237000 | B13: AMOR./AGC&AMEG.M.O. | C13: -0.0002 | D13: 0 | E13: 1988.929 | F13: -1988.929 | G13: -1988.9292
A14: 28240000 | B14: AMORT.MAT.DE TRANS | C14: -0.0003 | D14: 0 | E14: 14121.329 | F14: -14121.329 | G14: -14121.329
A15: 28282000 | B15: AMOR.EQUIP.DE BURE. | C15: 0.0002 | D15: 0 | E15: 4256.702 | F15: -4256.702 | G15: -4256.7018
A16: 28283000 | B16: AMORT. MAT.INFORMATIQUES | C16: 0.0001 | D16: 0 | E16: 3746.145 | F16: -3746.145 | G16: -3746.1449
... A74: 75600000 | B74: GAINS DE CHANGES | C74: 0 | D74: 0 | E74: 16564.642 | F74: -16564.642 | G74: -16564.642

Sheet BAL 01-24
A2: Compte | B2: Libelle | C2: SoldeDebut | D2: Debit | E2: Crédit | F2: Debit OD | G2: Credit OD | H2: Variation | I2: Solde Fin | J2: Affect° 2024
A3: 10100000 | B3: CAPITAL SOCIAL | C3: -13500000 | D3: 0 | E3: 0 | F3: =SUMIF('OD 01-24'!A:A,A3,'OD 01-24'!D:D) -> 0 | G3: =SUMIF('OD 01-24'!A:A,A3,'OD 01-24'!E:E) -> 0 | H3: =+D3+F3-E3-G3 -> 0 | I3: =+H3+C3 -> -13500000 | J3: Capital social
A4: 11101000 | B4: RESERVES LEGALES | C4: -1200000 | D4: 0 | E4: 0 | F4: =SUMIF('OD 01-24'!A:A,A4,'OD 01-24'!D:D) -> 0 | G4: =SUMIF('OD 01-24'!A:A,A4,'OD 01-24'!E:E) -> 0 | H4: =+D4+F4-E4-G4 -> 0 | I4: =+H4+C4 -> -1200000 | J4: Réserves légales
A5: 12100000 | B5: RESULTAT REPORTES | C5: -22285719 | D5: 0 | E5: 0 | F5: =SUMIF('OD 01-24'!A:A,A5,'OD 01-24'!D:D) -> 0 | G5: =SUMIF('OD 01-24'!A:A,A5,'OD 01-24'!E:E) -> 0 | H5: =+D5+F5-E5-G5 -> 0 | I5: =+H5+C5 -> -22285719 | J5: Résultats reportés
A6: 12200000 | B6: ammortisssemnts differes | C6: 0 | D6: 0 | E6: 0 | F6: =SUMIF('OD 01-24'!A:A,A6,'OD 01-24'!D:D) -> 0 | G6: =SUMIF('OD 01-24'!A:A,A6,'OD 01-24'!E:E) -> 0 | H6: =+D6+F6-E6-G6 -> 0 | I6: =+H6+C6 -> 0
A7: 12800000 | B7: MODI.COM.EFF.RLT.REP | C7: 3126298 | D7: 0 | E7: 0 | F7: =SUMIF('OD 01-24'!A:A,A7,'OD 01-24'!D:D) -> 0 | G7: =SUMIF('OD 01-24'!A:A,A7,'OD 01-24'!E:E) -> 0 | H7: =+D7+F7-E7-G7 -> 0 | I7: =+H7+C7 -> 3126298 | J7: Modification comptable
A8: 13000000 | B8: RESULT. DE L'EXERCIC. | C8: 0 | D8: 0 | E8: 0 | F8: =SUMIF('OD 01-24'!A:A,A8,'OD 01-24'!D:D) -> 0 | G8: =SUMIF('OD 01-24'!A:A,A8,'OD 01-24'!E:E) -> 0 | H8: =+D8+F8-E8-G8 -> 0 | I8: =+H8+C8 -> 0
A9: 14500000 | B9: SUBVENTIONS D'INVES. | C9: -3479108.8 | D9: 0 | E9: 0 | F9: =SUMIF('OD 01-24'!A:A,A9,'OD 01-24'!D:D) -> 0 | G9: =SUMIF('OD 01-24'!A:A,A9,'OD 01-24'!E:E) -> 0 | H9: =+D9+F9-E9-G9 -> 0 | I9: =+H9+C9 -> -3479108.8 | J9: Subvention d'investissement
A10: 14508000 | B10: AMORT.DES SUBV.D'INV | C10: 2662861.8 | D10: 0 | E10: 0 | F10: =SUMIF('OD 01-24'!A:A,A10,'OD 01-24'!D:D) -> 20282.419 | G10: =SUMIF('OD 01-24'!A:A,A10,'OD 01-24'!E:E) -> 0 | H10: =+D10+F10-E10-G10 -> 20282.419 | I10: =+H10+C10 -> 2683144.2 | J10: Amortissement subvention d'investissement
A11: 15100000 | B11: PROVI.POUR RISQUES | C11: -231535.02 | D11: 0 | E11: 0 | F11: =SUMIF('OD 01-24'!A:A,A11,'OD 01-24'!D:D) -> 0 | G11: =SUMIF('OD 01-24'!A:A,A11,'OD 01-24'!E:E) -> 0 | H11: =+D11+F11-E11-G11 -> 0 | I11: =+H11+C11 -> -231535.02 | J11: Provision pour risque et charges
A12: 16210250 | B12: CREDIT STUSID | C12: 0 | D12: 0 | E12: 0 | F12: =SUMIF('OD 01-24'!A:A,A12,'OD 01-24'!D:D) -> 0 | G12: =SUMIF('OD 01-24'!A:A,A12,'OD 01-24'!E:E) -> 0 | H12: =+D12+F12-E12-G12 -> 0 | I12: =+H12+C12 -> 0
A13: 16210500 | B13: CREDITS STB | C13: -2041666.7 | D13: 0 | E13: 0 | F13: =SUMIF('OD 01-24'!A:A,A13,'OD 01-24'!D:D) -> 0 | G13: =SUMIF('OD 01-24'!A:A,A13,'OD 01-24'!E:E) -> 0 | H13: =+D13+F13-E13-G13 -> 0 | I13: =+H13+C13 -> -2041666.7 | J13: Emprunts
A14: 16210960 | B14: CREDITS B.T.K.D | C14: 0 | D14: 0 | E14: 0 | F14: =SUMIF('OD 01-24'!A:A,A14,'OD 01-24'!D:D) -> 0 | G14: =SUMIF('OD 01-24'!A:A,A14,'OD 01-24'!E:E) -> 0 | H14: =+D14+F14-E14-G14 -> 0 | I14: =+H14+C14 -> 0
A15: 16400000 | B15: EMPT.DET.AS.COND.PA. | C15: -103582.69 | D15: 0 | E15: 0 | F15: =SUMIF('OD 01-24'!A:A,A15,'OD 01-24'!D:D) -> 0 | G15: =SUMIF('OD 01-24'!A:A,A15,'OD 01-24'!E:E) -> 0 | H15: =+D15+F15-E15-G15 -> 0 | I15: =+H15+C15 -> -103582.69 | J15: Emprunts
A16: 18800000 | B16: AUTRES | C16: 0 | D16: 0 | E16: 0 | F16: =SUMIF('OD 01-24'!A:A,A16,'OD 01-24'!D:D) -> 0 | G16: =SUMIF('OD 01-24'!A:A,A16,'OD 01-24'!E:E) -> 0 | H16: =+D16+F16-E16-G16 -> 0 | I16: =+H16+C16 -> 0
A17: 21100000 | B17: INVEST.DE RECH.ET DE | C17: 0 | D17: 0 | E17: 0 | F17: =SUMIF('OD 01-24'!A:A,A17,'OD 01-24'!D:D) -> 0 | G17: =SUMIF('OD 01-24'!A:A,A17,'OD 01-24'!E:E) -> 0 | H17: =+D17+F17-E17-G17 -> 0 | I17: =+H17+C17 -> 0
A18: 21300000 | B18: LOGICIELS | C18: 93173.927 | D18: 0 | E18: 0 | F18: =SUMIF('OD 01-24'!A:A,A18,'OD 01-24'!D:D) -> 0 | G18: =SUMIF('OD 01-24'!A:A,A18,'OD 01-24'!E:E) -> 0 | H18: =+D18+F18-E18-G18 -> 0 | I18: =+H18+C18 -> 93173.927 | J18: Immobilisations corporelles et incorp.
A19: 22000000 | B19: IMMOBIL.CORPORELLES | C19: 0 | D19: 0 | E19: 0 | F19: =SUMIF('OD 01-24'!A:A,A19,'OD 01-24'!D:D) -> 0 | G19: =SUMIF('OD 01-24'!A:A,A19,'OD 01-24'!E:E) -> 0 | H19: =+D19+F19-E19-G19 -> 0 | I19: =+H19+C19 -> 0
A20: 22100000 | B20: TERRAINS | C20: 1275724 | D20: 0 | E20: 0 | F20: =SUMIF('OD 01-24'!A:A,A20,'OD 01-24'!D:D) -> 0 | G20: =SUMIF('OD 01-24'!A:A,A20,'OD 01-24'!E:E) -> 0 | H20: =+D20+F20-E20-G20 -> 0 | I20: =+H20+C20 -> 1275724 | J20: Immobilisations corporelles et incorp.
A21: 22160000 | B21: AGEN.AMENAG.D.TERAI | C21: 161921.54 | D21: 0 | E21: 0 | F21: =SUMIF('OD 01-24'!A:A,A21,'OD 01-24'!D:D) -> 0 | G21: =SUMIF('OD 01-24'!A:A,A21,'OD 01-24'!E:E) -> 0 | H21: =+D21+F21-E21-G21 -> 0 | I21: =+H21+C21 -> 161921.54 | J21: Immobilisations corporelles et incorp.
A22: 22200000 | B22: CONSTURCTIONS | C22: 9174898.7 | D22: 0 | E22: 0 | F22: =SUMIF('OD 01-24'!A:A,A22,'OD 01-24'!D:D) -> 0 | G22: =SUMIF('OD 01-24'!A:A,A22,'OD 01-24'!E:E) -> 0 | H22: =+D22+F22-E22-G22 -> 0 | I22: =+H22+C22 -> 9174898.7 | J22: Immobilisations corporelles et incorp.
A23: 22250000 | B23: INSTAL.GL.AGE.AM.CON | C23: 696674.06 | D23: 6883.354 | E23: 0 | F23: =SUMIF('OD 01-24'!A:A,A23,'OD 01-24'!D:D) -> 0 | G23: =SUMIF('OD 01-24'!A:A,A23,'OD 01-24'!E:E) -> 0 | H23: =+D23+F23-E23-G23 -> 6883.354 | I23: =+H23+C23 -> 703557.41 | J23: Immobilisations corporelles et incorp.
A24: 22300000 | B24: INST.TECH.MAT&OUT.IN | C24: 73570.611 | D24: 2800 | E24: 0 | F24: =SUMIF('OD 01-24'!A:A,A24,'OD 01-24'!D:D) -> 0 | G24: =SUMIF('OD 01-24'!A:A,A24,'OD 01-24'!E:E) -> 0 | H24: =+D24+F24-E24-G24 -> 2800 | I24: =+H24+C24 -> 76370.611 | J24: Immobilisations corporelles et incorp.
A25: 22310000 | B25: INSTALLATIONS TECHN | C25: 0 | D25: 2210.924 | E25: 0 | F25: =SUMIF('OD 01-24'!A:A,A25,'OD 01-24'!D:D) -> 0 | G25: =SUMIF('OD 01-24'!A:A,A25,'OD 01-24'!E:E) -> 0 | H25: =+D25+F25-E25-G25 -> 2210.924 | I25: =+H25+C25 -> 2210.924 | J25: Immobilisations corporelles et incorp.
A26: 22340000 | B26: MATERIEL INDUSTRIEL | C26: 24676097 | D26: 20255.85 | E26: 0 | F26: =SUMIF('OD 01-24'!A:A,A26,'OD 01-24'!D:D) -> 0 | G26: =SUMIF('OD 01-24'!A:A,A26,'OD 01-24'!E:E) -> 0 | H26: =+D26+F26-E26-G26 -> 20255.85 | I26: =+H26+C26 -> 24696353 | J26: Immobilisations corporelles et incorp.
A27: 22350000 | B27: OUTILLAGE INDUSTRIEL | C27: 651798.13 | D27: 2690 | E27: 0 | F27: =SUMIF('OD 01-24'!A:A,A27,'OD 01-24'!D:D) -> 0 | G27: =SUMIF('OD 01-24'!A:A,A27,'OD 01-24'!E:E) -> 0 | H27: =+D27+F27-E27-G27 -> 2690 | I27: =+H27+C27 -> 654488.13 | J27: Immobilisations corporelles et incorp.
A28: 22370000 | B28: AGEN.AME.MAT.OUT.IN | C28: 901593.21 | D28: 0 | E28: 0 | F28: =SUMIF('OD 01-24'!A:A,A28,'OD 01-24'!D:D) -> 0 | G28: =SUMIF('OD 01-24'!A:A,A28,'OD 01-24'!E:E) -> 0 | H28: =+D28+F28-E28-G28 -> 0 | I28: =+H28+C28 -> 901593.21 | J28: Immobilisations corporelles et incorp.
A29: 22400000 | B29: MATERIEL DE TRANSPORT | C29: 1176312.6 | D29: 4117.5 | E29: 0 | F29: =SUMIF('OD 01-24'!A:A,A29,'OD 01-24'!D:D) -> 0 | G29: =SUMIF('OD 01-24'!A:A,A29,'OD 01-24'!E:E) -> 0 | H29: =+D29+F29-E29-G29 -> 4117.5 | I29: =+H29+C29 -> 1180430.1 | J29: Immobilisations corporelles et incorp.
A30: 22810000 | B30: INSTAL.GLES.AG.AM.DI | C30: 0 | D30: 0 | E30: 0 | F30: =SUMIF('OD 01-24'!A:A,A30,'OD 01-24'!D:D) -> 0 | G30: =SUMIF('OD 01-24'!A:A,A30,'OD 01-24'!E:E) -> 0 | H30: =+D30+F30-E30-G30 -> 0 | I30: =+H30+C30 -> 0
A31: 22820000 | B31: EQUIPEMENTS DE BURE. | C31: 281171.26 | D31: 12517.12 | E31: 0 | F31: =SUMIF('OD 01-24'!A:A,A31,'OD 01-24'!D:D) -> 0 | G31: =SUMIF('OD 01-24'!A:A,A31,'OD 01-24'!E:E) -> 0 | H31: =+D31+F31-E31-G31 -> 12517.12 | I31: =+H31+C31 -> 293688.38 | J31: Immobilisations corporelles et incorp.
A32: 22830000 | B32: MATERIELS INFORMATIQUES | C32: 243796.17 | D32: 0 | E32: 0 | F32: =SUMIF('OD 01-24'!A:A,A32,'OD 01-24'!D:D) -> 0 | G32: =SUMIF('OD 01-24'!A:A,A32,'OD 01-24'!E:E) -> 0 | H32: =+D32+F32-E32-G32 -> 0 | I32: =+H32+C32 -> 243796.17 | J32: Immobilisations corporelles et incorp.
A33: 23000000 | B33: IMMOBILISATION EN CO | C33: 2e-05 | D33: 0 | E33: 0 | F33: =SUMIF('OD 01-24'!A:A,A33,'OD 01-24'!D:D) -> 0 | G33: =SUMIF('OD 01-24'!A:A,A33,'OD 01-24'!E:E) -> 0 | H33: =+D33+F33-E33-G33 -> 0 | I33: =+H33+C33 -> 2e-05
A34: 23200000 | B34: IMMO.COR.EN COURS | C34: 404721.24 | D34: 0 | E34: 0 | F34: =SUMIF('OD 01-24'!A:A,A34,'OD 01-24'!D:D) -> 0 | G34: =SUMIF('OD 01-24'!A:A,A34,'OD 01-24'!E:E) -> 0 | H34: =+D34+F34-E34-G34 -> 0 | I34: =+H34+C34 -> 404721.24 | J34: Immobilisations corporelles et incorp.
A35: 23220000 | B35: CONSTRUC.EN COURS | C35: 0 | D35: 0 | E35: 0 | F35: =SUMIF('OD 01-24'!A:A,A35,'OD 01-24'!D:D) -> 0 | G35: =SUMIF('OD 01-24'!A:A,A35,'OD 01-24'!E:E) -> 0 | H35: =+D35+F35-E35-G35 -> 0 | I35: =+H35+C35 -> 0 | J35: Immobilisations corporelles et incorp.
A36: 23225000 | B36: INST.GEN.A.A.CONS.CO | C36: 0 | D36: 0 | E36: 0 | F36: =SUMIF('OD 01-24'!A:A,A36,'OD 01-24'!D:D) -> 0 | G36: =SUMIF('OD 01-24'!A:A,A36,'OD 01-24'!E:E) -> 0 | H36: =+D36+F36-E36-G36 -> 0 | I36: =+H36+C36 -> 0
A37: 23231000 | B37: INST.TECHNIQ.EN COU | C37: 0 | D37: 0 | E37: 0 | F37: =SUMIF('OD 01-24'!A:A,A37,'OD 01-24'!D:D) -> 0 | G37: =SUMIF('OD 01-24'!A:A,A37,'OD 01-24'!E:E) -> 0 | H37: =+D37+F37-E37-G37 -> 0 | I37: =+H37+C37 -> 0
A38: 23237000 | B38: A.A MAT&OUT.IND.EN C | C38: 0 | D38: 0 | E38: 0 | F38: =SUMIF('OD 01-24'!A:A,A38,'OD 01-24'!D:D) -> 0 | G38: =SUMIF('OD 01-24'!A:A,A38,'OD 01-24'!E:E) -> 0 | H38: =+D38+F38-E38-G38 -> 0 | I38: =+H38+C38 -> 0
A39: 23250000 | B39: Plantations en cours | C39: 0 | D39: 0 | E39: 0 | F39: =SUMIF('OD 01-24'!A:A,A39,'OD 01-24'!D:D) -> 0 | G39: =SUMIF('OD 01-24'!A:A,A39,'OD 01-24'!E:E) -> 0 | H39: =+D39+F39-E39-G39 -> 0 | I39: =+H39+C39 -> 0
A40: 23800000 | B40: AVC&ACP/COM IMM.INC | C40: 0 | D40: 0 | E40: 0 | F40: =SUMIF('OD 01-24'!A:A,A40,'OD 01-24'!D:D) -> 0 | G40: =SUMIF('OD 01-24'!A:A,A40,'OD 01-24'!E:E) -> 0 | H40: =+D40+F40-E40-G40 -> 0 | I40: =+H40+C40 -> 0
A41: 24000000 | B41: IMMOB.A STAT.JUR.PAR | C41: 770033.76 | D41: 0 | E41: 0 | F41: =SUMIF('OD 01-24'!A:A,A41,'OD 01-24'!D:D) -> 0 | G41: =SUMIF('OD 01-24'!A:A,A41,'OD 01-24'!E:E) -> 0 | H41: =+D41+F41-E41-G41 -> 0 | I41: =+H41+C41 -> 770033.76 | J41: Immobilisations corporelles et incorp.
A42: 25100000 | B42: TITRES DE PARTICIPAT. | C42: 0 | D42: 0 | E42: 0 | F42: =SUMIF('OD 01-24'!A:A,A42,'OD 01-24'!D:D) -> 0 | G42: =SUMIF('OD 01-24'!A:A,A42,'OD 01-24'!E:E) -> 0 | H42: =+D42+F42-E42-G42 -> 0 | I42: =+H42+C42 -> 0
A43: 25110000 | B43: TITRES DE PARTICIPAT.SND | C43: 266820 | D43: 0 | E43: 0 | F43: =SUMIF('OD 01-24'!A:A,A43,'OD 01-24'!D:D) -> 0 | G43: =SUMIF('OD 01-24'!A:A,A43,'OD 01-24'!E:E) -> 0 | H43: =+D43+F43-E43-G43 -> 0 | I43: =+H43+C43 -> 266820 | J43: Titres de Participation
A44: 25120000 | B44: TITRES DE PARTICIPAT.NHB | C44: 512700 | D44: 0 | E44: 0 | F44: =SUMIF('OD 01-24'!A:A,A44,'OD 01-24'!D:D) -> 0 | G44: =SUMIF('OD 01-24'!A:A,A44,'OD 01-24'!E:E) -> 0 | H44: =+D44+F44-E44-G44 -> 0 | I44: =+H44+C44 -> 512700 | J44: Titres de Participation
A45: 25130000 | B45: TITRES DE PARTICIP. TIP | C45: 677000 | D45: 0 | E45: 0 | F45: =SUMIF('OD 01-24'!A:A,A45,'OD 01-24'!D:D) -> 0 | G45: =SUMIF('OD 01-24'!A:A,A45,'OD 01-24'!E:E) -> 0 | H45: =+D45+F45-E45-G45 -> 0 | I45: =+H45+C45 -> 677000 | J45: Titres de Participation
A46: 25140000 | B46: TITRES PARTICIPATION SNR | C46: 3150000 | D46: 0 | E46: 0 | F46: =SUMIF('OD 01-24'!A:A,A46,'OD 01-24'!D:D) -> 0 | G46: =SUMIF('OD 01-24'!A:A,A46,'OD 01-24'!E:E) -> 0 | H46: =+D46+F46-E46-G46 -> 0 | I46: =+H46+C46 -> 3150000 | J46: Titres de Participation
A47: 25150000 | B47: TITRES PARTICIPATION AKU | C47: 319680 | D47: 0 | E47: 0 | F47: =SUMIF('OD 01-24'!A:A,A47,'OD 01-24'!D:D) -> 0 | G47: =SUMIF('OD 01-24'!A:A,A47,'OD 01-24'!E:E) -> 0 | H47: =+D47+F47-E47-G47 -> 0 | I47: =+H47+C47 -> 319680 | J47: Titres de Participation
A48: 25700000 | B48: CREAN.RAT.A DES PAR | C48: 0 | D48: 0 | E48: 0 | F48: =SUMIF('OD 01-24'!A:A,A48,'OD 01-24'!D:D) -> 0 | G48: =SUMIF('OD 01-24'!A:A,A48,'OD 01-24'!E:E) -> 0 | H48: =+D48+F48-E48-G48 -> 0 | I48: =+H48+C48 -> 0 | J48: Titres de Participation
A49: 25810000 | B49: AVANCE SUR PARTICIPATION | C49: 0 | D49: 0 | E49: 0 | F49: =SUMIF('OD 01-24'!A:A,A49,'OD 01-24'!D:D) -> 0 | G49: =SUMIF('OD 01-24'!A:A,A49,'OD 01-24'!E:E) -> 0 | H49: =+D49+F49-E49-G49 -> 0 | I49: =+H49+C49 -> 0
A50: 26400000 | B50: PRETS | C50: 0 | D50: 0 | E50: 0 | F50: =SUMIF('OD 01-24'!A:A,A50,'OD 01-24'!D:D) -> 0 | G50: =SUMIF('OD 01-24'!A:A,A50,'OD 01-24'!E:E) -> 0 | H50: =+D50+F50-E50-G50 -> 0 | I50: =+H50+C50 -> 0
A51: 26430000 | B51: PRETS AU PERSONNEL | C51: 0 | D51: 0 | E51: 0 | F51: =SUMIF('OD 01-24'!A:A,A51,'OD 01-24'!D:D) -> 0 | G51: =SUMIF('OD 01-24'!A:A,A51,'OD 01-24'!E:E) -> 0 | H51: =+D51+F51-E51-G51 -> 0 | I51: =+H51+C51 -> 0
A52: 26500000 | B52: DEPOTS ET CAUT.VERS | C52: -15159.016 | D52: 0 | E52: 0 | F52: =SUMIF('OD 01-24'!A:A,A52,'OD 01-24'!D:D) -> 0 | G52: =SUMIF('OD 01-24'!A:A,A52,'OD 01-24'!E:E) -> 0 | H52: =+D52+F52-E52-G52 -> 0 | I52: =+H52+C52 -> -15159.016 | J52: Dépôts et cautionnements
A53: 26510000 | B53: DEPOTS | C53: 0 | D53: 0 | E53: 0 | F53: =SUMIF('OD 01-24'!A:A,A53,'OD 01-24'!D:D) -> 0 | G53: =SUMIF('OD 01-24'!A:A,A53,'OD 01-24'!E:E) -> 0 | H53: =+D53+F53-E53-G53 -> 0 | I53: =+H53+C53 -> 0
A54: 26550000 | B54: CAUTIONNEMENTS | C54: 0 | D54: 0 | E54: 0 | F54: =SUMIF('OD 01-24'!A:A,A54,'OD 01-24'!D:D) -> 0 | G54: =SUMIF('OD 01-24'!A:A,A54,'OD 01-24'!E:E) -> 0 | H54: =+D54+F54-E54-G54 -> 0 | I54: =+H54+C54 -> 0
A55: 26580000 | B55: AUTRES | C55: 5771.2 | D55: 0 | E55: 0 | F55: 0 | G55: =SUMIF('OD 01-24'!A:A,A55,'OD 01-24'!E:E) -> 0 | H55: =+D55+F55-E55-G55 -> 0 | I55: =+H55+C55 -> 5771.2 | J55: Dépôts et cautionnements
A56: 27100000 | B56: FRAIS PRELIMINAIRES | C56: 0 | D56: 0 | E56: 0 | F56: =SUMIF('OD 01-24'!A:A,A56,'OD 01-24'!D:D) -> 0 | G56: =SUMIF('OD 01-24'!A:A,A56,'OD 01-24'!E:E) -> 0 | H56: =+D56+F56-E56-G56 -> 0 | I56: =+H56+C56 -> 0
A57: 28100000 | B57: AMORT.DES IMM.INCOR | C57: 0 | D57: 0 | E57: 0 | F57: =SUMIF('OD 01-24'!A:A,A57,'OD 01-24'!D:D) -> 0 | G57: =SUMIF('OD 01-24'!A:A,A57,'OD 01-24'!E:E) -> 0 | H57: =+D57+F57-E57-G57 -> 0 | I57: =+H57+C57 -> 0
A58: 28110000 | B58: INVEST.DE RECH&DEVE | C58: 0 | D58: 0 | E58: 0 | F58: =SUMIF('OD 01-24'!A:A,A58,'OD 01-24'!D:D) -> 0 | G58: =SUMIF('OD 01-24'!A:A,A58,'OD 01-24'!E:E) -> 0 | H58: =+D58+F58-E58-G58 -> 0 | I58: =+H58+C58 -> 0
A59: 28130000 | B59: LOGICIELS | C59: -75004.896 | D59: 0 | E59: 0 | F59: =SUMIF('OD 01-24'!A:A,A59,'OD 01-24'!D:D) -> 0 | G59: =SUMIF('OD 01-24'!A:A,A59,'OD 01-24'!E:E) -> 845.58 | H59: =+D59+F59-E59-G59 -> -845.58 | I59: =+H59+C59 -> -75850.476 | J59: Amortissement des immobilisations corporelles et incorp.
A60: 28216000 | B60: AMOR.AGE.&AME.D.TER | C60: -148352.71 | D60: 0 | E60: 0 | F60: =SUMIF('OD 01-24'!A:A,A60,'OD 01-24'!D:D) -> 0 | G60: =SUMIF('OD 01-24'!A:A,A60,'OD 01-24'!E:E) -> 231.89 | H60: =+D60+F60-E60-G60 -> -231.89 | I60: =+H60+C60 -> -148584.6 | J60: Amortissement des immobilisations corporelles et incorp.
A61: 28220000 | B61: AMORTISSEMENT/CONS | C61: -3729152.5 | D61: 0 | E61: 0 | F61: =SUMIF('OD 01-24'!A:A,A61,'OD 01-24'!D:D) -> 0 | G61: =SUMIF('OD 01-24'!A:A,A61,'OD 01-24'!E:E) -> 37813.739 | H61: =+D61+F61-E61-G61 -> -37813.739 | I61: =+H61+C61 -> -3766966.3 | J61: Amortissement des immobilisations corporelles et incorp.
A62: 28225000 | B62: AMOR.INS.GEN.AG&A.C | C62: -271826.14 | D62: 0 | E62: 0 | F62: =SUMIF('OD 01-24'!A:A,A62,'OD 01-24'!D:D) -> 0 | G62: =SUMIF('OD 01-24'!A:A,A62,'OD 01-24'!E:E) -> 10482.157 | H62: =+D62+F62-E62-G62 -> -10482.157 | I62: =+H62+C62 -> -282308.3 | J62: Amortissement des immobilisations corporelles et incorp.
A63: 28230000 | B63: AMO.INS.TECH.M.OU.IN | C63: -43130.395 | D63: 0 | E63: 0 | F63: =SUMIF('OD 01-24'!A:A,A63,'OD 01-24'!D:D) -> 0 | G63: =SUMIF('OD 01-24'!A:A,A63,'OD 01-24'!E:E) -> 2036.497 | H63: =+D63+F63-E63-G63 -> -2036.497 | I63: =+H63+C63 -> -45166.892 | J63: Amortissement des immobilisations corporelles et incorp.
A64: 28231000 | B64: AMORT./INST.TECHNIQ. | C64: 0 | D64: 0 | E64: 0 | F64: =SUMIF('OD 01-24'!A:A,A64,'OD 01-24'!D:D) -> 0 | G64: =SUMIF('OD 01-24'!A:A,A64,'OD 01-24'!E:E) -> 74.163 | H64: =+D64+F64-E64-G64 -> -74.163 | I64: =+H64+C64 -> -74.163 | J64: Amortissement des immobilisations corporelles et incorp.
A65: 28234000 | B65: AMORT./MATERIEL IND. | C65: -15867227 | D65: 0 | E65: 0 | F65: =SUMIF('OD 01-24'!A:A,A65,'OD 01-24'!D:D) -> 0 | G65: =SUMIF('OD 01-24'!A:A,A65,'OD 01-24'!E:E) -> 134999.48 | H65: =+D65+F65-E65-G65 -> -134999.48 | I65: =+H65+C65 -> -16002226 | J65: Amortissement des immobilisations corporelles et incorp.
A66: 28235000 | B66: AMORT./OUTIL.INDUST. | C66: -355370.77 | D66: 0 | E66: 0 | F66: =SUMIF('OD 01-24'!A:A,A66,'OD 01-24'!D:D) -> 0 | G66: =SUMIF('OD 01-24'!A:A,A66,'OD 01-24'!E:E) -> 4702.423 | H66: =+D66+F66-E66-G66 -> -4702.423 | I66: =+H66+C66 -> -360073.19 | J66: Amortissement des immobilisations corporelles et incorp.
A67: 28237000 | B67: AMOR./AGC&AMEG.M.O. | C67: -756166.85 | D67: 0 | E67: 0 | F67: =SUMIF('OD 01-24'!A:A,A67,'OD 01-24'!D:D) -> 0 | G67: =SUMIF('OD 01-24'!A:A,A67,'OD 01-24'!E:E) -> 1988.929 | H67: =+D67+F67-E67-G67 -> -1988.929 | I67: =+H67+C67 -> -758155.78 | J67: Amortissement des immobilisations corporelles et incorp.
A68: 28240000 | B68: AMORT.MAT.DE TRANS | C68: -641382.64 | D68: 0 | E68: 0 | F68: =SUMIF('OD 01-24'!A:A,A68,'OD 01-24'!D:D) -> 0 | G68: =SUMIF('OD 01-24'!A:A,A68,'OD 01-24'!E:E) -> 14121.329 | H68: =+D68+F68-E68-G68 -> -14121.329 | I68: =+H68+C68 -> -655503.97 | J68: Amortissement des immobilisations corporelles et incorp.
A69: 28282000 | B69: AMOR.EQUIP.DE BURE. | C69: -227110.93 | D69: 0 | E69: 0 | F69: =SUMIF('OD 01-24'!A:A,A69,'OD 01-24'!D:D) -> 0 | G69: =SUMIF('OD 01-24'!A:A,A69,'OD 01-24'!E:E) -> 4256.702 | H69: =+D69+F69-E69-G69 -> -4256.702 | I69: =+H69+C69 -> -231367.63 | J69: Amortissement des immobilisations corporelles et incorp.
A70: 28283000 | B70: AMORT. MAT.INFORMATIQUES | C70: -129025.64 | D70: 0 | E70: 0 | F70: =SUMIF('OD 01-24'!A:A,A70,'OD 01-24'!D:D) -> 0 | G70: =SUMIF('OD 01-24'!A:A,A70,'OD 01-24'!E:E) -> 3746.145 | H70: =+D70+F70-E70-G70 -> -3746.145 | I70: =+H70+C70 -> -132771.78 | J70: Amortissement des immobilisations corporelles et incorp.
A71: 28400000 | B71: Amort.immob.carc.jur.par | C71: -480076.73 | D71: 0 | E71: 0 | F71: =SUMIF('OD 01-24'!A:A,A71,'OD 01-24'!D:D) -> 0 | G71: =SUMIF('OD 01-24'!A:A,A71,'OD 01-24'!E:E) -> 6357.369 | H71: =+D71+F71-E71-G71 -> -6357.369 | I71: =+H71+C71 -> -486434.09 | J71: Amortissement des immobilisations corporelles et incorp.
A72: 29220000 | B72: CONSTRUCTIONS | C72: 0 | D72: 0 | E72: 0 | F72: =SUMIF('OD 01-24'!A:A,A72,'OD 01-24'!D:D) -> 0 | G72: =SUMIF('OD 01-24'!A:A,A72,'OD 01-24'!E:E) -> 0 | H72: =+D72+F72-E72-G72 -> 0 | I72: =+H72+C72 -> 0
A73: 29234000 | B73: PROV/MAT.INDUTRIEL | C73: -223876.88 | D73: 0 | E73: 0 | F73: 0 | G73: =SUMIF('OD 01-24'!A:A,A73,'OD 01-24'!E:E) -> 0 | H73: =+D73+F73-E73-G73 -> 0 | I73: =+H73+C73 -> -223876.88 | J73: Provision pour dép.Imm corporelles et incorp.
A74: 29235000 | B74: PROV/OUTILLAGE INDUSTR | C74: -8171.429 | D74: 0 | E74: 0 | F74: 0 | G74: =SUMIF('OD 01-24'!A:A,A74,'OD 01-24'!E:E) -> 0 | H74: =+D74+F74-E74-G74 -> 0 | I74: =+H74+C74 -> -8171.429 | J74: Provision pour dép.Imm corporelles et incorp.
A75: 29282000 | B75: EQUIPEMENT DE BURE. | C75: 0 | D75: 0 | E75: 0 | F75: =SUMIF('OD 01-24'!A:A,A75,'OD 01-24'!D:D) -> 0 | G75: =SUMIF('OD 01-24'!A:A,A75,'OD 01-24'!E:E) -> 0 | H75: =+D75+F75-E75-G75 -> 0 | I75: =+H75+C75 -> 0
A76: 29286500 | B76: MATERIELS D'EMBALAG. | C76: 0 | D76: 0 | E76: 0 | F76: =SUMIF('OD 01-24'!A:A,A76,'OD 01-24'!D:D) -> 0 | G76: =SUMIF('OD 01-24'!A:A,A76,'OD 01-24'!E:E) -> 0 | H76: =+D76+F76-E76-G76 -> 0 | I76: =+H76+C76 -> 0 | J76: Immobilisations corporelles et incorp.
A77: 29700000 | B77: PROV.P.DEPR.AU.IM.FIN | C77: -29257.385 | D77: 0 | E77: 0 | F77: =SUMIF('OD 01-24'!A:A,A77,'OD 01-24'!D:D) -> 0 | G77: =SUMIF('OD 01-24'!A:A,A77,'OD 01-24'!E:E) -> 0 | H77: =+D77+F77-E77-G77 -> 0 | I77: =+H77+C77 -> -29257.385 | J77: Provision pour dép.Imm Financières
A78: 31100000 | B78: MATIERE PREMIERE | C78: 9520075 | D78: 0 | E78: 0 | F78: =SUMIF('OD 01-24'!A:A,A78,'OD 01-24'!D:D) -> 9671178.3 | G78: =SUMIF('OD 01-24'!A:A,A78,'OD 01-24'!E:E) -> 9520075 | H78: =+D78+F78-E78-G78 -> 151103.23 | I78: =+H78+C78 -> 9671178.3 | J78: Stocks
A79: 31200000 | B79: STOCK EN TRANSIT | C79: 1037112.4 | D79: 0 | E79: 0 | F79: =SUMIF('OD 01-24'!A:A,A79,'OD 01-24'!D:D) -> 0 | G79: =SUMIF('OD 01-24'!A:A,A79,'OD 01-24'!E:E) -> 1037112.4 | H79: =+D79+F79-E79-G79 -> -1037112.4 | I79: =+H79+C79 -> 0 | J79: Stocks
A80: 32200000 | B80: FOURNITURES CONSO. | C80: 662156.43 | D80: 0 | E80: 0 | F80: =SUMIF('OD 01-24'!A:A,A80,'OD 01-24'!D:D) -> 694061.89 | G80: =SUMIF('OD 01-24'!A:A,A80,'OD 01-24'!E:E) -> 662156.43 | H80: =+D80+F80-E80-G80 -> 31905.459 | I80: =+H80+C80 -> 694061.89 | J80: Stocks
A81: 33100000 | B81: PRODUITS EN COURS | C81: 3435380.3 | D81: 0 | E81: 0 | F81: =SUMIF('OD 01-24'!A:A,A81,'OD 01-24'!D:D) -> 3539578.2 | G81: =SUMIF('OD 01-24'!A:A,A81,'OD 01-24'!E:E) -> 3435380.3 | H81: =+D81+F81-E81-G81 -> 104197.95 | I81: =+H81+C81 -> 3539578.2 | J81: Stocks
A82: 33500000 | B82: TRAVAUX EN COURS | C82: 0 | D82: 0 | E82: 0 | F82: =SUMIF('OD 01-24'!A:A,A82,'OD 01-24'!D:D) -> 0 | G82: =SUMIF('OD 01-24'!A:A,A82,'OD 01-24'!E:E) -> 0 | H82: =+D82+F82-E82-G82 -> 0 | I82: =+H82+C82 -> 0
A83: 34100000 | B83: ETUDES EN COURS | C83: 0 | D83: 0 | E83: 0 | F83: =SUMIF('OD 01-24'!A:A,A83,'OD 01-24'!D:D) -> 0 | G83: =SUMIF('OD 01-24'!A:A,A83,'OD 01-24'!E:E) -> 0 | H83: =+D83+F83-E83-G83 -> 0 | I83: =+H83+C83 -> 0
A84: 35500000 | B84: PRODUITS FINIS | C84: 1674504 | D84: 0 | E84: 0 | F84: =SUMIF('OD 01-24'!A:A,A84,'OD 01-24'!D:D) -> 1579856.8 | G84: =SUMIF('OD 01-24'!A:A,A84,'OD 01-24'!E:E) -> 1674504 | H84: =+D84+F84-E84-G84 -> -94647.266 | I84: =+H84+C84 -> 1579856.8 | J84: Stocks
A85: 39000000 | B85: PROVISIONS P.DEPR.STO | C85: -208158.11 | D85: 0 | E85: 0 | F85: =SUMIF('OD 01-24'!A:A,A85,'OD 01-24'!D:D) -> 0 | G85: =SUMIF('OD 01-24'!A:A,A85,'OD 01-24'!E:E) -> 0 | H85: =+D85+F85-E85-G85 -> 0 | I85: =+H85+C85 -> -208158.11 | J85: Provision sur dépr.stock
A86: 40100000 | B86: FOURNISSEURS LOCAU | C86: -2754058.6 | D86: 3969220 | E86: 3418590.6 | F86: =SUMIF('OD 01-24'!A:A,A86,'OD 01-24'!D:D) -> 0 | G86: =SUMIF('OD 01-24'!A:A,A86,'OD 01-24'!E:E) -> 0 | H86: =+D86+F86-E86-G86 -> 550629.47 | I86: =+H86+C86 -> -2203429.1 | J86: Fournisseurs & comptes rattachés
A87: 40300000 | B87: FOURNIS.LOC.EFFE.A.P | C87: -970419.35 | D87: 738018.33 | E87: 134919.86 | F87: =SUMIF('OD 01-24'!A:A,A87,'OD 01-24'!D:D) -> 0 | G87: =SUMIF('OD 01-24'!A:A,A87,'OD 01-24'!E:E) -> 0 | H87: =+D87+F87-E87-G87 -> 603098.48 | I87: =+H87+C87 -> -367320.88 | J87: Fournisseurs & comptes rattachés
A88: 40301000 | B88: FOUR.LOC.EFF.A.P.I.GRO | C88: 0 | D88: 0 | E88: 0 | F88: =SUMIF('OD 01-24'!A:A,A88,'OD 01-24'!D:D) -> 0 | G88: =SUMIF('OD 01-24'!A:A,A88,'OD 01-24'!E:E) -> 0 | H88: =+D88+F88-E88-G88 -> 0 | I88: =+H88+C88 -> 0
A89: 40400000 | B89: FOURNIS.D'IMMOBILISA. | C89: 9.999983e-05 | D89: 0 | E89: 0 | F89: =SUMIF('OD 01-24'!A:A,A89,'OD 01-24'!D:D) -> 0 | G89: =SUMIF('OD 01-24'!A:A,A89,'OD 01-24'!E:E) -> 0 | H89: =+D89+F89-E89-G89 -> 0 | I89: =+H89+C89 -> 9.999983e-05
A90: 40470000 | B90: FSSR RETENU DE GARANTIE | C90: 0 | D90: 0 | E90: 0 | F90: =SUMIF('OD 01-24'!A:A,A90,'OD 01-24'!D:D) -> 0 | G90: =SUMIF('OD 01-24'!A:A,A90,'OD 01-24'!E:E) -> 0 | H90: =+D90+F90-E90-G90 -> 0 | I90: =+H90+C90 -> 0
A91: 40600000 | B91: FOURNISSEURS ETRAN. | C91: -2267629 | D91: 781991.21 | E91: 455762.27 | F91: =SUMIF('OD 01-24'!A:A,A91,'OD 01-24'!D:D) -> 346630.22 | G91: =SUMIF('OD 01-24'!A:A,A91,'OD 01-24'!E:E) -> 0 | H91: =+D91+F91-E91-G91 -> 672859.15 | I91: =+H91+C91 -> -1594769.8 | J91: Fournisseurs & comptes rattachés
A92: 40800000 | B92: FOUR.FACT.N.PARVENU | C92: -4980 | D92: 0 | E92: 0 | F92: =SUMIF('OD 01-24'!A:A,A92,'OD 01-24'!D:D) -> 0 | G92: =SUMIF('OD 01-24'!A:A,A92,'OD 01-24'!E:E) -> 0 | H92: =+D92+F92-E92-G92 -> 0 | I92: =+H92+C92 -> -4980 | J92: Fournisseurs & comptes rattachés
A93: 40810000 | B93: FOUR.LOC.FAC.N.PARVE | C93: -41980.577 | D93: 28105.963 | E93: 0 | F93: =SUMIF('OD 01-24'!A:A,A93,'OD 01-24'!D:D) -> 0 | G93: =SUMIF('OD 01-24'!A:A,A93,'OD 01-24'!E:E) -> 0 | H93: =+D93+F93-E93-G93 -> 28105.963 | I93: =+H93+C93 -> -13874.614 | J93: Fournisseurs & comptes rattachés
A94: 40860000 | B94: FOUR.ETR.FACT.N.PAR | C94: 0 | D94: 0 | E94: 0 | F94: =SUMIF('OD 01-24'!A:A,A94,'OD 01-24'!D:D) -> 0 | G94: =SUMIF('OD 01-24'!A:A,A94,'OD 01-24'!E:E) -> 0 | H94: =+D94+F94-E94-G94 -> 0 | I94: =+H94+C94 -> 0
A95: 40910000 | B95: FOURN.AV&ACP.CERS.COM | C95: 0 | D95: 0 | E95: 0 | F95: =SUMIF('OD 01-24'!A:A,A95,'OD 01-24'!D:D) -> 0 | G95: =SUMIF('OD 01-24'!A:A,A95,'OD 01-24'!E:E) -> 0 | H95: =+D95+F95-E95-G95 -> 0 | I95: =+H95+C95 -> 0 | J95: Autres actifs courants
A96: 41100000 | B96: CLIENTS | C96: 15557219 | D96: 7308479.4 | E96: 8407108.5 | F96: =SUMIF('OD 01-24'!A:A,A96,'OD 01-24'!D:D) -> 0 | G96: =SUMIF('OD 01-24'!A:A,A96,'OD 01-24'!E:E) -> 0 | H96: =+D96+F96-E96-G96 -> -1098629.1 | I96: =+H96+C96 -> 14458590 | J96: Clients et comptes rattachés
A97: 41301000 | B97: CLIENTS EFETS A RECEV | C97: 0 | D97: 0 | E97: 0 | F97: =SUMIF('OD 01-24'!A:A,A97,'OD 01-24'!D:D) -> 0 | G97: =SUMIF('OD 01-24'!A:A,A97,'OD 01-24'!E:E) -> 0 | H97: =+D97+F97-E97-G97 -> 0 | I97: =+H97+C97 -> 0
A98: 41500000 | B98: CLIENTS ETRANGERS | C98: 3355536 | D98: 975510.06 | E98: 2343675.5 | F98: =SUMIF('OD 01-24'!A:A,A98,'OD 01-24'!D:D) -> 1007937.9 | G98: =SUMIF('OD 01-24'!A:A,A98,'OD 01-24'!E:E) -> 733464.06 | H98: =+D98+F98-E98-G98 -> -1093691.6 | I98: =+H98+C98 -> 2261844.4 | J98: Clients et comptes rattachés
A99: 41601000 | B99: EFFETS IMPAYES | C99: 0 | D99: 0 | E99: 0 | F99: =SUMIF('OD 01-24'!A:A,A99,'OD 01-24'!D:D) -> 0 | G99: =SUMIF('OD 01-24'!A:A,A99,'OD 01-24'!E:E) -> 0 | H99: =+D99+F99-E99-G99 -> 0 | I99: =+H99+C99 -> 0
A100: 41800000 | B100: CLIENTS PROD.N.ENC.F | C100: 0 | D100: 0 | E100: 0 | F100: =SUMIF('OD 01-24'!A:A,A100,'OD 01-24'!D:D) -> 0 | G100: =SUMIF('OD 01-24'!A:A,A100,'OD 01-24'!E:E) -> 0 | H100: =+D100+F100-E100-G100 -> 0 | I100: =+H100+C100 -> 0
A101: 41910000 | B101: CLIE. AV&ACPT.REC.COMM | C101: 0 | D101: 0 | E101: 0 | F101: =SUMIF('OD 01-24'!A:A,A101,'OD 01-24'!D:D) -> 0 | G101: =SUMIF('OD 01-24'!A:A,A101,'OD 01-24'!E:E) -> 0 | H101: =+D101+F101-E101-G101 -> 0 | I101: =+H101+C101 -> 0
...

Sheet Stock 31-01-2024
H1: =+SUBTOTAL(9,H4:H3958) -> 15484675
A3: SITE | B3: EMP | C3: Code | D3: Désignation | E3: Unité | F3: Quantité 31/01/2024 | G3: PU | H3: Valeur total | I3: Affectation
A4: 007 | B4: AS01 | C4: 360PMP | D4: PLAQUE M POSITIF | E4: KG | F4: 16007 | G4: 6.8020809 | H4: =+F4*G4 -> 108880.91 | I4: subproduct | L4: Row Labels | M4: Sum of Valeur total
A5: 007 | B5: AS01 | C5: 360PMN | D5: PLAQUE M NEGATIF | E5: KG | F5: 7088 | G5: 6.8542391 | H5: =+F5*G5 -> 48582.847 | I5: subproduct | L5: Finish good | M5: 1579856.8
A6: 007 | B6: AS01 | C6: 600P0004 | D6: PB SB 3.2 | E6: KG | F6: 4000 | G6: 5.6104583 | H6: =+F6*G6 -> 22441.833 | I6: RM | L6: RM | M6: 9671178.3
A7: 007 | B7: CAMION | C7: 10D23255155 | D7: D23-4/5 NR | E7: UN | F7: 3 | G7: 99.291192 | H7: =+F7*G7 -> 297.87358 | I7: RM | L7: spare parts | M7: 694061.89
A8: 007 | B8: CAMION | C8: 10L2B155258 | D8: L2-5/6 PR | E8: UN | F8: 23 | G8: 87.996377 | H8: =+F8*G8 -> 2023.9167 | I8: RM | L8: subproduct | M8: 3539578.2
A9: 007 | B9: CAMION | C9: 10L2H133141 | D9: L2-5/5 GR | E9: UN | F9: 12 | G9: 78.216828 | H9: =+F9*G9 -> 938.60193 | I9: RM | L9: Grand Total | M9: 15484675
A10: 007 | B10: CAMION | C10: 10L3B155258 | D10: L3-6/6 GR | E10: UN | F10: 10 | G10: 106.0052 | H10: =+F10*G10 -> 1060.052 | I10: RM
A11: 007 | B11: CAMION | C11: 10M14 | D11: M14-8/9 GR | E11: UN | F11: 3 | G11: 200 | H11: =+F11*G11 -> 600 | I11: RM
A12: 007 | B12: CAMION | C12: 10NS40 | D12: NS40 N/N | E12: UN | F12: 9 | G12: 78.140734 | H12: =+F12*G12 -> 703.26661 | I12: RM
A13: 007 | B13: CAMION | C13: 21D26 | D13: BAT NF SF D26 OP/NR 5/6 | E13: UN | F13: 9 | G13: 109.42274 | H13: =+F13*G13 -> 984.8047 | I13: RM
A14: 007 | B14: CAMION | C14: 21D31D | D14: BAT NF SF D31 D OP/NR7/8 | E14: UN | F14: 29 | G14: 136.92651 | H14: =+F14*G14 -> 3970.8688 | I14: RM
A15: 007 | B15: CAMION | C15: 21L1B1332 | D15: BAT SF PL1B D GR/GR 4/4 | E15: UN | F15: 17 | G15: 63.717676 | H15: =+F15*G15 -> 1083.2005 | I15: RM
A16: 007 | B16: CAMION | C16: 21L1H1332 | D16: BAT SF PL1H D GR/GR 4/4 | E16: UN | F16: 23 | G16: 65.632973 | H16: =+F16*G16 -> 1509.5584 | I16: RM
A17: 007 | B17: CAMION | C17: 21L5H1332 | D17: BAT SF PL5H D GR/GR 8/8 | E17: UN | F17: 10 | G17: 113.745 | H17: =+F17*G17 -> 1137.45 | I17: RM
A18: 007 | B18: CAMION | C18: 21L6B1551 | D18: BAT SF PL6 LOCAL NR/NR10/10 | E18: UN | F18: 2 | G18: 137.56191 | H18: =+F18*G18 -> 275.12383 | I18: RM
A19: 007 | B19: CAMION | C19: 21NS60 | D19: BAT NF SF NS60 NR/NR 5/6 | E19: UN | F19: 4 | G19: 63.59255 | H19: =+F19*G19 -> 254.3702 | I19: RM
A20: 007 | B20: CAMION | C20: 21PM10 | D20: BAT NF SF M10 GR/GR 5/5 | E20: UN | F20: 11 | G20: 94.482638 | H20: =+F20*G20 -> 1039.309 | I20: RM
A21: 007 | B21: CAMION | C21: 21PM11 | D21: BAT NF SF M11 GR/GR 7/7 | E21: UN | F21: 7 | G21: 107.94313 | H21: =+F21*G21 -> 755.6019 | I21: RM
... A32: 05 | B32: GR01 | C32: 320PBP | D32: grille LB + | E32: KG | F32: 4860 | G32: 7.3343057 | H32: =+F32*G32 -> 35644.726 | I32: RM
A33: 05 | B33: GR01 | C33: 351OGIN | D33: PL OGI- | E33: KG | F33: =560*0.474 -> 265.44 | G33: 7.0506305 | H33: =+F33*G33 -> 1871.5194 | I33: subproduct
A34: 05 | B34: GR01 | C34: 351OGIP | D34: PL OGI+ | E34: KG | F34: =174*0.484 -> 84.216 | G34: 7.665069 | H34: =+F34*G34 -> 645.52145 | I34: subproduct
A35: 05 | B35: GR01 | C35: 351PE274 | D35: PL 274EX | E35: KG | F35: =407*0.82 -> 333.74 | G35: 7.4361531 | H35: =+F35*G35 -> 2481.7417 | I35: subproduct
A36: 05 | B36: GR01 | C36: 351PE289 | D36: PL 289 EX | E36: KG | F36: =937*0.878 -> 822.686 | G36: 7.7544168 | H36: =+F36*G36 -> 6379.4501 | I36: subproduct
A37: 05 | B37: GR01 | C37: 351PE315 | D37: PL 315 EX | E37: KG | F37: =200*1.01 -> 202 | G37: 8.4769599 | H37: =+F37*G37 -> 1712.3459 | I37: subproduct
A38: 05 | B38: GR01 | C38: 351PE399 | D38: PL 399EX | E38: KG | F38: =899*1.194 -> 1073.406 | G38: 8.5028181 | H38: =+F38*G38 -> 9126.976 | I38: subproduct
A39: 05 | B39: GR01 | C39: 351PE429 | D39: PL 429 EX | E39: KG | F39: =76*1.294 -> 98.344 | G39: 8.8322989 | H39: =+F39*G39 -> 868.6036 | I39: subproduct
A40: 05 | B40: GR01 | C40: 351PE534 | D40: PL 534 EX | E40: KG | F40: =670*1.603 -> 1074.01 | G40: 8.8391259 | H40: =+F40*G40 -> 9493.3096 | I40: subproduct
A41: 05 | B41: GR01 | C41: 351PI204 | D41: PL 204 IN | E41: KG | F41: =153*0.96 -> 146.88 | G41: 8.0921513 | H41: =+F41*G41 -> 1188.5752 | I41: subproduct
A42: 05 | B42: GR01 | C42: 351PI274 | D42: PL 274 IN | E42: KG | F42: =58*1.27 -> 73.66 | G42: 7.428387 | H42: =+F42*G42 -> 547.17498 | I42: subproduct
A43: 05 | B43: GR01 | C43: 351PI289 | D43: PL 289 IN | E43: KG | F43: =393*1.345 -> 528.585 | G43: 7.7544168 | H43: =+F43*G43 -> 4098.8684 | I43: subproduct
A44: 05 | B44: GR01 | C44: 351PI399 | D44: PL 399 IN | E44: KG | F44: =494*1.8 -> 889.2 | G44: 7.3772162 | H44: =+F44*G44 -> 6559.8206 | I44: subproduct
A45: 05 | B45: GR01 | C45: 351PI429 | D45: PL 429 IN | E45: KG | F45: =532*1.98 -> 1053.36 | G45: 8.7299647 | H45: =+F45*G45 -> 9195.7956 | I45: subproduct
A46: 05 | B46: GR01 | C46: 351PI534 | D46: PL 534 IN | E46: KG | F46: =310*2.415 -> 748.65 | G46: 8.690209 | H46: =+F46*G46 -> 6505.925 | I46: subproduct
A47: 05 | B47: GR01 | C47: 351PT274 | D47: PL 274 TUB | E47: KG | F47: =52*1.49 -> 77.48 | G47: 6.8178739 | H47: =+F47*G47 -> 528.24887 | I47: subproduct
A48: 05 | B48: GR01 | C48: 351PT315 | D48: PL 315 TUB | E48: KG | F48: =23*1.74 -> 40.02 | G48: 6.8589529 | H48: =+F48*G48 -> 274.4953 | I48: subproduct
A49: 05 | B49: GR01 | C49: 351PT399 | D49: PL 399 TUB | E49: KG | F49: =82*2.212 -> 181.384 | G49: 6.5569279 | H49: =+F49*G49 -> 1189.3218 | I49: subproduct
A50: 05 | B50: GR01 | C50: 351PT534 | D50: PL 534 TUB | E50: KG | F50: =156*2.71 -> 422.76 | G50: 6.2847302 | H50: =+F50*G50 -> 2656.9325 | I50: subproduct
A51: 05 | B51: GR01 | C51: 360PMN | D51: Plaque M- | E51: UN | F51: 23588 | G51: 6.8542391 | H51: =+F51*G51 -> 161677.79 | I51: subproduct
A52: 05 | B52: MPA | C52: 430P2010 | D52: SEP PAPIER G laize 103 mm 12,5 g/m² | E52: M2 | F52: 162400 | G52: 0.16125132 | H52: =+F52*G52 -> 26187.214 | I52: RM
A53: 05 | B53: MPA | C53: 430P2011 | D53: SEP PAPIER G laize 128 mm 12,5 g/m² | E53: M2 | F53: 162480 | G53: 0.17487531 | H53: =+F53*G53 -> 28413.74 | I53: RM
A54: 05 | B54: MPA | C54: 430P2013 | D54: SEP PAPIER laize 125mm | E54: M2 | F54: 37360 | G54: 0.17960028 | H54: =+F54*G54 -> 6709.8666 | I54: RM
A55: 05 | B55: MPA | C55: 430T210 | D55: GAINE TUBULAIRE 204mm | E55: UN | F55: 4454 | G55: 0.91105902 | H55: =+F55*G55 -> 4057.8569 | I55: RM
A56: 05 | B56: MPA | C56: 430T280 | D56: GAINE TUBULAIRE 274mm | E56: UN | F56: 3020 | G56: 1.27323 | H56: =+F56*G56 -> 3845.1546 | I56: RM
A57: 05 | B57: MPA | C57: 430T295 | D57: GAINE TUBULAIRE 289mm | E57: UN | F57: 5642 | G57: 1.16 | H57: =+F57*G57 -> 6544.72 | I57: RM
A58: 05 | B58: MPA | C58: 430T325 | D58: GAINE TUBULAIRE 315mm | E58: UN | F58: 4173 | G58: 1.5528073 | H58: =+F58*G58 -> 6479.8649 | I58: RM
A59: 05 | B59: MPA | C59: 430T405 | D59: GAINE TUBULAIRE 399mm | E59: UN | F59: 13202 | G59: 2.0020729 | H59: =+F59*G59 -> 26431.366 | I59: RM
A60: 05 | B60: MPA | C60: 430T435 | D60: GAINE TUBULAIRE 429mm | E60: UN | F60: 6850 | G60: 2.0513941 | H60: =+F60*G60 -> 14052.049 | I60: RM
A61: 05 | B61: MPA | C61: 430T540 | D61: GAINE TUBULAIRE 534mm | E61: UN | F61: 6522 | G61: 2.4307878 | H61: =+F61*G61 -> 15853.598 | I61: RM
A62: 05 | B62: MPA | C62: 520X0032 | D62: FICHE SUIVEUSE PLAQUE (VERT) grand format | E62: UN | F62: 1500 | G62: 0.16930876 | H62: =+F62*G62 -> 253.96314 | I62: RM
... A70: 05 | B70: GR01 | C70: 600P0004 | D70: creuset 1,8% | E70: KG | F70: 5400 | G70: 5.6104583 | H70: =+F70*G70 -> 30296.475 | I70: RM
A71: 05 | B71: GR01 | C71: 600P0016 | D71: Creuset + | E71: KG | F71: =12000+2730 -> 14730 | G71: 5.9448965 | H71: =+F71*G71 -> 87568.326 | I71: RM
A72: 05 | B72: GR01 | C72: 600P0026 | D72: Creuset - | E72: KG | F72: 15000 | G72: 5.5939631 | H72: =+F72*G72 -> 83909.447 | I72: RM
A73: 05 | B73: GR01 | C73: 600P0026 | D73: plomb Concentrè | E73: KG | F73: 1302 | G73: 5.5939631 | H73: =+F73*G73 -> 7283.34 | I73: RM
A74: 05 | B74: MPA | C74: 690X0012 | D74: BOUT.SILICATE SODIUM | E74: UN | F74: 33 | G74: 5.4087843 | H74: =+F74*G74 -> 178.48988 | I74: RM
A75: 05 | B75: MPA | C75: 520X0033 | D75: FICHE SUIVEUSE PLAQUE (BLANC) | E75: UN | F75: 1500 | G75: 0.202 | H75: =+F75*G75 -> 303 | I75: RM
A76: 05 | B76: MPA | C76: 520X0036 | D76: ETIQ BOBINE AUTOCOLLANT 2 COULEURS (+) | E76: UN | F76: 500 | G76: 0.3535 | H76: =+F76*G76 -> 176.75 | I76: RM
A77: 05 | B77: MPA | C77: 520X0037 | D77: ETIQ BOBINE AUTOCOLLANT 2 COULEURS (-) | E77: UN | F77: 500 | G77: 0.3535 | H77: =+F77*G77 -> 176.75 | I77: RM
A78: 05 | B78: MPA | C78: 690X0007 | D78: KLEEN KOTE | E78: UN | F78: 9 | G78: 352.439 | H78: =+F78*G78 -> 3171.951 | I78: RM
A79: 05 | B79: GR01 | C79: 351PT429 | D79: PL 429 TUB | E79: KG | F79: =213*2.34 -> 498.42 | G79: 6.3979048 | H79: =+F79*G79 -> 3188.8437 | I79: subproduct
A80: 05 | B80: GR01 | C80: 322GT399 | D80: grille TIBULAIRE 399 | E80: KG | F80: 904 | G80: 6.8663267 | H80: =+F80*G80 -> 6207.1593 | I80: subproduct
A81: 05 | B81: GR01 | C81: 322GT274 | D81: grille TIBULAIRE 274 | E81: KG | F81: 178 | G81: 6.8987045 | H81: =+F81*G81 -> 1227.9694 | I81: subproduct
A82: 05 | B82: GR01 | C82: 322GT204 | D82: grille TIBULAIRE 204 | E82: KG | F82: 132 | G82: 6.9313281 | H82: =+F82*G82 -> 914.93531 | I82: subproduct
A83: 05 | B83: GR01 | C83: 320OGI | D83: GRILLE OGI | E83: KG | F83: =1700*0.202 -> 343.4 | G83: 6.8663267 | H83: =+F83*G83 -> 2357.8966 | I83: subproduct
A84: 05 | B84: MPA | C84: 690X0025 | D84: LIEGE PREPARE AC23#5 GLOBE SUPERKOTE MOLD | E84: UN | F84: 2 | G84: 30.505706 | H84: =+F84*G84 -> 61.011413 | I84: RM
A85: 007 | B85: CA01 | C85: 600A0001 | D85: ACIDE SULFURIQUE 1.84 | E85: KG | F85: 69880 | G85: 0.6014804 | H85: =+F85*G85 -> 42031.45 | I85: RM
A86: 007 | B86: CA01 | C86: 610S0001 | D86: SOUFFRE | E86: KG | F86: 300 | G86: 2.8988716 | H86: =+F86*G86 -> 869.66148 | I86: RM
A87: 007 | B87: CA01 | C87: 690X0024 | D87: SEL ADOUCISSEUR | E87: KG | F87: 775 | G87: 1.35 | H87: =+F87*G87 -> 1046.25 | I87: RM
A88: 007 | B88: CA01 | D88: Acide 1,25 | E88: KG | F88: 22000 | G88: 0.20898113 | H88: =+F88*G88 -> 4597.5849 | I88: RM
A89: 007 | B89: CA01 | D89: Acide 1,295 | E89: KG | F89: 5000 | G89: 0.20898113 | H89: =+F89*G89 -> 1044.9056 | I89: RM
A90: 007 | B90: CA01 | D90: Acide 1,4 | E90: KG | F90: 4000 | G90: 0.20898113 | H90: =+F90*G90 -> 835.92452 | I90: RM
A91: 007 | B91: CA01 | D91: Eau Deminiraliser | E91: KG | F91: 18000 | G91: 0.2 | H91: =+F91*G91 -> 3600 | I91: RM
A92: 007 | B92: CA01 | D92: Acide Chlorohydrique | E92: KG | F92: 775 | G92: 1.25 | H92: =+F92*G92 -> 968.75 | I92: RM
A93: 05 | B93: MPA | C93: 430P1008 | D93: SEP PAPIER laize 105mm 12.5 g/m² | E93: M2 | F93: 52320 | G93: 0.15580064 | H93: =+F93*G93 -> 8151.4897 | I93: RM
A94: 05 | B94: MPA | C94: 430P1019 | D94: SEPARATEUR EMPATTAGE POLYESTER 103mm | E94: M2 | F94: 23968 | G94: 1.1673196 | H94: =+F94*G94 -> 27978.317 | I94: RM
A95: 05 | B95: MPA | C95: 430P1020 | D95: SEPARATEUR EMPATTAGE POLYESTER 127mm | E95: M2 | F95: 36948 | G95: 1.1673196 | H95: =+F95*G95 -> 43130.126 | I95: RM
A96: 05 | B96: MPA | C96: 491BB001 | D96: REGLE DE FERMETURE 19 TUBES 43753002B70 | E96: UN | F96: 166400 | G96: 0.21457018 | H96: =+F96*G96 -> 35704.478 | I96: RM
A97: 05 | B97: MPA | C97: 600A0017 | D97: FIBRE DE VERRE 1.5mm Primafloc+ fibre | E97: KG | F97: 1400 | G97: 15.400714 | H97: =+F97*G97 -> 21561 | I97: RM
A98: 05 | B98: MPA | C98: 600A0020 | D98: MELANGE ETHANOL | E98: KG | F98: 20 | G98: 26.512264 | H98: =+F98*G98 -> 530.24528 | I98: RM
A99: 05 | B99: MPA | C99: 690X0018 | D99: EXPANDER HE-631 A - 8.5KG | E99: KG | F99: 3426 | G99: 14.987247 | H99: =+F99*G99 -> 51346.309 | I99: RM
A100: 05 | B100: MPA | C100: 690X0031 | D100: EXPANDER PENOX- 7 KG | E100: KG | F100: 3100 | G100: 13.827784 | H100: =+F100*G100 -> 42866.13 | I100: RM
A101: 05 | B101: MPA | C101: 712MEC021 | D101: AGRAFE POUR SERRE CABLE PALETTE | E101: UN | F101: 100 | G101: 109.33333 | H101: =+F101*G101 -> 10933.333 | I101: RM
A102: 05 | B102: MPA | C102: 712MEC028 | D102: RLX FEUILLARD 15 | E102: UN | F102: 1 | G102: 145 | H102: =+F102*G102 -> 145 | I102: RM
A103: 05 | B103: MPA | D103: FLYX | E103: KG | F103: 150 | G103: 56.127996 | H103: =+F103*G103 -> 8419.1994 | I103: RM
A104: 05 | B104: MPA | C104: 520X0048 | D104: ETIQ AUTOCOLLANTE PRODUIT EXPORT | E104: UN | F104: 200 | G104: 0.2525 | H104: =+F104*G104 -> 50.5 | I104: RM
A105: 05 | B105: MPA | C105: 430P2009 | D105: SEPARATEUR EMPATTAGE POLYESTER 111mm | E105: M2 | F105: 79296 | G105: 0.139 | H105: =+F105*G105 -> 11022.144 | I105: RM
A106: 05 | B106: MPA | D106: EXPANDER MAROON BAG | E106: KG | F106: 2087 | G106: 14.987247 | H106: =+F106*G106 -> 31278.385 | I106: RM
A107: 05 | B107: MPA | C107: 430T21184 | D107: GAINE TUBULAIRE 184mm | E107: UN | F107: 2302 | G107: 1.0793752 | H107: =+F107*G107 -> 2484.7217 | I107: RM
A108: 05 | B108: MPA | C108: 430T21285 | D108: GAINE TUBULAIRE 258mm | E108: UN | F108: 1842 | G108: 1.5132252 | H108: =+F108*G108 -> 2787.3608 | I108: RM
A109: 05 | B109: MPA | C109: 491BB002 | D109: REGLE DE FERMETURE PETITE MODEL | E109: UN | F109: 3163 | G109: 0.56883332 | H109: =+F109*G109 -> 1799.2198 | I109: RM
A110: 05 | B110: MPA | C110: 491BB003 | D110: REGLE DE FERMETURE GRANDE MODEL | E110: UN | F110: 1950 | G110: 0.64329877 | H110: =+F110*G110 -> 1254.4326 | I110: RM
A111: 04 | B111: MPF | C111: 600P0004 | D111: PLOMB 1,8% | E111: KG | F111: 3903 | G111: 5.6104583 | H111: =+F111*G111 -> 21897.619 | I111: RM
A112: 04 | B112: MPF | C112: 600P0004 | D112: PLOMB 5% | E112: KG | F112: 957 | G112: 5.6104583 | H112: =+F112*G112 -> 5369.2086 | I112: RM
A113: 04 | B113: MPF | C113: 600P0013 | D113: CALCIUM METAL PUR | E113: KG | F113: 172 | G113: 35.734415 | H113: =+F113*G113 -> 6146.3194 | I113: RM
A114: 04 | B114: MPF | C114: 610L0001 | D114: CARBONATE DE SOUDE | E114: KG | F114: 11000 | G114: 1.7293945 | H114: =+F114*G114 -> 19023.339 | I114: RM
A115: 04 | B115: MPF | C115: 610L0002 | D115: Nitrate de soude | E115: KG | F115: 13000 | G115: 4.6499691 | H115: =+F115*G115 -> 60449.598 | I115: RM
A116: 04 | B116: MPF | C116: 610M0001 | D116: ARSENIC METAL | E116: KG | F116: 350 | G116: 17.880161 | H116: =+F116*G116 -> 6258.0565 | I116: RM
A117: 04 | B117: MPF | C117: 610M0002 | D117: SELENIUM | E117: KG | F117: 25 | G117: 197.21742 | H117: =+F117*G117 -> 4930.4355 | I117: RM
A118: 04 | B118: MPF | C118: 610M0004 | D118: ETAIN PURE 99.99 % MIN | E118: KG | F118: 312 | G118: 74.51542 | H118: =+F118*G118 -> 23248.811 | I118: RM
...

Sheet OD 02-23
A1: CompteGen | B1: Libelle | C1: SoldeDebut | D1: Debit | E1: Credit | F1: Variation | G1: SoldeFin
A2: 13000000 | B2: RESULT. DE L'EXERCIC. | C2: 0 | D2: 0 | E2: 0 | F2: 0 | G2: 0
A3: 14508000 | B3: AMORT.DES SUBV.D'INV | C3: 21896.933 | D3: 21896.933 | E3: 0 | F3: 21896.933 | G3: 43793.866
A4: 22825000 | C4: 0 | D4: 0 | E4: 0 | F4: 0 | G4: 0
A5: 28130000 | B5: LOGICIELS | C5: -498.408 | D5: 0 | E5: 465.181 | F5: -465.181 | G5: -963.589
A6: 28216000 | B6: AMOR.AGE.&AME.D.TER | C6: -231.89 | D6: 0 | E6: 216.431 | F6: -216.431 | G6: -448.321
A7: 28220000 | B7: AMORTISSEMENT/CONS | C7: -37206.669 | D7: 0 | E7: 34726.224 | F7: -34726.224 | G7: -71932.893
A8: 28225000 | B8: AMOR.INS.GEN.AG&A.C | C8: -1791.536 | D8: 0 | E8: 4097.312 | F8: -4097.312 | G8: -5888.848
A9: 28230000 | B9: AMO.INS.TECH.M.OU.IN | C9: -4389.771 | D9: 0 | E9: 1672.1 | F9: -1672.1 | G9: -6061.871
A10: 28234000 | B10: AMORT./MATERIEL IND. | C10: -116880.21 | D10: 0 | E10: 109549.5 | F10: -109549.5 | G10: -226429.71
A11: 28235000 | B11: AMORT./OUTIL.INDUST. | C11: -7034.595 | D11: 0 | E11: 6009.539 | F11: -6009.539 | G11: -13044.134
A12: 28237000 | B12: AMOR./AGC&AMEG.M.O. | C12: -1805.746 | D12: 0 | E12: 1685.363 | F12: -1685.363 | G12: -3491.109
A13: 28240000 | B13: AMORT.MAT.DE TRANS | C13: -12427.078 | D13: 0 | E13: 10647.098 | F13: -10647.098 | G13: -23074.176
A14: 28282000 | B14: AMOR.EQUIP.DE BURE. | C14: -4546.049 | D14: 0 | E14: 4171.114 | F14: -4171.114 | G14: -8717.163
A15: 28283000 | B15: AMORT.MAT.INFORMATIQUE | C15: -1898.033 | D15: 0 | E15: 1937.649 | F15: -1937.649 | G15: -3835.682
A16: 28400000 | B16: Amort.immob.carc.jur.par | C16: -6242.013 | D16: 0 | E16: 5825.879 | F16: -5825.879 | G16: -12067.892
... A69: 73900000 | B69: Quote.parts subv.d'inves | C69: -21896.933 | D69: 0 | E69: 21896.933 | F69: -21896.933 | G69: -43793.866
C70: =SUM(C2:C69) -> -2.1354936e-09 | D70: =SUM(D2:D69) -> 31192425 | E70: =SUM(E2:E69) -> 31192425 | F70: =+D70-E70 -> 0 | G70: =+C70+F70 -> -2.1354936e-09

Sheet BAL 02-23
A1: Compte | B1: Libelle | C1: SoldeDebut | D1: Debit | E1: Crédit | F1: Debit OD | G1: Credit OD | H1: Variation | I1: Solde Fin | J1: Affect° 2023
A2: 10100000 | B2: CAPITAL SOCIAL | C2: -13500000 | D2: 0 | E2: 0 | F2: =SUMIF('OD 02-23'!A:A,A2,'OD 02-23'!D:D) -> 0 | G2: =SUMIF('OD 02-23'!A:A,A2,'OD 02-23'!E:E) -> 0 | H2: =+D2+F2-E2-G2 -> 0 | I2: =+H2+C2 -> -13500000 | J2: Capital social
A3: 11101000 | B3: RESERVES LEGALES | C3: -1200000 | D3: 0 | E3: 0 | F3: =SUMIF('OD 02-23'!A:A,A3,'OD 02-23'!D:D) -> 0 | G3: =SUMIF('OD 02-23'!A:A,A3,'OD 02-23'!E:E) -> 0 | H3: =+D3+F3-E3-G3 -> 0 | I3: =+H3+C3 -> -1200000 | J3: Réserves légales
A4: 12100000 | B4: RESULTAT REPORTES | C4: -18559399 | D4: 0 | E4: 0 | F4: =SUMIF('OD 02-23'!A:A,A4,'OD 02-23'!D:D) -> 0 | G4: =SUMIF('OD 02-23'!A:A,A4,'OD 02-23'!E:E) -> 0 | H4: =+D4+F4-E4-G4 -> 0 | I4: =+H4+C4 -> -18559399 | J4: Résultats reportés
A5: 12200000 | B5: ammortisssemnts differes | C5: 0 | D5: 0 | E5: 0 | F5: =SUMIF('OD 02-23'!A:A,A5,'OD 02-23'!D:D) -> 0 | G5: =SUMIF('OD 02-23'!A:A,A5,'OD 02-23'!E:E) -> 0 | H5: =+D5+F5-E5-G5 -> 0 | I5: =+H5+C5 -> 0
A6: 12800000 | B6: MODI.COM.EFF.RLT.REP | C6: 3022190.2 | D6: 0 | E6: 0 | F6: =SUMIF('OD 02-23'!A:A,A6,'OD 02-23'!D:D) -> 0 | G6: =SUMIF('OD 02-23'!A:A,A6,'OD 02-23'!E:E) -> 0 | H6: =+D6+F6-E6-G6 -> 0 | I6: =+H6+C6 -> 3022190.2 | J6: Modification comptable
A7: 13000000 | B7: RESULT. DE L'EXERCIC. | C7: 0 | D7: 0 | E7: 0 | F7: =SUMIF('OD 02-23'!A:A,A7,'OD 02-23'!D:D) -> 0 | G7: =SUMIF('OD 02-23'!A:A,A7,'OD 02-23'!E:E) -> 0 | H7: =+D7+F7-E7-G7 -> 0 | I7: =+H7+C7 -> 0
A8: 14500000 | B8: SUBVENTIONS D'INVES. | C8: -3479108.8 | D8: 0 | E8: 0 | F8: =SUMIF('OD 02-23'!A:A,A8,'OD 02-23'!D:D) -> 0 | G8: =SUMIF('OD 02-23'!A:A,A8,'OD 02-23'!E:E) -> 0 | H8: =+D8+F8-E8-G8 -> 0 | I8: =+H8+C8 -> -3479108.8 | J8: Subvention d'investissement
A9: 14508000 | B9: AMORT.DES SUBV.D'INV | C9: 2378667 | D9: 0 | E9: 0 | F9: =SUMIF('OD 02-23'!A:A,A9,'OD 02-23'!D:D) -> 21896.933 | G9: =SUMIF('OD 02-23'!A:A,A9,'OD 02-23'!E:E) -> 0 | H9: =+D9+F9-E9-G9 -> 21896.933 | I9: =+H9+C9 -> 2400564 | J9: Amortissement subvention d'investissement
A10: 15100000 | B10: PROVI.POUR RISQUES | C10: -22564.956 | D10: 0 | E10: 0 | F10: =SUMIF('OD 02-23'!A:A,A10,'OD 02-23'!D:D) -> 0 | G10: =SUMIF('OD 02-23'!A:A,A10,'OD 02-23'!E:E) -> 0 | H10: =+D10+F10-E10-G10 -> 0 | I10: =+H10+C10 -> -22564.956 | J10: Provision pour risque et charges
A11: 16210250 | B11: CREDIT STUSID | C11: 0 | D11: 0 | E11: 0 | F11: =SUMIF('OD 02-23'!A:A,A11,'OD 02-23'!D:D) -> 0 | G11: =SUMIF('OD 02-23'!A:A,A11,'OD 02-23'!E:E) -> 0 | H11: =+D11+F11-E11-G11 -> 0 | I11: =+H11+C11 -> 0
A12: 16210500 | B12: CREDITS STB | C12: -1041666.7 | D12: 0 | E12: 0 | F12: =SUMIF('OD 02-23'!A:A,A12,'OD 02-23'!D:D) -> 0 | G12: =SUMIF('OD 02-23'!A:A,A12,'OD 02-23'!E:E) -> 0 | H12: =+D12+F12-E12-G12 -> 0 | I12: =+H12+C12 -> -1041666.7 | J12: Emprunts
A13: 16210960 | B13: CREDITS B.T.K.D | C13: 0 | D13: 0 | E13: 0 | F13: =SUMIF('OD 02-23'!A:A,A13,'OD 02-23'!D:D) -> 0 | G13: =SUMIF('OD 02-23'!A:A,A13,'OD 02-23'!E:E) -> 0 | H13: =+D13+F13-E13-G13 -> 0 | I13: =+H13+C13 -> 0
A14: 16400000 | B14: EMPT.DET.AS.COND.PA. | C14: -173470.93 | D14: 0 | E14: 0 | F14: =SUMIF('OD 02-23'!A:A,A14,'OD 02-23'!D:D) -> 0 | G14: =SUMIF('OD 02-23'!A:A,A14,'OD 02-23'!E:E) -> 0 | H14: =+D14+F14-E14-G14 -> 0 | I14: =+H14+C14 -> -173470.93 | J14: Emprunts
A15: 18800000 | B15: AUTRES | C15: 0 | D15: 0 | E15: 0 | F15: =SUMIF('OD 02-23'!A:A,A15,'OD 02-23'!D:D) -> 0 | G15: =SUMIF('OD 02-23'!A:A,A15,'OD 02-23'!E:E) -> 0 | H15: =+D15+F15-E15-G15 -> 0 | I15: =+H15+C15 -> 0
A16: 21100000 | B16: INVEST.DE RECH.ET DE | C16: 0 | D16: 0 | E16: 0 | F16: =SUMIF('OD 02-23'!A:A,A16,'OD 02-23'!D:D) -> 0 | G16: =SUMIF('OD 02-23'!A:A,A16,'OD 02-23'!E:E) -> 0 | H16: =+D16+F16-E16-G16 -> 0 | I16: =+H16+C16 -> 0
A17: 21300000 | B17: LOGICIELS | C17: 80409.227 | D17: 2250 | E17: 0 | F17: =SUMIF('OD 02-23'!A:A,A17,'OD 02-23'!D:D) -> 0 | G17: =SUMIF('OD 02-23'!A:A,A17,'OD 02-23'!E:E) -> 0 | H17: =+D17+F17-E17-G17 -> 2250 | I17: =+H17+C17 -> 82659.227 | J17: Immobilisations corporelles et incorp.
A18: 22000000 | B18: IMMOBIL.CORPORELLES | C18: 0 | D18: 0 | E18: 0 | F18: =SUMIF('OD 02-23'!A:A,A18,'OD 02-23'!D:D) -> 0 | G18: =SUMIF('OD 02-23'!A:A,A18,'OD 02-23'!E:E) -> 0 | H18: =+D18+F18-E18-G18 -> 0 | I18: =+H18+C18 -> 0
A19: 22100000 | B19: TERRAINS | C19: 1275724 | D19: 0 | E19: 0 | F19: =SUMIF('OD 02-23'!A:A,A19,'OD 02-23'!D:D) -> 0 | G19: =SUMIF('OD 02-23'!A:A,A19,'OD 02-23'!E:E) -> 0 | H19: =+D19+F19-E19-G19 -> 0 | I19: =+H19+C19 -> 1275724 | J19: Immobilisations corporelles et incorp.
A20: 22160000 | B20: AGEN.AMENAG.D.TERAI | C20: 161921.54 | D20: 0 | E20: 0 | F20: =SUMIF('OD 02-23'!A:A,A20,'OD 02-23'!D:D) -> 0 | G20: =SUMIF('OD 02-23'!A:A,A20,'OD 02-23'!E:E) -> 0 | H20: =+D20+F20-E20-G20 -> 0 | I20: =+H20+C20 -> 161921.54 | J20: Immobilisations corporelles et incorp.
A21: 22200000 | B21: CONSTURCTIONS | C21: 9027583.1 | D21: 0 | E21: 0 | F21: =SUMIF('OD 02-23'!A:A,A21,'OD 02-23'!D:D) -> 0 | G21: =SUMIF('OD 02-23'!A:A,A21,'OD 02-23'!E:E) -> 0 | H21: =+D21+F21-E21-G21 -> 0 | I21: =+H21+C21 -> 9027583.1 | J21: Immobilisations corporelles et incorp.
A22: 22250000 | B22: INSTAL.GL.AGE.AM.CON | C22: 601000.28 | D22: 0 | E22: 0 | F22: =SUMIF('OD 02-23'!A:A,A22,'OD 02-23'!D:D) -> 0 | G22: =SUMIF('OD 02-23'!A:A,A22,'OD 02-23'!E:E) -> 0 | H22: =+D22+F22-E22-G22 -> 0 | I22: =+H22+C22 -> 601000.28 | J22: Immobilisations corporelles et incorp.
A23: 22300000 | B23: INST.TECH.MAT&OUT.IN | C23: 65870.611 | D23: 0 | E23: 0 | F23: =SUMIF('OD 02-23'!A:A,A23,'OD 02-23'!D:D) -> 0 | G23: =SUMIF('OD 02-23'!A:A,A23,'OD 02-23'!E:E) -> 0 | H23: =+D23+F23-E23-G23 -> 0 | I23: =+H23+C23 -> 65870.611 | J23: Immobilisations corporelles et incorp.
A24: 22310000 | B24: INSTALLATIONS TECHN | C24: 0 | D24: 0 | E24: 0 | F24: =SUMIF('OD 02-23'!A:A,A24,'OD 02-23'!D:D) -> 0 | G24: =SUMIF('OD 02-23'!A:A,A24,'OD 02-23'!E:E) -> 0 | H24: =+D24+F24-E24-G24 -> 0 | I24: =+H24+C24 -> 0
A25: 22340000 | B25: MATERIEL INDUSTRIEL | C25: 22047222 | D25: 14069.731 | E25: 0 | F25: =SUMIF('OD 02-23'!A:A,A25,'OD 02-23'!D:D) -> 0 | G25: =SUMIF('OD 02-23'!A:A,A25,'OD 02-23'!E:E) -> 0 | H25: =+D25+F25-E25-G25 -> 14069.731 | I25: =+H25+C25 -> 22061292 | J25: Immobilisations corporelles et incorp.
A26: 22350000 | B26: OUTILLAGE INDUSTRIEL | C26: 596723.13 | D26: 7595.2 | E26: 0 | F26: =SUMIF('OD 02-23'!A:A,A26,'OD 02-23'!D:D) -> 0 | G26: =SUMIF('OD 02-23'!A:A,A26,'OD 02-23'!E:E) -> 0 | H26: =+D26+F26-E26-G26 -> 7595.2 | I26: =+H26+C26 -> 604318.33 | J26: Immobilisations corporelles et incorp.
A27: 22370000 | B27: AGEN.AME.MAT.OUT.IN | C27: 879252.86 | D27: 0 | E27: 0 | F27: =SUMIF('OD 02-23'!A:A,A27,'OD 02-23'!D:D) -> 0 | G27: =SUMIF('OD 02-23'!A:A,A27,'OD 02-23'!E:E) -> 0 | H27: =+D27+F27-E27-G27 -> 0 | I27: =+H27+C27 -> 879252.86 | J27: Immobilisations corporelles et incorp.
A28: 22400000 | B28: MATERIEL DE TRANSPORT | C28: 952007.86 | D28: 0 | E28: 0 | F28: =SUMIF('OD 02-23'!A:A,A28,'OD 02-23'!D:D) -> 0 | G28: =SUMIF('OD 02-23'!A:A,A28,'OD 02-23'!E:E) -> 0 | H28: =+D28+F28-E28-G28 -> 0 | I28: =+H28+C28 -> 952007.86 | J28: Immobilisations corporelles et incorp.
A29: 22810000 | B29: INSTAL.GLES.AG.AM.DI | C29: 0 | D29: 0 | E29: 0 | F29: =SUMIF('OD 02-23'!A:A,A29,'OD 02-23'!D:D) -> 0 | G29: =SUMIF('OD 02-23'!A:A,A29,'OD 02-23'!E:E) -> 0 | H29: =+D29+F29-E29-G29 -> 0 | I29: =+H29+C29 -> 0
A30: 22820000 | B30: EQUIPEMENTS DE BURE. | C30: 248575.93 | D30: 394 | E30: 0 | F30: =SUMIF('OD 02-23'!A:A,A30,'OD 02-23'!D:D) -> 0 | G30: =SUMIF('OD 02-23'!A:A,A30,'OD 02-23'!E:E) -> 0 | H30: =+D30+F30-E30-G30 -> 394 | I30: =+H30+C30 -> 248969.93 | J30: Immobilisations corporelles et incorp.
A31: 22830000 | B31: MATERIELS INFORMATIQUES | C31: 157309.57 | D31: 4195 | E31: 0 | F31: =SUMIF('OD 02-23'!A:A,A31,'OD 02-23'!D:D) -> 0 | G31: =SUMIF('OD 02-23'!A:A,A31,'OD 02-23'!E:E) -> 0 | H31: =+D31+F31-E31-G31 -> 4195 | I31: =+H31+C31 -> 161504.57 | J31: Immobilisations corporelles et incorp.
A32: 23000000 | B32: IMMOBILISATION EN CO | C32: 2e-05 | D32: 0 | E32: 0 | F32: =SUMIF('OD 02-23'!A:A,A32,'OD 02-23'!D:D) -> 0 | G32: =SUMIF('OD 02-23'!A:A,A32,'OD 02-23'!E:E) -> 0 | H32: =+D32+F32-E32-G32 -> 0 | I32: =+H32+C32 -> 2e-05
A33: 23200000 | B33: IMMO.COR.EN COURS | C33: 2440755.5 | D33: 0 | E33: 0 | F33: =SUMIF('OD 02-23'!A:A,A33,'OD 02-23'!D:D) -> 0 | G33: =SUMIF('OD 02-23'!A:A,A33,'OD 02-23'!E:E) -> 0 | H33: =+D33+F33-E33-G33 -> 0 | I33: =+H33+C33 -> 2440755.5 | J33: Immobilisations corporelles et incorp.
A34: 23220000 | B34: CONSTRUC.EN COURS | C34: 38414.472 | D34: 6197.669 | E34: 0 | F34: =SUMIF('OD 02-23'!A:A,A34,'OD 02-23'!D:D) -> 0 | G34: =SUMIF('OD 02-23'!A:A,A34,'OD 02-23'!E:E) -> 0 | H34: =+D34+F34-E34-G34 -> 6197.669 | I34: =+H34+C34 -> 44612.141 | J34: Immobilisations corporelles et incorp.
A35: 23225000 | B35: INST.GEN.A.A.CONS.CO | C35: 0 | D35: 0 | E35: 0 | F35: =SUMIF('OD 02-23'!A:A,A35,'OD 02-23'!D:D) -> 0 | G35: =SUMIF('OD 02-23'!A:A,A35,'OD 02-23'!E:E) -> 0 | H35: =+D35+F35-E35-G35 -> 0 | I35: =+H35+C35 -> 0
A36: 23231000 | B36: INST.TECHNIQ.EN COU | C36: 0 | D36: 0 | E36: 0 | F36: =SUMIF('OD 02-23'!A:A,A36,'OD 02-23'!D:D) -> 0 | G36: =SUMIF('OD 02-23'!A:A,A36,'OD 02-23'!E:E) -> 0 | H36: =+D36+F36-E36-G36 -> 0 | I36: =+H36+C36 -> 0
A37: 23237000 | B37: A.A MAT&OUT.IND.EN C | C37: 0 | D37: 0 | E37: 0 | F37: =SUMIF('OD 02-23'!A:A,A37,'OD 02-23'!D:D) -> 0 | G37: =SUMIF('OD 02-23'!A:A,A37,'OD 02-23'!E:E) -> 0 | H37: =+D37+F37-E37-G37 -> 0 | I37: =+H37+C37 -> 0
A38: 23250000 | B38: Plantations en cours | C38: 0 | D38: 0 | E38: 0 | F38: =SUMIF('OD 02-23'!A:A,A38,'OD 02-23'!D:D) -> 0 | G38: =SUMIF('OD 02-23'!A:A,A38,'OD 02-23'!E:E) -> 0 | H38: =+D38+F38-E38-G38 -> 0 | I38: =+H38+C38 -> 0
A39: 23800000 | B39: AVC&ACP/COM IMM.INC | C39: 0 | D39: 0 | E39: 0 | F39: =SUMIF('OD 02-23'!A:A,A39,'OD 02-23'!D:D) -> 0 | G39: =SUMIF('OD 02-23'!A:A,A39,'OD 02-23'!E:E) -> 0 | H39: =+D39+F39-E39-G39 -> 0 | I39: =+H39+C39 -> 0
A40: 24000000 | B40: IMMOB.A STAT.JUR.PAR | C40: 703370.38 | D40: 0 | E40: 0 | F40: =SUMIF('OD 02-23'!A:A,A40,'OD 02-23'!D:D) -> 0 | G40: =SUMIF('OD 02-23'!A:A,A40,'OD 02-23'!E:E) -> 0 | H40: =+D40+F40-E40-G40 -> 0 | I40: =+H40+C40 -> 703370.38 | J40: Immobilisations corporelles et incorp.
A41: 25100000 | B41: TITRES DE PARTICIPAT. | C41: 0 | D41: 0 | E41: 0 | F41: =SUMIF('OD 02-23'!A:A,A41,'OD 02-23'!D:D) -> 0 | G41: =SUMIF('OD 02-23'!A:A,A41,'OD 02-23'!E:E) -> 0 | H41: =+D41+F41-E41-G41 -> 0 | I41: =+H41+C41 -> 0
A42: 25110000 | B42: TITRES DE PARTICIPAT.SND | C42: 266820 | D42: 0 | E42: 0 | F42: =SUMIF('OD 02-23'!A:A,A42,'OD 02-23'!D:D) -> 0 | G42: =SUMIF('OD 02-23'!A:A,A42,'OD 02-23'!E:E) -> 0 | H42: =+D42+F42-E42-G42 -> 0 | I42: =+H42+C42 -> 266820 | J42: Titres de Participation
A43: 25120000 | B43: TITRES DE PARTICIPAT.NHB | C43: 512700 | D43: 0 | E43: 0 | F43: =SUMIF('OD 02-23'!A:A,A43,'OD 02-23'!D:D) -> 0 | G43: =SUMIF('OD 02-23'!A:A,A43,'OD 02-23'!E:E) -> 0 | H43: =+D43+F43-E43-G43 -> 0 | I43: =+H43+C43 -> 512700 | J43: Titres de Participation
A44: 25130000 | B44: TITRES DE PARTICIP. TIP | C44: 677000 | D44: 0 | E44: 0 | F44: =SUMIF('OD 02-23'!A:A,A44,'OD 02-23'!D:D) -> 0 | G44: =SUMIF('OD 02-23'!A:A,A44,'OD 02-23'!E:E) -> 0 | H44: =+D44+F44-E44-G44 -> 0 | I44: =+H44+C44 -> 677000 | J44: Titres de Participation
A45: 25140000 | B45: TITRES PARTICIPATION SNR | C45: 3150000 | D45: 0 | E45: 0 | F45: =SUMIF('OD 02-23'!A:A,A45,'OD 02-23'!D:D) -> 0 | G45: =SUMIF('OD 02-23'!A:A,A45,'OD 02-23'!E:E) -> 0 | H45: =+D45+F45-E45-G45 -> 0 | I45: =+H45+C45 -> 3150000 | J45: Titres de Participation
A46: 25700000 | B46: CREAN.RAT.A DES PAR | C46: 0 | D46: 0 | E46: 0 | F46: =SUMIF('OD 02-23'!A:A,A46,'OD 02-23'!D:D) -> 0 | G46: =SUMIF('OD 02-23'!A:A,A46,'OD 02-23'!E:E) -> 0 | H46: =+D46+F46-E46-G46 -> 0 | I46: =+H46+C46 -> 0 | J46: Titres de Participation
A47: 25810000 | B47: AVANCE SUR PARTICIPATION | C47: 0 | D47: 0 | E47: 0 | F47: =SUMIF('OD 02-23'!A:A,A47,'OD 02-23'!D:D) -> 0 | G47: =SUMIF('OD 02-23'!A:A,A47,'OD 02-23'!E:E) -> 0 | H47: =+D47+F47-E47-G47 -> 0 | I47: =+H47+C47 -> 0
A48: 26400000 | B48: PRETS | C48: 0 | D48: 0 | E48: 0 | F48: =SUMIF('OD 02-23'!A:A,A48,'OD 02-23'!D:D) -> 0 | G48: =SUMIF('OD 02-23'!A:A,A48,'OD 02-23'!E:E) -> 0 | H48: =+D48+F48-E48-G48 -> 0 | I48: =+H48+C48 -> 0
A49: 26430000 | B49: PRETS AU PERSONNEL | C49: 0 | D49: 0 | E49: 0 | F49: =SUMIF('OD 02-23'!A:A,A49,'OD 02-23'!D:D) -> 0 | G49: =SUMIF('OD 02-23'!A:A,A49,'OD 02-23'!E:E) -> 0 | H49: =+D49+F49-E49-G49 -> 0 | I49: =+H49+C49 -> 0
A50: 26500000 | B50: DEPOTS ET CAUT.VERS | C50: 118597.14 | D50: 0 | E50: 0 | F50: =SUMIF('OD 02-23'!A:A,A50,'OD 02-23'!D:D) -> 0 | G50: =SUMIF('OD 02-23'!A:A,A50,'OD 02-23'!E:E) -> 0 | H50: =+D50+F50-E50-G50 -> 0 | I50: =+H50+C50 -> 118597.14 | J50: Dépôts et cautionnements
A51: 26510000 | B51: DEPOTS | C51: 0 | D51: 0 | E51: 0 | F51: =SUMIF('OD 02-23'!A:A,A51,'OD 02-23'!D:D) -> 0 | G51: =SUMIF('OD 02-23'!A:A,A51,'OD 02-23'!E:E) -> 0 | H51: =+D51+F51-E51-G51 -> 0 | I51: =+H51+C51 -> 0
A52: 26550000 | B52: CAUTIONNEMENTS | C52: 0 | D52: 0 | E52: 0 | F52: =SUMIF('OD 02-23'!A:A,A52,'OD 02-23'!D:D) -> 0 | G52: =SUMIF('OD 02-23'!A:A,A52,'OD 02-23'!E:E) -> 0 | H52: =+D52+F52-E52-G52 -> 0 | I52: =+H52+C52 -> 0
A53: 27100000 | B53: FRAIS PRELIMINAIRES | C53: 0 | D53: 0 | E53: 0 | F53: =SUMIF('OD 02-23'!A:A,A53,'OD 02-23'!D:D) -> 0 | G53: =SUMIF('OD 02-23'!A:A,A53,'OD 02-23'!E:E) -> 0 | H53: =+D53+F53-E53-G53 -> 0 | I53: =+H53+C53 -> 0
A54: 28100000 | B54: AMORT.DES IMM.INCOR | C54: 0 | D54: 0 | E54: 0 | F54: =SUMIF('OD 02-23'!A:A,A54,'OD 02-23'!D:D) -> 0 | G54: =SUMIF('OD 02-23'!A:A,A54,'OD 02-23'!E:E) -> 0 | H54: =+D54+F54-E54-G54 -> 0 | I54: =+H54+C54 -> 0
A55: 28110000 | B55: INVEST.DE RECH&DEVE | C55: 0 | D55: 0 | E55: 0 | F55: =SUMIF('OD 02-23'!A:A,A55,'OD 02-23'!D:D) -> 0 | G55: =SUMIF('OD 02-23'!A:A,A55,'OD 02-23'!E:E) -> 0 | H55: =+D55+F55-E55-G55 -> 0 | I55: =+H55+C55 -> 0
A56: 28130000 | B56: LOGICIELS | C56: -67911.503 | D56: 0 | E56: 0 | F56: =SUMIF('OD 02-23'!A:A,A56,'OD 02-23'!D:D) -> 0 | G56: =SUMIF('OD 02-23'!A:A,A56,'OD 02-23'!E:E) -> 465.181 | H56: =+D56+F56-E56-G56 -> -465.181 | I56: =+H56+C56 -> -68376.684 | J56: Amortissement des immobilisations corporelles et incorp.
A57: 28216000 | B57: AMOR.AGE.&AME.D.TER | C57: -145771 | D57: 0 | E57: 0 | F57: =SUMIF('OD 02-23'!A:A,A57,'OD 02-23'!D:D) -> 0 | G57: =SUMIF('OD 02-23'!A:A,A57,'OD 02-23'!E:E) -> 216.431 | H57: =+D57+F57-E57-G57 -> -216.431 | I57: =+H57+C57 -> -145987.43 | J57: Amortissement des immobilisations corporelles et incorp.
A58: 28220000 | B58: AMORTISSEMENT/CONS | C58: -3314918.3 | D58: 0 | E58: 0 | F58: =SUMIF('OD 02-23'!A:A,A58,'OD 02-23'!D:D) -> 0 | G58: =SUMIF('OD 02-23'!A:A,A58,'OD 02-23'!E:E) -> 34726.224 | H58: =+D58+F58-E58-G58 -> -34726.224 | I58: =+H58+C58 -> -3349644.5 | J58: Amortissement des immobilisations corporelles et incorp.
A59: 28225000 | B59: AMOR.INS.GEN.AG&A.C | C59: -211496.9 | D59: 0 | E59: 0 | F59: =SUMIF('OD 02-23'!A:A,A59,'OD 02-23'!D:D) -> 0 | G59: =SUMIF('OD 02-23'!A:A,A59,'OD 02-23'!E:E) -> 4097.312 | H59: =+D59+F59-E59-G59 -> -4097.312 | I59: =+H59+C59 -> -215594.22 | J59: Amortissement des immobilisations corporelles et incorp.
A60: 28230000 | B60: AMO.INS.TECH.M.OU.IN | C60: -24121.713 | D60: 0 | E60: 0 | F60: =SUMIF('OD 02-23'!A:A,A60,'OD 02-23'!D:D) -> 0 | G60: =SUMIF('OD 02-23'!A:A,A60,'OD 02-23'!E:E) -> 1672.1 | H60: =+D60+F60-E60-G60 -> -1672.1 | I60: =+H60+C60 -> -25793.813 | J60: Amortissement des immobilisations corporelles et incorp.
A61: 28234000 | B61: AMORT./MATERIEL IND. | C61: -14483936 | D61: 0 | E61: 0 | F61: =SUMIF('OD 02-23'!A:A,A61,'OD 02-23'!D:D) -> 0 | G61: =SUMIF('OD 02-23'!A:A,A61,'OD 02-23'!E:E) -> 109549.5 | H61: =+D61+F61-E61-G61 -> -109549.5 | I61: =+H61+C61 -> -14593485 | J61: Amortissement des immobilisations corporelles et incorp.
A62: 28235000 | B62: AMORT./OUTIL.INDUST. | C62: -294962.07 | D62: 0 | E62: 0 | F62: =SUMIF('OD 02-23'!A:A,A62,'OD 02-23'!D:D) -> 0 | G62: =SUMIF('OD 02-23'!A:A,A62,'OD 02-23'!E:E) -> 6009.539 | H62: =+D62+F62-E62-G62 -> -6009.539 | I62: =+H62+C62 -> -300971.61 | J62: Amortissement des immobilisations corporelles et incorp.
A63: 28237000 | B63: AMOR./AGC&AMEG.M.O. | C63: -735206.65 | D63: 0 | E63: 0 | F63: =SUMIF('OD 02-23'!A:A,A63,'OD 02-23'!D:D) -> 0 | G63: =SUMIF('OD 02-23'!A:A,A63,'OD 02-23'!E:E) -> 1685.363 | H63: =+D63+F63-E63-G63 -> -1685.363 | I63: =+H63+C63 -> -736892.01 | J63: Amortissement des immobilisations corporelles et incorp.
A64: 28240000 | B64: AMORT.MAT.DE TRANS | C64: -508806.92 | D64: 0 | E64: 0 | F64: =SUMIF('OD 02-23'!A:A,A64,'OD 02-23'!D:D) -> 0 | G64: =SUMIF('OD 02-23'!A:A,A64,'OD 02-23'!E:E) -> 10647.098 | H64: =+D64+F64-E64-G64 -> -10647.098 | I64: =+H64+C64 -> -519454.01 | J64: Amortissement des immobilisations corporelles et incorp.
A65: 28282000 | B65: AMOR.EQUIP.DE BURE. | C65: -180076.84 | D65: 0 | E65: 0 | F65: =SUMIF('OD 02-23'!A:A,A65,'OD 02-23'!D:D) -> 0 | G65: =SUMIF('OD 02-23'!A:A,A65,'OD 02-23'!E:E) -> 4171.114 | H65: =+D65+F65-E65-G65 -> -4171.114 | I65: =+H65+C65 -> -184247.95 | J65: Amortissement des immobilisations corporelles et incorp.
A66: 28283000 | B66: AMORT. MAT.INFORMATIQUES | C66: -96560.651 | D66: 0 | E66: 0 | F66: =SUMIF('OD 02-23'!A:A,A66,'OD 02-23'!D:D) -> 0 | G66: =SUMIF('OD 02-23'!A:A,A66,'OD 02-23'!E:E) -> 1937.649 | H66: =+D66+F66-E66-G66 -> -1937.649 | I66: =+H66+C66 -> -98498.3 | J66: Amortissement des immobilisations corporelles et incorp.
A67: 28400000 | B67: Amort.immob.carc.jur.par | C67: -424483.02 | D67: 0 | E67: 0 | F67: =SUMIF('OD 02-23'!A:A,A67,'OD 02-23'!D:D) -> 0 | G67: =SUMIF('OD 02-23'!A:A,A67,'OD 02-23'!E:E) -> 5825.879 | H67: =+D67+F67-E67-G67 -> -5825.879 | I67: =+H67+C67 -> -430308.9 | J67: Amortissement des immobilisations corporelles et incorp.
A68: 29220000 | B68: CONSTRUCTIONS | C68: 0 | D68: 0 | E68: 0 | F68: =SUMIF('OD 02-23'!A:A,A68,'OD 02-23'!D:D) -> 0 | G68: =SUMIF('OD 02-23'!A:A,A68,'OD 02-23'!E:E) -> 0 | H68: =+D68+F68-E68-G68 -> 0 | I68: =+H68+C68 -> 0
A69: 29282000 | B69: EQUIPEMENT DE BURE. | C69: 0 | D69: 0 | E69: 0 | F69: =SUMIF('OD 02-23'!A:A,A69,'OD 02-23'!D:D) -> 0 | G69: =SUMIF('OD 02-23'!A:A,A69,'OD 02-23'!E:E) -> 0 | H69: =+D69+F69-E69-G69 -> 0 | I69: =+H69+C69 -> 0
A70: 29286500 | B70: MATERIELS D'EMBALAG. | C70: 0 | D70: 0 | E70: 0 | F70: =SUMIF('OD 02-23'!A:A,A70,'OD 02-23'!D:D) -> 0 | G70: =SUMIF('OD 02-23'!A:A,A70,'OD 02-23'!E:E) -> 0 | H70: =+D70+F70-E70-G70 -> 0 | I70: =+H70+C70 -> 0 | J70: Immobilisations corporelles et incorp.
A71: 29700000 | B71: PROV.P.DEPR.AU.IM.FIN | C71: -29257.385 | D71: 0 | E71: 0 | F71: =SUMIF('OD 02-23'!A:A,A71,'OD 02-23'!D:D) -> 0 | G71: =SUMIF('OD 02-23'!A:A,A71,'OD 02-23'!E:E) -> 0 | H71: =+D71+F71-E71-G71 -> 0 | I71: =+H71+C71 -> -29257.385 | J71: Provision pour dép.Imm Financières
A72: 31100000 | B72: MATIERE PREMIERE | C72: 10236707 | D72: 0 | E72: 0 | F72: =SUMIF('OD 02-23'!A:A,A72,'OD 02-23'!D:D) -> 10534048 | G72: =SUMIF('OD 02-23'!A:A,A72,'OD 02-23'!E:E) -> 10236707 | H72: =+D72+F72-E72-G72 -> 297341.75 | I72: =+H72+C72 -> 10534048 | J72: Stocks
A73: 32200000 | B73: FOURNITURES CONSO. | C73: 596194.15 | D73: 0 | E73: 0 | F73: =SUMIF('OD 02-23'!A:A,A73,'OD 02-23'!D:D) -> 657159.82 | G73: =SUMIF('OD 02-23'!A:A,A73,'OD 02-23'!E:E) -> 596194.15 | H73: =+D73+F73-E73-G73 -> 60965.662 | I73: =+H73+C73 -> 657159.82 | J73: Stocks
A74: 33100000 | B74: PRODUITS EN COURS | C74: 858839.5 | D74: 0 | E74: 0 | F74: =SUMIF('OD 02-23'!A:A,A74,'OD 02-23'!D:D) -> 796673.53 | G74: =SUMIF('OD 02-23'!A:A,A74,'OD 02-23'!E:E) -> 858839.5 | H74: =+D74+F74-E74-G74 -> -62165.969 | I74: =+H74+C74 -> 796673.53 | J74: Stocks
A75: 33500000 | B75: TRAVAUX EN COURS | C75: 0 | D75: 0 | E75: 0 | F75: =SUMIF('OD 02-23'!A:A,A75,'OD 02-23'!D:D) -> 0 | G75: =SUMIF('OD 02-23'!A:A,A75,'OD 02-23'!E:E) -> 0 | H75: =+D75+F75-E75-G75 -> 0 | I75: =+H75+C75 -> 0
A76: 34100000 | B76: ETUDES EN COURS | C76: 0 | D76: 0 | E76: 0 | F76: =SUMIF('OD 02-23'!A:A,A76,'OD 02-23'!D:D) -> 0 | G76: =SUMIF('OD 02-23'!A:A,A76,'OD 02-23'!E:E) -> 0 | H76: =+D76+F76-E76-G76 -> 0 | I76: =+H76+C76 -> 0
A77: 35500000 | B77: PRODUITS FINIS | C77: 3237104.3 | D77: 0 | E77: 0 | F77: =SUMIF('OD 02-23'!A:A,A77,'OD 02-23'!D:D) -> 3105737 | G77: =SUMIF('OD 02-23'!A:A,A77,'OD 02-23'!E:E) -> 3237104.3 | H77: =+D77+F77-E77-G77 -> -131367.31 | I77: =+H77+C77 -> 3105737 | J77: Stocks
A78: 39000000 | B78: PROVISIONS P.DEPR.STO | C78: -60168.119 | D78: 0 | E78: 0 | F78: =SUMIF('OD 02-23'!A:A,A78,'OD 02-23'!D:D) -> 0 | G78: =SUMIF('OD 02-23'!A:A,A78,'OD 02-23'!E:E) -> 0 | H78: =+D78+F78-E78-G78 -> 0 | I78: =+H78+C78 -> -60168.119 | J78: Provision sur dépr.stock
A79: 40100000 | B79: FOURNISSEURS LOCAU | C79: -3098320.1 | D79: 3364780.9 | E79: 2814259.9 | F79: =SUMIF('OD 02-23'!A:A,A79,'OD 02-23'!D:D) -> 4926.35 | G79: =SUMIF('OD 02-23'!A:A,A79,'OD 02-23'!E:E) -> 0 | H79: =+D79+F79-E79-G79 -> 555447.37 | I79: =+H79+C79 -> -2542872.7 | J79: Fournisseurs & comptes rattachés
A80: 40300000 | B80: FOURNIS.LOC.EFFE.A.P | C80: -353416.8 | D80: 215729 | E80: 450832.65 | F80: =SUMIF('OD 02-23'!A:A,A80,'OD 02-23'!D:D) -> 0 | G80: =SUMIF('OD 02-23'!A:A,A80,'OD 02-23'!E:E) -> 0 | H80: =+D80+F80-E80-G80 -> -235103.65 | I80: =+H80+C80 -> -588520.44 | J80: Fournisseurs & comptes rattachés
A81: 40301000 | B81: FOUR.LOC.EFF.A.P.I.GRO | C81: 0 | D81: 0 | E81: 0 | F81: =SUMIF('OD 02-23'!A:A,A81,'OD 02-23'!D:D) -> 0 | G81: =SUMIF('OD 02-23'!A:A,A81,'OD 02-23'!E:E) -> 0 | H81: =+D81+F81-E81-G81 -> 0 | I81: =+H81+C81 -> 0
A82: 40400000 | B82: FOURNIS.D'IMMOBILISA. | C82: 9.999983e-05 | D82: 0 | E82: 0 | F82: =SUMIF('OD 02-23'!A:A,A82,'OD 02-23'!D:D) -> 0 | G82: =SUMIF('OD 02-23'!A:A,A82,'OD 02-23'!E:E) -> 0 | H82: =+D82+F82-E82-G82 -> 0 | I82: =+H82+C82 -> 9.999983e-05
A83: 40470000 | B83: FSSR RETENU DE GARANTIE | C83: 0 | D83: 0 | E83: 0 | F83: =SUMIF('OD 02-23'!A:A,A83,'OD 02-23'!D:D) -> 0 | G83: =SUMIF('OD 02-23'!A:A,A83,'OD 02-23'!E:E) -> 0 | H83: =+D83+F83-E83-G83 -> 0 | I83: =+H83+C83 -> 0
A84: 40600000 | B84: FOURNISSEURS ETRAN. | C84: -2259922.7 | D84: 0 | E84: 608865.59 | F84: =SUMIF('OD 02-23'!A:A,A84,'OD 02-23'!D:D) -> 0 | G84: =SUMIF('OD 02-23'!A:A,A84,'OD 02-23'!E:E) -> 0 | H84: =+D84+F84-E84-G84 -> -608865.59 | I84: =+H84+C84 -> -2868788.3 | J84: Fournisseurs & comptes rattachés
A85: 40800000 | B85: FOUR.FACT.N.PARVENU | C85: -4980 | D85: 0 | E85: 0 | F85: =SUMIF('OD 02-23'!A:A,A85,'OD 02-23'!D:D) -> 0 | G85: =SUMIF('OD 02-23'!A:A,A85,'OD 02-23'!E:E) -> 0 | H85: =+D85+F85-E85-G85 -> 0 | I85: =+H85+C85 -> -4980 | J85: Fournisseurs & comptes rattachés
A86: 40860000 | B86: FOUR.ETR.FACT.N.PAR | C86: 0 | D86: 0 | E86: 0 | F86: =SUMIF('OD 02-23'!A:A,A86,'OD 02-23'!D:D) -> 0 | G86: =SUMIF('OD 02-23'!A:A,A86,'OD 02-23'!E:E) -> 0 | H86: =+D86+F86-E86-G86 -> 0 | I86: =+H86+C86 -> 0
A87: 40910000 | B87: FOURN.AV&ACP.CERS.COM | C87: 0 | D87: 0 | E87: 0 | F87: =SUMIF('OD 02-23'!A:A,A87,'OD 02-23'!D:D) -> 0 | G87: =SUMIF('OD 02-23'!A:A,A87,'OD 02-23'!E:E) -> 0 | H87: =+D87+F87-E87-G87 -> 0 | I87: =+H87+C87 -> 0 | J87: Autres actifs courants
A88: 41100000 | B88: CLIENTS | C88: 13483895 | D88: 4158853.7 | E88: 3924978.8 | F88: =SUMIF('OD 02-23'!A:A,A88,'OD 02-23'!D:D) -> 65310.438 | G88: =SUMIF('OD 02-23'!A:A,A88,'OD 02-23'!E:E) -> 0 | H88: =+D88+F88-E88-G88 -> 299185.33 | I88: =+H88+C88 -> 13783080 | J88: Clients et comptes rattachés
A89: 41301000 | B89: CLIENTS EFETS A RECEV | C89: 0 | D89: 0 | E89: 0 | F89: =SUMIF('OD 02-23'!A:A,A89,'OD 02-23'!D:D) -> 0 | G89: =SUMIF('OD 02-23'!A:A,A89,'OD 02-23'!E:E) -> 0 | H89: =+D89+F89-E89-G89 -> 0 | I89: =+H89+C89 -> 0
A90: 41500000 | B90: CLIENTS ETRANGERS | C90: 2691324.4 | D90: 623187.01 | E90: 0 | F90: =SUMIF('OD 02-23'!A:A,A90,'OD 02-23'!D:D) -> 0 | G90: =SUMIF('OD 02-23'!A:A,A90,'OD 02-23'!E:E) -> 0 | H90: =+D90+F90-E90-G90 -> 623187.01 | I90: =+H90+C90 -> 3314511.4 | J90: Clients et comptes rattachés
A91: 41601000 | B91: EFFETS IMPAYES | C91: 0 | D91: 0 | E91: 0 | F91: =SUMIF('OD 02-23'!A:A,A91,'OD 02-23'!D:D) -> 0 | G91: =SUMIF('OD 02-23'!A:A,A91,'OD 02-23'!E:E) -> 0 | H91: =+D91+F91-E91-G91 -> 0 | I91: =+H91+C91 -> 0
A92: 41800000 | B92: CLIENTS PROD.N.ENC.F | C92: 0 | D92: 0 | E92: 0 | F92: =SUMIF('OD 02-23'!A:A,A92,'OD 02-23'!D:D) -> 0 | G92: =SUMIF('OD 02-23'!A:A,A92,'OD 02-23'!E:E) -> 0 | H92: =+D92+F92-E92-G92 -> 0 | I92: =+H92+C92 -> 0
A93: 41910000 | B93: CLIE. AV&ACPT.REC.COMM | C93: 0 | D93: 0 | E93: 0 | F93: =SUMIF('OD 02-23'!A:A,A93,'OD 02-23'!D:D) -> 0 | G93: =SUMIF('OD 02-23'!A:A,A93,'OD 02-23'!E:E) -> 0 | H93: =+D93+F93-E93-G93 -> 0 | I93: =+H93+C93 -> 0
A94: 42100000 | B94: PERSON.AVA.ET.ACOMP | C94: 0 | D94: 0 | E94: 0 | F94: =SUMIF('OD 02-23'!A:A,A94,'OD 02-23'!D:D) -> 0 | G94: =SUMIF('OD 02-23'!A:A,A94,'OD 02-23'!E:E) -> 0 | H94: =+D94+F94-E94-G94 -> 0 | I94: =+H94+C94 -> 0
A95: 42110000 | B95: AVANCES AUTOM./ARO | C95: 0 | D95: 0 | E95: 0 | F95: =SUMIF('OD 02-23'!A:A,A95,'OD 02-23'!D:D) -> 0 | G95: =SUMIF('OD 02-23'!A:A,A95,'OD 02-23'!E:E) -> 0 | H95: =+D95+F95-E95-G95 -> 0 | I95: =+H95+C95 -> 0
A96: 42120000 | B96: PRETS SUR SALAIRES | C96: 13891.007 | D96: 0 | E96: 4900 | F96: =SUMIF('OD 02-23'!A:A,A96,'OD 02-23'!D:D) -> 0 | G96: =SUMIF('OD 02-23'!A:A,A96,'OD 02-23'!E:E) -> 0 | H96: =+D96+F96-E96-G96 -> -4900 | I96: =+H96+C96 -> 8991.007 | J96: Autres actifs courants
A97: 42400000 | B97: ASSURANCE GROUPE | C97: 0 | D97: 0 | E97: 0 | F97: =SUMIF('OD 02-23'!A:A,A97,'OD 02-23'!D:D) -> 0 | G97: =SUMIF('OD 02-23'!A:A,A97,'OD 02-23'!E:E) -> 0 | H97: =+D97+F97-E97-G97 -> 0 | I97: =+H97+C97 -> 0
A98: 42500000 | B98: PERS.REMUNERA.DUES | C98: -235189.63 | D98: 1864.724 | E98: 239058.64 | F98: =SUMIF('OD 02-23'!A:A,A98,'OD 02-23'!D:D) -> 0 | G98: =SUMIF('OD 02-23'!A:A,A98,'OD 02-23'!E:E) -> 0 | H98: =+D98+F98-E98-G98 -> -237193.92 | I98: =+H98+C98 -> -472383.55 | J98: Autres passifs courants
A99: 42700000 | B99: OPPOSITIONS | C99: 0 | D99: 0 | E99: 0 | F99: =SUMIF('OD 02-23'!A:A,A99,'OD 02-23'!D:D) -> 0 | G99: =SUMIF('OD 02-23'!A:A,A99,'OD 02-23'!E:E) -> 0 | H99: =+D99+F99-E99-G99 -> 0 | I99: =+H99+C99 -> 0
A100: 42710000 | B100: PRETS CNSS | C100: -1324.635 | D100: 1324.639 | E100: 1324.635 | F100: =SUMIF('OD 02-23'!A:A,A100,'OD 02-23'!D:D) -> 0 | G100: =SUMIF('OD 02-23'!A:A,A100,'OD 02-23'!E:E) -> 0 | H100: =+D100+F100-E100-G100 -> 0.004 | I100: =+H100+C100 -> -1324.631 | J100: Autres passifs courants
...

Sheet BAL 03-23
A1: Compte | B1: Libelle | C1: SoldeDebut | D1: Debit | E1: Crédit | F1: Debit OD | G1: Credit OD | H1: Variation | I1: Solde Fin | J1: Affect° 2023
A2: 10100000 | B2: CAPITAL SOCIAL | C2: -13500000 | D2: 0 | E2: 0 | F2: 0 | G2: 0 | H2: 0 | I2: -13500000 | J2: Capital social
A3: 11101000 | B3: RESERVES LEGALES | C3: -1200000 | D3: 0 | E3: 0 | F3: 0 | G3: 0 | H3: 0 | I3: -1200000 | J3: Réserves légales
A4: 12100000 | B4: RESULTAT REPORTES | C4: -18559399 | D4: 0 | E4: 0 | F4: 0 | G4: 0 | H4: 0 | I4: -18559399 | J4: Résultats reportés
A5: 12200000 | B5: ammortisssemnts differes | C5: 0 | D5: 0 | E5: 0 | F5: 0 | G5: 0 | H5: 0 | I5: 0
A6: 12800000 | B6: MODI.COM.EFF.RLT.REP | C6: 3022190.2 | D6: 0 | E6: 0 | F6: 0 | G6: 0 | H6: 0 | I6: 3022190.2 | J6: Modification comptable
A7: 13000000 | B7: RESULT. DE L'EXERCIC. | C7: 0 | D7: 0 | E7: 0 | F7: 0 | G7: 0 | H7: 0 | I7: 0
A8: 14500000 | B8: SUBVENTIONS D'INVES. | C8: -3479108.8 | D8: 0 | E8: 0 | F8: 0 | G8: 0 | H8: 0 | I8: -3479108.8 | J8: Subvention d'investissement
A9: 14508000 | B9: AMORT.DES SUBV.D'INV | C9: 2400564 | D9: 0 | E9: 0 | F9: 21896.933 | G9: 0 | H9: 21896.933 | I9: 2422460.9 | J9: Amortissement subvention d'investissement
A10: 15100000 | B10: PROVI.POUR RISQUES | C10: -22564.956 | D10: 0 | E10: 0 | F10: 0 | G10: 0 | H10: 0 | I10: -22564.956 | J10: Provision pour risque et charges
A11: 16210250 | B11: CREDIT STUSID | C11: 0 | D11: 0 | E11: 0 | F11: 0 | G11: 0 | H11: 0 | I11: 0
A12: 16210500 | B12: CREDITS STB | C12: -1041666.7 | D12: 0 | E12: 0 | F12: 0 | G12: 0 | H12: 0 | I12: -1041666.7 | J12: Emprunts
A13: 16210960 | B13: CREDITS B.T.K.D | C13: 0 | D13: 0 | E13: 0 | F13: 0 | G13: 0 | H13: 0 | I13: 0
A14: 16400000 | B14: EMPT.DET.AS.COND.PA. | C14: -173470.93 | D14: 0 | E14: 61996.023 | F14: 0 | G14: 0 | H14: -61996.023 | I14: -235466.96 | J14: Emprunts
A15: 18800000 | B15: AUTRES | C15: 0 | D15: 0 | E15: 0 | F15: 0 | G15: 0 | H15: 0 | I15: 0
A16: 21100000 | B16: INVEST.DE RECH.ET DE | C16: 0 | D16: 0 | E16: 0 | F16: 0 | G16: 0 | H16: 0 | I16: 0
A17: 21300000 | B17: LOGICIELS | C17: 82659.227 | D17: 0 | E17: 0 | F17: 0 | G17: 0 | H17: 0 | I17: 82659.227 | J17: Immobilisations corporelles et incorp.
A18: 22000000 | B18: IMMOBIL.CORPORELLES | C18: 0 | D18: 0 | E18: 0 | F18: 0 | G18: 0 | H18: 0 | I18: 0
A19: 22100000 | B19: TERRAINS | C19: 1275724 | D19: 0 | E19: 0 | F19: 0 | G19: 0 | H19: 0 | I19: 1275724 | J19: Immobilisations corporelles et incorp.
A20: 22160000 | B20: AGEN.AMENAG.D.TERAI | C20: 161921.54 | D20: 0 | E20: 0 | F20: 0 | G20: 0 | H20: 0 | I20: 161921.54 | J20: Immobilisations corporelles et incorp.
A21: 22200000 | B21: CONSTURCTIONS | C21: 9027583.1 | D21: 0 | E21: 0 | F21: 0 | G21: 0 | H21: 0 | I21: 9027583.1 | J21: Immobilisations corporelles et incorp.
A22: 22250000 | B22: INSTAL.GL.AGE.AM.CON | C22: 601000.28 | D22: 0 | E22: 0 | F22: 0 | G22: 0 | H22: 0 | I22: 601000.28 | J22: Immobilisations corporelles et incorp.
A23: 22300000 | B23: INST.TECH.MAT&OUT.IN | C23: 65870.611 | D23: 4500 | E23: 0 | F23: 0 | G23: 0 | H23: 4500 | I23: 70370.611 | J23: Immobilisations corporelles et incorp.
A24: 22310000 | B24: INSTALLATIONS TECHN | C24: 0 | D24: 0 | E24: 0 | F24: 0 | G24: 0 | H24: 0 | I24: 0
A25: 22340000 | B25: MATERIEL INDUSTRIEL | C25: 22061292 | D25: 2007865.5 | E25: 0 | F25: 0 | G25: 0 | H25: 2007865.5 | I25: 24069157 | J25: Immobilisations corporelles et incorp.
A26: 22350000 | B26: OUTILLAGE INDUSTRIEL | C26: 604318.33 | D26: 2045.265 | E26: 0 | F26: 0 | G26: 0 | H26: 2045.265 | I26: 606363.59 | J26: Immobilisations corporelles et incorp.
A27: 22370000 | B27: AGEN.AME.MAT.OUT.IN | C27: 879252.86 | D27: 0 | E27: 0 | F27: 0 | G27: 0 | H27: 0 | I27: 879252.86 | J27: Immobilisations corporelles et incorp.
A28: 22400000 | B28: MATERIEL DE TRANSPORT | C28: 952007.86 | D28: 0 | E28: 0 | F28: 0 | G28: 0 | H28: 0 | I28: 952007.86 | J28: Immobilisations corporelles et incorp.
A29: 22810000 | B29: INSTAL.GLES.AG.AM.DI | C29: 0 | D29: 0 | E29: 0 | F29: 0 | G29: 0 | H29: 0 | I29: 0
A30: 22820000 | B30: EQUIPEMENTS DE BURE. | C30: 248969.93 | D30: 3607.383 | E30: 0 | F30: 0 | G30: 0 | H30: 3607.383 | I30: 252577.31 | J30: Immobilisations corporelles et incorp.
A31: 22830000 | B31: MATERIELS INFORMATIQUES | C31: 161504.57 | D31: 43088.079 | E31: 0 | F31: 0 | G31: 0 | H31: 43088.079 | I31: 204592.65 | J31: Immobilisations corporelles et incorp.
A32: 23000000 | B32: IMMOBILISATION EN CO | C32: 2e-05 | D32: 0 | E32: 0 | F32: 0 | G32: 0 | H32: 0 | I32: 2e-05
A33: 23200000 | B33: IMMO.COR.EN COURS | C33: 2440755.5 | D33: 0 | E33: 2007865.5 | F33: 0 | G33: 0 | H33: -2007865.5 | I33: 432889.96 | J33: Immobilisations corporelles et incorp.
A34: 23220000 | B34: CONSTRUC.EN COURS | C34: 44612.141 | D34: 45974.972 | E34: 0 | F34: 0 | G34: 0 | H34: 45974.972 | I34: 90587.113 | J34: Immobilisations corporelles et incorp.
A35: 23225000 | B35: INST.GEN.A.A.CONS.CO | C35: 0 | D35: 0 | E35: 0 | F35: 0 | G35: 0 | H35: 0 | I35: 0
A36: 23231000 | B36: INST.TECHNIQ.EN COU | C36: 0 | D36: 0 | E36: 0 | F36: 0 | G36: 0 | H36: 0 | I36: 0
A37: 23237000 | B37: A.A MAT&OUT.IND.EN C | C37: 0 | D37: 0 | E37: 0 | F37: 0 | G37: 0 | H37: 0 | I37: 0
A38: 23250000 | B38: Plantations en cours | C38: 0 | D38: 0 | E38: 0 | F38: 0 | G38: 0 | H38: 0 | I38: 0
A39: 23800000 | B39: AVC&ACP/COM IMM.INC | C39: 0 | D39: 0 | E39: 0 | F39: 0 | G39: 0 | H39: 0 | I39: 0
A40: 24000000 | B40: IMMOB.A STAT.JUR.PAR | C40: 703370.38 | D40: 86997.273 | E40: 0 | F40: 0 | G40: 0 | H40: 86997.273 | I40: 790367.65 | J40: Immobilisations corporelles et incorp.
A41: 25100000 | B41: TITRES DE PARTICIPAT. | C41: 0 | D41: 0 | E41: 0 | F41: 0 | G41: 0 | H41: 0 | I41: 0
A42: 25110000 | B42: TITRES DE PARTICIPAT.SND | C42: 266820 | D42: 0 | E42: 0 | F42: 0 | G42: 0 | H42: 0 | I42: 266820 | J42: Titres de Participation
A43: 25120000 | B43: TITRES DE PARTICIPAT.NHB | C43: 512700 | D43: 0 | E43: 0 | F43: 0 | G43: 0 | H43: 0 | I43: 512700 | J43: Titres de Participation
A44: 25130000 | B44: TITRES DE PARTICIP. TIP | C44: 677000 | D44: 0 | E44: 0 | F44: 0 | G44: 0 | H44: 0 | I44: 677000 | J44: Titres de Participation
A45: 25140000 | B45: TITRES PARTICIPATION SNR | C45: 3150000 | D45: 0 | E45: 0 | F45: 0 | G45: 0 | H45: 0 | I45: 3150000 | J45: Titres de Participation
A46: 25700000 | B46: CREAN.RAT.A DES PAR | C46: 0 | D46: 0 | E46: 0 | F46: 0 | G46: 0 | H46: 0 | I46: 0 | J46: Titres de Participation
A47: 25810000 | B47: AVANCE SUR PARTICIPATION | C47: 0 | D47: 0 | E47: 0 | F47: 0 | G47: 0 | H47: 0 | I47: 0
A48: 26400000 | B48: PRETS | C48: 0 | D48: 0 | E48: 0 | F48: 0 | G48: 0 | H48: 0 | I48: 0
A49: 26430000 | B49: PRETS AU PERSONNEL | C49: 0 | D49: 0 | E49: 0 | F49: 0 | G49: 0 | H49: 0 | I49: 0
A50: 26500000 | B50: DEPOTS ET CAUT.VERS | C50: 118597.14 | D50: 0 | E50: 0 | F50: 0 | G50: 0 | H50: 0 | I50: 118597.14 | J50: Dépôts et cautionnements
A51: 26510000 | B51: DEPOTS | C51: 0 | D51: 0 | E51: 0 | F51: 0 | G51: 0 | H51: 0 | I51: 0
A52: 26550000 | B52: CAUTIONNEMENTS | C52: 0 | D52: 0 | E52: 0 | F52: 0 | G52: 0 | H52: 0 | I52: 0
A53: 27100000 | B53: FRAIS PRELIMINAIRES | C53: 0 | D53: 0 | E53: 0 | F53: 0 | G53: 0 | H53: 0 | I53: 0
A54: 28100000 | B54: AMORT.DES IMM.INCOR | C54: 0 | D54: 0 | E54: 0 | F54: 0 | G54: 0 | H54: 0 | I54: 0
A55: 28110000 | B55: INVEST.DE RECH&DEVE | C55: 0 | D55: 0 | E55: 0 | F55: 0 | G55: 0 | H55: 0 | I55: 0
A56: 28130000 | B56: LOGICIELS | C56: -68376.684 | D56: 0 | E56: 0 | F56: 0 | G56: 696.567 | H56: -696.567 | I56: -69073.251 | J56: Amortissement des immobilisations corporelles et incorp.
A57: 28216000 | B57: AMOR.AGE.&AME.D.TER | C57: -145987.43 | D57: 0 | E57: 0 | F57: 0 | G57: 239.62 | H57: -239.62 | I57: -146227.05 | J57: Amortissement des immobilisations corporelles et incorp.
A58: 28220000 | B58: AMORTISSEMENT/CONS | C58: -3349644.5 | D58: 0 | E58: 0 | F58: 0 | G58: 38446.891 | H58: -38446.891 | I58: -3388091.4 | J58: Amortissement des immobilisations corporelles et incorp.
A59: 28225000 | B59: AMOR.INS.GEN.AG&A.C | C59: -215594.22 | D59: 0 | E59: 0 | F59: 0 | G59: 4536.31 | H59: -4536.31 | I59: -220130.53 | J59: Amortissement des immobilisations corporelles et incorp.
A60: 28230000 | B60: AMO.INS.TECH.M.OU.IN | C60: -25793.813 | D60: 0 | E60: 0 | F60: 0 | G60: 1965.484 | H60: -1965.484 | I60: -27759.297 | J60: Amortissement des immobilisations corporelles et incorp.
A61: 28234000 | B61: AMORT./MATERIEL IND. | C61: -14593485 | D61: 0 | E61: 0 | F61: 0 | G61: 120746.52 | H61: -120746.52 | I61: -14714232 | J61: Amortissement des immobilisations corporelles et incorp.
A62: 28235000 | B62: AMORT./OUTIL.INDUST. | C62: -300971.61 | D62: 0 | E62: 0 | F62: 0 | G62: 6592.121 | H62: -6592.121 | I62: -307563.73 | J62: Amortissement des immobilisations corporelles et incorp.
A63: 28237000 | B63: AMOR./AGC&AMEG.M.O. | C63: -736892.01 | D63: 0 | E63: 0 | F63: 0 | G63: 1865.937 | H63: -1865.937 | I63: -738757.95 | J63: Amortissement des immobilisations corporelles et incorp.
A64: 28240000 | B64: AMORT.MAT.DE TRANS | C64: -519454.01 | D64: 0 | E64: 0 | F64: 0 | G64: 11501.322 | H64: -11501.322 | I64: -530955.34 | J64: Amortissement des immobilisations corporelles et incorp.
A65: 28282000 | B65: AMOR.EQUIP.DE BURE. | C65: -184247.95 | D65: 0 | E65: 0 | F65: 0 | G65: 4549.418 | H65: -4549.418 | I65: -188797.37 | J65: Amortissement des immobilisations corporelles et incorp.
A66: 28283000 | B66: AMORT. MAT.INFORMATIQUES | C66: -98498.3 | D66: 0 | E66: 0 | F66: 0 | G66: 1766.688 | H66: -1766.688 | I66: -100264.99 | J66: Amortissement des immobilisations corporelles et incorp.
A67: 28400000 | B67: Amort.immob.carc.jur.par | C67: -430308.9 | D67: 0 | E67: 0 | F67: 0 | G67: 9557.126 | H67: -9557.126 | I67: -439866.03 | J67: Amortissement des immobilisations corporelles et incorp.
A68: 29220000 | B68: CONSTRUCTIONS | C68: 0 | D68: 0 | E68: 0 | F68: 0 | G68: 0 | H68: 0 | I68: 0
A69: 29282000 | B69: EQUIPEMENT DE BURE. | C69: 0 | D69: 0 | E69: 0 | F69: 0 | G69: 0 | H69: 0 | I69: 0
A70: 29286500 | B70: MATERIELS D'EMBALAG. | C70: 0 | D70: 0 | E70: 0 | F70: 0 | G70: 0 | H70: 0 | I70: 0 | J70: Immobilisations corporelles et incorp.
A71: 29700000 | B71: PROV.P.DEPR.AU.IM.FIN | C71: -29257.385 | D71: 0 | E71: 0 | F71: 0 | G71: 0 | H71: 0 | I71: -29257.385 | J71: Provision pour dép.Imm Financières
A72: 31100000 | B72: MATIERE PREMIERE | C72: 10534048 | D72: 0 | E72: 0 | F72: 10199370 | G72: 10534048 | H72: -334678.25 | I72: 10199370 | J72: Stocks
A73: 31200000 | B73: STOCK EN TRANSIT | C73: 0 | D73: 0 | E73: 0 | F73: 0 | G73: 0 | H73: 0 | I73: 0
A74: 32200000 | B74: FOURNITURES CONSO. | C74: 657159.82 | D74: 0 | E74: 0 | F74: 663413.21 | G74: 657159.82 | H74: 6253.392 | I74: 663413.21 | J74: Stocks
A75: 33100000 | B75: PRODUITS EN COURS | C75: 796673.53 | D75: 0 | E75: 0 | F75: 983716.76 | G75: 796673.53 | H75: 187043.22 | I75: 983716.75 | J75: Stocks
A76: 33500000 | B76: TRAVAUX EN COURS | C76: 0 | D76: 0 | E76: 0 | F76: 0 | G76: 0 | H76: 0 | I76: 0
A77: 34100000 | B77: ETUDES EN COURS | C77: 0 | D77: 0 | E77: 0 | F77: 0 | G77: 0 | H77: 0 | I77: 0
A78: 35500000 | B78: PRODUITS FINIS | C78: 3105737 | D78: 0 | E78: 0 | F78: 3856902.3 | G78: 3105737 | H78: 751165.32 | I78: 3856902.3 | J78: Stocks
A79: 39000000 | B79: PROVISIONS P.DEPR.STO | C79: -60168.119 | D79: 0 | E79: 0 | F79: 0 | G79: 0 | H79: 0 | I79: -60168.119 | J79: Provision sur dépr.stock
A80: 40100000 | B80: FOURNISSEURS LOCAU | C80: -2554074.8 | D80: 3554140.5 | E80: 3862254.2 | F80: 0 | G80: 0 | H80: -308113.71 | I80: -2862188.5 | J80: Fournisseurs & comptes rattachés
A81: 40300000 | B81: FOURNIS.LOC.EFFE.A.P | C81: -588520.44 | D81: 146584.62 | E81: 163363.05 | F81: 0 | G81: 0 | H81: -16778.43 | I81: -605298.87 | J81: Fournisseurs & comptes rattachés
A82: 40301000 | B82: FOUR.LOC.EFF.A.P.I.GRO | C82: 0 | D82: 0 | E82: 0 | F82: 0 | G82: 0 | H82: 0 | I82: 0
A83: 40400000 | B83: FOURNIS.D'IMMOBILISA. | C83: 9.999983e-05 | D83: 0 | E83: 0 | F83: 0 | G83: 0 | H83: 0 | I83: 9.999983e-05
A84: 40470000 | B84: FSSR RETENU DE GARANTIE | C84: 0 | D84: 0 | E84: 0 | F84: 0 | G84: 0 | H84: 0 | I84: 0
A85: 40600000 | B85: FOURNISSEURS ETRAN. | C85: -2868788.3 | D85: 812120.36 | E85: 371576.2 | F85: 0 | G85: 0 | H85: 440544.17 | I85: -2428244.1 | J85: Fournisseurs & comptes rattachés
A86: 40800000 | B86: FOUR.FACT.N.PARVENU | C86: -4980 | D86: 0 | E86: 0 | F86: 0 | G86: 0 | H86: 0 | I86: -4980 | J86: Fournisseurs & comptes rattachés
A87: 40860000 | B87: FOUR.ETR.FACT.N.PAR | C87: 0 | D87: 0 | E87: 0 | F87: 0 | G87: 0 | H87: 0 | I87: 0
A88: 40910000 | B88: FOURN.AV&ACP.CERS.COM | C88: 0 | D88: 0 | E88: 594010.82 | F88: 0 | G88: 0 | H88: -594010.82 | I88: -594010.82 | J88: Autres actifs courants
A89: 41100000 | B89: CLIENTS | C89: 13783080 | D89: 4033575.9 | E89: 5723653.3 | F89: 0 | G89: 65310.438 | H89: -1755387.8 | I89: 12027692 | J89: Clients et comptes rattachés
A90: 41301000 | B90: CLIENTS EFETS A RECEV | C90: 0 | D90: 0 | E90: 0 | F90: 0 | G90: 0 | H90: 0 | I90: 0
A91: 41500000 | B91: CLIENTS ETRANGERS | C91: 3314511.4 | D91: 820708.59 | E91: 1377313.3 | F91: 0 | G91: 0 | H91: -556604.71 | I91: 2757906.7 | J91: Clients et comptes rattachés
A92: 41601000 | B92: EFFETS IMPAYES | C92: 0 | D92: 0 | E92: 0 | F92: 0 | G92: 0 | H92: 0 | I92: 0
A93: 41800000 | B93: CLIENTS PROD.N.ENC.F | C93: 0 | D93: 0 | E93: 0 | F93: 0 | G93: 0 | H93: 0 | I93: 0
A94: 41910000 | B94: CLIE. AV&ACPT.REC.COMM | C94: 0 | D94: 0 | E94: 0 | F94: 0 | G94: 0 | H94: 0 | I94: 0
A95: 42100000 | B95: PERSON.AVA.ET.ACOMP | C95: 0 | D95: 0 | E95: 0 | F95: 0 | G95: 0 | H95: 0 | I95: 0
A96: 42110000 | B96: AVANCES AUTOM./ARO | C96: 0 | D96: 0 | E96: 0 | F96: 0 | G96: 0 | H96: 0 | I96: 0
A97: 42120000 | B97: PRETS SUR SALAIRES | C97: 8991.007 | D97: 0 | E97: 4700 | F97: 0 | G97: 0 | H97: -4700 | I97: 4291.007 | J97: Autres actifs courants
A98: 42400000 | B98: ASSURANCE GROUPE | C98: 0 | D98: 0 | E98: 0 | F98: 0 | G98: 0 | H98: 0 | I98: 0
A99: 42500000 | B99: PERS.REMUNERA.DUES | C99: -472383.55 | D99: 239058.64 | E99: 258240.77 | F99: 0 | G99: 0 | H99: -19182.131 | I99: -491565.68 | J99: Autres passifs courants
A100: 42700000 | B100: OPPOSITIONS | C100: 0 | D100: 0 | E100: 0 | F100: 0 | G100: 0 | H100: 0 | I100: 0
...

Sheet BAL 04-23
A2: Compte | B2: Libelle | C2: SoldeDebut | D2: Debit | E2: Crédit | F2: Debit OD | G2: Credit OD | H2: Variation | I2: Solde Fin | J2: Affect° 2023
A3: 10100000 | B3: CAPITAL SOCIAL | C3: -13500000 | D3: 0 | E3: 0 | F3: 0 | G3: 0 | H3: 0 | I3: -13500000 | J3: Capital social | K3: 0
A4: 11101000 | B4: RESERVES LEGALES | C4: -1200000 | D4: 0 | E4: 0 | F4: 0 | G4: 0 | H4: 0 | I4: -1200000 | J4: Réserves légales | K4: 0
A5: 12100000 | B5: RESULTAT REPORTES | C5: -18641004 | D5: 0 | E5: 0 | F5: 0 | G5: 0 | H5: 0 | I5: -18641004 | J5: Résultats reportés | K5: 0
A6: 12200000 | B6: ammortisssemnts differes | C6: 0 | D6: 0 | E6: 0 | F6: 0 | G6: 0 | H6: 0 | I6: 0 | J6: 0 | K6: 0
A7: 12800000 | B7: MODI.COM.EFF.RLT.REP | C7: 3022190.2 | D7: 0 | E7: 0 | F7: 0 | G7: 0 | H7: 0 | I7: 3022190.2 | J7: Modification comptable | K7: 0
A8: 13000000 | B8: RESULT. DE L'EXERCIC. | C8: 0 | D8: 0 | E8: 0 | F8: 0 | G8: 0 | H8: 0 | I8: 0 | J8: 0 | K8: 0
A9: 14500000 | B9: SUBVENTIONS D'INVES. | C9: -3479108.8 | D9: 0 | E9: 0 | F9: 0 | G9: 0 | H9: 0 | I9: -3479108.8 | J9: Subvention d'investissement | K9: 0
A10: 14508000 | B10: AMORT.DES SUBV.D'INV | C10: 2422460.9 | D10: 0 | E10: 0 | F10: 21896.933 | G10: 0 | H10: 21896.933 | I10: 2444357.8 | J10: Amortissement subvention d'investissement | K10: 0
A11: 15100000 | B11: PROVI.POUR RISQUES | C11: -22564.956 | D11: 0 | E11: 0 | F11: 0 | G11: 0 | H11: 0 | I11: -22564.956 | J11: Provision pour risque et charges | K11: 0
A12: 16210250 | B12: CREDIT STUSID | C12: 0 | D12: 0 | E12: 0 | F12: 0 | G12: 0 | H12: 0 | I12: 0 | J12: 0 | K12: 0
A13: 16210500 | B13: CREDITS STB | C13: -1041666.7 | D13: 0 | E13: 0 | F13: 0 | G13: 0 | H13: 0 | I13: -1041666.7 | J13: Emprunts | K13: 0
A14: 16210960 | B14: CREDITS B.T.K.D | C14: 0 | D14: 0 | E14: 0 | F14: 0 | G14: 0 | H14: 0 | I14: 0 | J14: 0 | K14: 0
A15: 16400000 | B15: EMPT.DET.AS.COND.PA. | C15: -235466.96 | D15: 0 | E15: 0 | F15: 0 | G15: 0 | H15: 0 | I15: -235466.96 | J15: Emprunts | K15: 0
A16: 18800000 | B16: AUTRES | C16: 0 | D16: 0 | E16: 0 | F16: 0 | G16: 0 | H16: 0 | I16: 0 | J16: 0 | K16: 0
A17: 21100000 | B17: INVEST.DE RECH.ET DE | C17: 0 | D17: 0 | E17: 0 | F17: 0 | G17: 0 | H17: 0 | I17: 0 | J17: 0 | K17: 0
A18: 21300000 | B18: LOGICIELS | C18: 82659.227 | D18: 0 | E18: 0 | F18: 0 | G18: 0 | H18: 0 | I18: 82659.227 | J18: Immobilisations corporelles et incorp. | K18: 0
A19: 22000000 | B19: IMMOBIL.CORPORELLES | C19: 0 | D19: 0 | E19: 0 | F19: 0 | G19: 0 | H19: 0 | I19: 0 | J19: 0 | K19: 0
A20: 22100000 | B20: TERRAINS | C20: 1275724 | D20: 0 | E20: 0 | F20: 0 | G20: 0 | H20: 0 | I20: 1275724 | J20: Immobilisations corporelles et incorp. | K20: 0
A21: 22160000 | B21: AGEN.AMENAG.D.TERAI | C21: 161921.54 | D21: 0 | E21: 0 | F21: 0 | G21: 0 | H21: 0 | I21: 161921.54 | J21: Immobilisations corporelles et incorp. | K21: 0
A22: 22200000 | B22: CONSTURCTIONS | C22: 9027583.1 | D22: 0 | E22: 0 | F22: 0 | G22: 0 | H22: 0 | I22: 9027583.1 | J22: Immobilisations corporelles et incorp. | K22: 0
A23: 22250000 | B23: INSTAL.GL.AGE.AM.CON | C23: 601000.28 | D23: 26900.622 | E23: 0 | F23: 0 | G23: 0 | H23: 26900.622 | I23: 627900.9 | J23: Immobilisations corporelles et incorp. | K23: 0
A24: 22300000 | B24: INST.TECH.MAT&OUT.IN | C24: 70370.611 | D24: 0 | E24: 0 | F24: 0 | G24: 0 | H24: 0 | I24: 70370.611 | J24: Immobilisations corporelles et incorp. | K24: 0
A25: 22310000 | B25: INSTALLATIONS TECHN | C25: 0 | D25: 0 | E25: 0 | F25: 0 | G25: 0 | H25: 0 | I25: 0 | J25: Immobilisations corporelles et incorp. | K25: 0
A26: 22340000 | B26: MATERIEL INDUSTRIEL | C26: 22061292 | D26: 108099.5 | E26: 13682.47 | F26: 0 | G26: 0 | H26: 94417.034 | I26: 22155709 | J26: Immobilisations corporelles et incorp. | K26: 0
A27: 22350000 | B27: OUTILLAGE INDUSTRIEL | C27: 606363.59 | D27: 4822.82 | E27: 0 | F27: 0 | G27: 0 | H27: 4822.82 | I27: 611186.41 | J27: Immobilisations corporelles et incorp. | K27: 0
A28: 22370000 | B28: AGEN.AME.MAT.OUT.IN | C28: 879252.86 | D28: 0 | E28: 0 | F28: 0 | G28: 0 | H28: 0 | I28: 879252.86 | J28: Immobilisations corporelles et incorp. | K28: 0
A29: 22400000 | B29: MATERIEL DE TRANSPORT | C29: 952007.86 | D29: 0 | E29: 0 | F29: 0 | G29: 0 | H29: 0 | I29: 952007.86 | J29: Immobilisations corporelles et incorp. | K29: 0
A30: 22810000 | B30: INSTAL.GLES.AG.AM.DI | C30: 0 | D30: 0 | E30: 0 | F30: 0 | G30: 0 | H30: 0 | I30: 0 | J30: 0 | K30: 0
A31: 22820000 | B31: EQUIPEMENTS DE BURE. | C31: 252577.31 | D31: 1077.3 | E31: 0 | F31: 0 | G31: 0 | H31: 1077.3 | I31: 253654.61 | J31: Immobilisations corporelles et incorp. | K31: 0
A32: 22830000 | B32: MATERIELS INFORMATIQUES | C32: 204592.65 | D32: 4905 | E32: 0 | F32: 0 | G32: 0 | H32: 4905 | I32: 209497.65 | J32: Immobilisations corporelles et incorp. | K32: 0
A33: 23000000 | B33: IMMOBILISATION EN CO | C33: 2e-05 | D33: 0 | E33: 0 | F33: 0 | G33: 0 | H33: 0 | I33: 2e-05 | J33: 0 | K33: 0
A34: 23200000 | B34: IMMO.COR.EN COURS | C34: 2440755.5 | D34: 0 | E34: 0 | F34: 0 | G34: 0 | H34: 0 | I34: 2440755.5 | J34: Immobilisations corporelles et incorp. | K34: 0
A35: 23220000 | B35: CONSTRUC.EN COURS | C35: 90587.113 | D35: 7335.824 | E35: 0 | F35: 0 | G35: 0 | H35: 7335.824 | I35: 97922.937 | J35: Immobilisations corporelles et incorp. | K35: 0
A36: 23225000 | B36: INST.GEN.A.A.CONS.CO | C36: 0 | D36: 0 | E36: 0 | F36: 0 | G36: 0 | H36: 0 | I36: 0 | J36: 0 | K36: 0
A37: 23231000 | B37: INST.TECHNIQ.EN COU | C37: 0 | D37: 0 | E37: 0 | F37: 0 | G37: 0 | H37: 0 | I37: 0 | J37: 0 | K37: 0
A38: 23237000 | B38: A.A MAT&OUT.IND.EN C | C38: 0 | D38: 0 | E38: 0 | F38: 0 | G38: 0 | H38: 0 | I38: 0 | J38: 0 | K38: 0
A39: 23250000 | B39: Plantations en cours | C39: 0 | D39: 0 | E39: 0 | F39: 0 | G39: 0 | H39: 0 | I39: 0 | J39: 0 | K39: 0
A40: 23800000 | B40: AVC&ACP/COM IMM.INC | C40: 0 | D40: 0 | E40: 0 | F40: 0 | G40: 0 | H40: 0 | I40: 0 | J40: 0 | K40: 0
A41: 24000000 | B41: IMMOB.A STAT.JUR.PAR | C41: 790367.65 | D41: 0 | E41: 0 | F41: 0 | G41: 0 | H41: 0 | I41: 790367.65 | J41: Immobilisations corporelles et incorp. | K41: 0
A42: 25100000 | B42: TITRES DE PARTICIPAT. | C42: 0 | D42: 0 | E42: 0 | F42: 0 | G42: 0 | H42: 0 | I42: 0 | J42: 0 | K42: 0
A43: 25110000 | B43: TITRES DE PARTICIPAT.SND | C43: 266820 | D43: 0 | E43: 0 | F43: 0 | G43: 0 | H43: 0 | I43: 266820 | J43: Titres de Participation | K43: 0
A44: 25120000 | B44: TITRES DE PARTICIPAT.NHB | C44: 512700 | D44: 0 | E44: 0 | F44: 0 | G44: 0 | H44: 0 | I44: 512700 | J44: Titres de Participation | K44: 0
A45: 25130000 | B45: TITRES DE PARTICIP. TIP | C45: 677000 | D45: 0 | E45: 0 | F45: 0 | G45: 0 | H45: 0 | I45: 677000 | J45: Titres de Participation | K45: 0
A46: 25140000 | B46: TITRES PARTICIPATION SNR | C46: 3150000 | D46: 0 | E46: 0 | F46: 0 | G46: 0 | H46: 0 | I46: 3150000 | J46: Titres de Participation | K46: 0
A47: 25700000 | B47: CREAN.RAT.A DES PAR | C47: 0 | D47: 0 | E47: 0 | F47: 0 | G47: 0 | H47: 0 | I47: 0 | J47: Titres de Participation | K47: 0
A48: 25810000 | B48: AVANCE SUR PARTICIPATION | C48: 0 | D48: 0 | E48: 0 | F48: 0 | G48: 0 | H48: 0 | I48: 0 | J48: 0 | K48: 0
A49: 26400000 | B49: PRETS | C49: 0 | D49: 0 | E49: 0 | F49: 0 | G49: 0 | H49: 0 | I49: 0 | J49: 0 | K49: 0
A50: 26430000 | B50: PRETS AU PERSONNEL | C50: 0 | D50: 0 | E50: 0 | F50: 0 | G50: 0 | H50: 0 | I50: 0 | J50: 0 | K50: 0
A51: 26500000 | B51: DEPOTS ET CAUT.VERS | C51: 118597.14 | D51: 0 | E51: 13000 | F51: 0 | G51: 0 | H51: -13000 | I51: 105597.14 | J51: Dépôts et cautionnements | K51: 0
A52: 26510000 | B52: DEPOTS | C52: 0 | D52: 0 | E52: 0 | F52: 0 | G52: 0 | H52: 0 | I52: 0 | J52: 0 | K52: 0
A53: 26550000 | B53: CAUTIONNEMENTS | C53: 0 | D53: 0 | E53: 0 | F53: 0 | G53: 0 | H53: 0 | I53: 0 | J53: 0 | K53: 0
A54: 27100000 | B54: FRAIS PRELIMINAIRES | C54: 0 | D54: 0 | E54: 0 | F54: 0 | G54: 0 | H54: 0 | I54: 0 | J54: 0 | K54: 0
A55: 28100000 | B55: AMORT.DES IMM.INCOR | C55: 0 | D55: 0 | E55: 0 | F55: 0 | G55: 0 | H55: 0 | I55: 0 | J55: 0 | K55: 0
A56: 28110000 | B56: INVEST.DE RECH&DEVE | C56: 0 | D56: 0 | E56: 0 | F56: 0 | G56: 0 | H56: 0 | I56: 0 | J56: 0 | K56: 0
A57: 28130000 | B57: LOGICIELS | C57: -69073.251 | D57: 0 | E57: 0 | F57: 0 | G57: 559.603 | H57: -559.603 | I57: -69632.854 | J57: Amortissement des immobilisations corporelles et incorp. | K57: 0
A58: 28216000 | B58: AMOR.AGE.&AME.D.TER | C58: -146227.05 | D58: 0 | E58: 0 | F58: 0 | G58: 231.89 | H58: -231.89 | I58: -146458.94 | J58: Amortissement des immobilisations corporelles et incorp. | K58: 0
A59: 28220000 | B59: AMORTISSEMENT/CONS | C59: -3388091.4 | D59: 0 | E59: 0 | F59: 0 | G59: 37206.669 | H59: -37206.669 | I59: -3425298.1 | J59: Amortissement des immobilisations corporelles et incorp. | K59: 0
A60: 28225000 | B60: AMOR.INS.GEN.AG&A.C | C60: -220130.53 | D60: 0 | E60: 0 | F60: 0 | G60: 6128.776 | H60: -6128.776 | I60: -226259.3 | J60: Amortissement des immobilisations corporelles et incorp. | K60: 0
A61: 28230000 | B61: AMO.INS.TECH.M.OU.IN | C61: -27759.297 | D61: 0 | E61: 0 | F61: 0 | G61: 1913.926 | H61: -1913.926 | I61: -29673.223 | J61: Amortissement des immobilisations corporelles et incorp. | K61: 0
A62: 28234000 | B62: AMORT./MATERIEL IND. | C62: -14714232 | D62: 0 | E62: 0 | F62: 0 | G62: 118474.77 | H62: -118474.77 | I62: -14832706 | J62: Amortissement des immobilisations corporelles et incorp. | K62: 0
A63: 28235000 | B63: AMORT./OUTIL.INDUST. | C63: -307563.73 | D63: 0 | E63: 0 | F63: 0 | G63: 6231.168 | H63: -6231.168 | I63: -313794.9 | J63: Amortissement des immobilisations corporelles et incorp. | K63: 0
A64: 28237000 | B64: AMOR./AGC&AMEG.M.O. | C64: -738757.95 | D64: 0 | E64: 0 | F64: 0 | G64: 1805.746 | H64: -1805.746 | I64: -740563.7 | J64: Amortissement des immobilisations corporelles et incorp. | K64: 0
A65: 28240000 | B65: AMORT.MAT.DE TRANS | C65: -530955.34 | D65: 0 | E65: 0 | F65: 0 | G65: 11130.312 | H65: -11130.312 | I65: -542085.65 | J65: Amortissement des immobilisations corporelles et incorp. | K65: 0
A66: 28282000 | B66: AMOR.EQUIP.DE BURE. | C66: -188797.37 | D66: 0 | E66: 0 | F66: 0 | G66: 4388.425 | H66: -4388.425 | I66: -193185.79 | J66: Amortissement des immobilisations corporelles et incorp. | K66: 0
A67: 28283000 | B67: AMORT. MAT.INFORMATIQUES | C67: -100264.99 | D67: 0 | E67: 0 | F67: 0 | G67: 6166.359 | H67: -6166.359 | I67: -106431.35 | J67: Amortissement des immobilisations corporelles et incorp. | K67: 0
A68: 28400000 | B68: Amort.immob.carc.jur.par | C68: -439866.03 | D68: 0 | E68: 0 | F68: 0 | G68: 7676.034 | H68: -7676.034 | I68: -447542.06 | J68: Amortissement des immobilisations corporelles et incorp. | K68: 0
A69: 29220000 | B69: CONSTRUCTIONS | C69: 0 | D69: 0 | E69: 0 | F69: 0 | G69: 0 | H69: 0 | I69: 0 | J69: 0 | K69: 0
A70: 29234000 | B70: PROV/MAT.INDUTRIEL | C70: -223876.88 | D70: 0 | E70: 0 | F70: 0 | G70: 0 | H70: 0 | I70: -223876.88 | J70: Provision pour dép.Imm corporelles et incorp. | K70: 0
A71: 29235000 | B71: PROV/OUTILLAGE INDUSTR | C71: -8171.429 | D71: 0 | E71: 0 | F71: 0 | G71: 0 | H71: 0 | I71: -8171.429 | J71: Provision pour dép.Imm corporelles et incorp. | K71: 0
A72: 29282000 | B72: EQUIPEMENT DE BURE. | C72: 0 | D72: 0 | E72: 0 | F72: 0 | G72: 0 | H72: 0 | I72: 0 | J72: 0 | K72: 0
A73: 29286500 | B73: MATERIELS D'EMBALAG. | C73: 0 | D73: 0 | E73: 0 | F73: 0 | G73: 0 | H73: 0 | I73: 0 | J73: Immobilisations corporelles et incorp. | K73: 0
A74: 29700000 | B74: PROV.P.DEPR.AU.IM.FIN | C74: -29257.385 | D74: 0 | E74: 0 | F74: 0 | G74: 0 | H74: 0 | I74: -29257.385 | J74: Provision pour dép.Imm Financières | K74: 0
A75: 31100000 | B75: MATIERE PREMIERE | C75: 10199370 | D75: 0 | E75: 0 | F75: 9874636.6 | G75: 10199370 | H75: -324733.46 | I75: 9874636.6 | J75: Stocks | K75: 0
A76: 31200000 | B76: STOCK EN TRANSIT | C76: 0 | D76: 0 | E76: 0 | F76: 0 | G76: 0 | H76: 0 | I76: 0 | J76: Stocks | K76: 0
A77: 32200000 | B77: FOURNITURES CONSO. | C77: 663413.21 | D77: 0 | E77: 0 | F77: 667822.4 | G77: 663413.21 | H77: 4409.193 | I77: 667822.4 | J77: Stocks | K77: 0
A78: 33100000 | B78: PRODUITS EN COURS | C78: 983716.75 | D78: 0 | E78: 0 | F78: 1082748.6 | G78: 983716.76 | H78: 99031.805 | I78: 1082748.6 | J78: Stocks | K78: 0
A79: 33500000 | B79: TRAVAUX EN COURS | C79: 0 | D79: 0 | E79: 0 | F79: 0 | G79: 0 | H79: 0 | I79: 0 | J79: 0 | K79: 0
A80: 34100000 | B80: ETUDES EN COURS | C80: 0 | D80: 0 | E80: 0 | F80: 0 | G80: 0 | H80: 0 | I80: 0 | J80: 0 | K80: 0
A81: 35500000 | B81: PRODUITS FINIS | C81: 3856902.3 | D81: 0 | E81: 0 | F81: 5501869.2 | G81: 3856902.3 | H81: 1644967 | I81: 5501869.2 | J81: Stocks | K81: 0
A82: 39000000 | B82: PROVISIONS P.DEPR.STO | C82: -60168.119 | D82: 0 | E82: 0 | F82: 0 | G82: 0 | H82: 0 | I82: -60168.119 | J82: Provision sur dépr.stock | K82: 0
A83: 40100000 | B83: FOURNISSEURS LOCAU | C83: -4384485.8 | D83: 4242927.2 | E83: 2633627.3 | F83: 0 | G83: 0 | H83: 1609299.8 | I83: -2775186 | J83: Fournisseurs & comptes rattachés | K83: 0
A84: 40300000 | B84: FOURNIS.LOC.EFFE.A.P | C84: -596686.61 | D84: 328271.54 | E84: 193983.49 | F84: 0 | G84: 0 | H84: 134288.05 | I84: -462398.56 | J84: Fournisseurs & comptes rattachés | K84: 0
A85: 40301000 | B85: FOUR.LOC.EFF.A.P.I.GRO | C85: 0 | D85: 0 | E85: 0 | F85: 0 | G85: 0 | H85: 0 | I85: 0 | J85: 0 | K85: 0
A86: 40400000 | B86: FOURNIS.D'IMMOBILISA. | C86: 9.999983e-05 | D86: 0 | E86: 0 | F86: 0 | G86: 0 | H86: 0 | I86: 9.999983e-05 | J86: 0 | K86: 0
A87: 40470000 | B87: FSSR RETENU DE GARANTIE | C87: 0 | D87: 0 | E87: 0 | F87: 0 | G87: 0 | H87: 0 | I87: 0 | J87: 0 | K87: 0
A88: 40600000 | B88: FOURNISSEURS ETRAN. | C88: -1337880.5 | D88: 657998.76 | E88: 1266533 | F88: 0 | G88: 0 | H88: -608534.25 | I88: -1946414.8 | J88: Fournisseurs & comptes rattachés | K88: 0
A89: 40800000 | B89: FOUR.FACT.N.PARVENU | C89: -4980 | D89: 0 | E89: 0 | F89: 0 | G89: 0 | H89: 0 | I89: -4980 | J89: Fournisseurs & comptes rattachés | K89: 0
A90: 40860000 | B90: FOUR.ETR.FACT.N.PAR | C90: 0 | D90: 0 | E90: 0 | F90: 0 | G90: 0 | H90: 0 | I90: 0 | J90: 0 | K90: 0
A91: 40910000 | B91: FOURN.AV&ACP.CERS.COM | C91: 579508.96 | D91: 0 | E91: 0 | F91: 0 | G91: 0 | H91: 0 | I91: 579508.96 | J91: Autres actifs courants | K91: 0
A92: 41100000 | B92: CLIENTS | C92: 12611877 | D92: 3061807 | E92: 3157805.3 | F92: 0 | G92: 0 | H92: -95998.34 | I92: 12515879 | J92: Clients et comptes rattachés | K92: 0
A93: 41301000 | B93: CLIENTS EFETS A RECEV | C93: 0 | D93: 0 | E93: 0 | F93: 0 | G93: 0 | H93: 0 | I93: 0 | J93: 0 | K93: 0
A94: 41500000 | B94: CLIENTS ETRANGERS | C94: 2050331.3 | D94: 0 | E94: 0 | F94: 0 | G94: 0 | H94: 0 | I94: 2050331.3 | J94: Clients et comptes rattachés | K94: 0
A95: 41601000 | B95: EFFETS IMPAYES | C95: 0 | D95: 0 | E95: 0 | F95: 0 | G95: 0 | H95: 0 | I95: 0 | J95: 0 | K95: 0
A96: 41800000 | B96: CLIENTS PROD.N.ENC.F | C96: 0 | D96: 0 | E96: 0 | F96: 0 | G96: 0 | H96: 0 | I96: 0 | J96: 0 | K96: 0
A97: 41910000 | B97: CLIE. AV&ACPT.REC.COMM | C97: 0 | D97: 0 | E97: 0 | F97: 0 | G97: 0 | H97: 0 | I97: 0 | J97: 0 | K97: 0
A98: 42100000 | B98: PERSON.AVA.ET.ACOMP | C98: 0 | D98: 0 | E98: 0 | F98: 0 | G98: 0 | H98: 0 | I98: 0 | J98: 0 | K98: 0
A99: 42110000 | B99: AVANCES AUTOM./ARO | C99: 0 | D99: 0 | E99: 0 | F99: 0 | G99: 0 | H99: 0 | I99: 0 | J99: 0 | K99: 0
A100: 42120000 | B100: PRETS SUR SALAIRES | C100: 4291.007 | D100: 22400 | E100: 50 | F100: 0 | G100: 0 | H100: 22350 | I100: 26641.007 | J100: Autres actifs courants | K100: 0
A101: 42400000 | B101: ASSURANCE GROUPE | C101: 0 | D101: 0 | E101: 0 | F101: 0 | G101: 0 | H101: 0 | I101: 0 | J101: 0 | K101: 0
...

Sheet OD 05-24
A1: CompteGen | B1: Libelle | C1: SoldeDebut | D1: Debit | E1: Credit | F1: Variation | G1: SoldeFin
A2: 13000000 | B2: RESULT. DE L'EXERCIC. | C2: -0.0001 | D2: 0 | E2: 0 | F2: 0 | G2: -0.0001
A3: 14508000 | B3: AMORT.DES SUBV.D'INV | C3: 0 | D3: 304236.28 | E3: 202824.19 | F3: 101412.1 | G3: 101412.1
A4: 22825000 | C4: 0.0002 | D4: 0 | E4: 0 | F4: 0 | G4: 0.0002
A5: 28130000 | B5: LOGICIELS | C5: 0.0001 | D5: 8427.609 | E5: 12683.692 | F5: -4256.083 | G5: -4256.0829
A6: 28216000 | B6: AMOR.AGE.&AME.D.TER | C6: 0.0004 | D6: 2311.171 | E6: 3478.351 | F6: -1167.18 | G6: -1167.1796
A7: 28220000 | B7: AMORTISSEMENT/CONS | C7: -0.0002 | D7: 376876.93 | E7: 567206.09 | F7: -190329.15 | G7: -190329.15
A8: 28225000 | B8: AMOR.INS.GEN.AG&A.C | C8: 0.0004 | D8: 73816.325 | E8: 106342.17 | F8: -32525.841 | G8: -32525.841
A9: 28230000 | B9: AMO.INS.TECH.M.OU.IN | C9: 0 | D9: 20608.751 | E9: 31489.711 | F9: -10880.96 | G9: -10880.96
A10: 28231000 | B10: AMORT./INST.TECHNIQ. | C10: 0 | D10: 655.442 | E10: 972.139 | F10: -316.697 | G10: -316.697
A11: 28234000 | B11: AMORT./MATERIEL IND. | C11: -0.0004 | D11: 1338126.8 | E11: 2020542.4 | F11: -682415.6 | G11: -682415.6
A12: 28235000 | B12: AMORT./OUTIL.INDUST. | C12: 0 | D12: 47110.33 | E12: 71258.508 | F12: -24148.178 | G12: -24148.178
A13: 28237000 | B13: AMOR./AGC&AMEG.M.O. | C13: -0.0002 | D13: 19970.323 | E13: 43923.515 | F13: -23953.192 | G13: -23953.192
A14: 28240000 | B14: AMORT.MAT.DE TRANS | C14: -0.0003 | D14: 132266.47 | E14: 218974.85 | F14: -86708.383 | G14: -86708.383
A15: 28282000 | B15: AMOR.EQUIP.DE BURE. | C15: 0.0002 | D15: 44330.873 | E15: 66760.609 | F15: -22429.736 | G15: -22429.736
A16: 28283000 | B16: AMORT.MAT.INFORMATIQUE | C16: 0.0001 | D16: 37613.791 | E16: 56807.434 | F16: -19193.643 | G16: -19193.643
... A96: 75600000 | B96: GAINS DE CHANGES | C96: 0 | D96: 22908.176 | E96: 22961.578 | F96: -53.402 | G96: -53.402

Sheet OD 07-24
A1: CompteGen | B1: Libelle | C1: SoldeDebut | D1: Debit | E1: Credit | F1: Variation | G1: SoldeFin
A2: 13000000 | B2: RESULT. DE L'EXERCIC. | C2: -0.0001 | D2: 0 | E2: 0 | F2: 0 | G2: -0.0001
A3: 14508000 | B3: AMORT.DES SUBV.D'INV | C3: 0 | D3: 567907.73 | E3: 425930.8 | F3: 141976.93 | G3: 141976.93
A4: 15100000 | B4: PROVI.POUR RISQUES | C4: 0 | D4: 20000 | E4: 60000 | F4: -40000 | G4: -40000
A5: 22825000 | C5: 0.0002 | D5: 0 | E5: 0 | F5: 0 | G5: 0.0002
A6: 28130000 | B6: LOGICIELS | C6: 0.0001 | D6: 18481.441 | E6: 26501.623 | F6: -8020.182 | G6: -8020.1819
A7: 28216000 | B7: AMOR.AGE.&AME.D.TER | C7: 0.0004 | D7: 4877.421 | E7: 6516.111 | F7: -1638.69 | G7: -1638.6896
A8: 28220000 | B8: AMORTISSEMENT/CONS | C8: -0.0002 | D8: 795348.98 | E8: 1062566.1 | F8: -267217.09 | G8: -267217.09
A9: 28225000 | B9: AMOR.INS.GEN.AG&A.C | C9: 0.0004 | D9: 144579.43 | E9: 188752.69 | F9: -44173.265 | G9: -44173.265
A10: 28230000 | B10: AMO.INS.TECH.M.OU.IN | C10: 0 | D10: 45038.03 | E10: 61395.738 | F10: -16357.708 | G10: -16357.708
A11: 28231000 | B11: AMORT./INST.TECHNIQ. | C11: 0 | D11: 1546.68 | E11: 2344.648 | F11: -797.968 | G11: -797.968
A12: 28234000 | B12: AMORT./MATERIEL IND. | C12: -0.0004 | D12: 2834294.3 | E12: 3783660.1 | F12: -949365.71 | G12: -949365.71
A13: 28235000 | B13: AMORT./OUTIL.INDUST. | C13: 0 | D13: 100361.55 | E13: 134635.51 | F13: -34273.957 | G13: -34273.957
A14: 28237000 | B14: AMOR./AGC&AMEG.M.O. | C14: -0.0002 | D14: 69741.371 | E14: 97486.045 | F14: -27744.674 | G14: -27744.674
A15: 28240000 | B15: AMORT.MAT.DE TRANS | C15: -0.0003 | D15: 317222.35 | E15: 427249.47 | F15: -110027.12 | G15: -110027.12
A16: 28282000 | B16: AMOR.EQUIP.DE BURE. | C16: 0.0002 | D16: 93721.906 | E16: 125334.59 | F16: -31612.679 | G16: -31612.679
A17: 28283000 | B17: AMORT.MAT.INFORMATIQUE | C17: 0.0001 | D17: 79942.468 | E17: 107469.77 | F17: -27527.306 | G17: -27527.306
... A109: 75600000 | B109: GAINS DE CHANGES | C109: 0 | D109: 23037.313 | E109: 23052.333 | F109: -15.02 | G109: -15.02
C110: =SUM(C2:C109) -> 1.7618285e-19 | D110: =SUM(D2:D109) -> 3.5106917e+08 | E110: =SUM(E2:E109) -> 3.5106917e+08 | F110: =SUM(F2:F109) -> -1.029111e-09 | G110: =SUM(G2:G109) -> -2.8917562e-09

Sheet OD 08-24
A1: CompteGen | B1: Libelle | C1: SoldeDebut | D1: Debit | E1: Credit | F1: Variation | G1: SoldeFin
A2: 13000000 | B2: RESULT. DE L'EXERCIC. | C2: -0.0001 | D2: 0 | E2: 0 | F2: 0 | G2: -0.0001
A3: 14508000 | B3: AMORT.DES SUBV.D'INV | C3: 0 | D3: 730167.09 | E3: 567907.73 | F3: 162259.35 | G3: 162259.35
A4: 15100000 | B4: PROVI.POUR RISQUES | C4: 0 | D4: 60000 | E4: 120000 | F4: -60000 | G4: -60000
A5: 22825000 | C5: 0.0002 | D5: 0 | E5: 0 | F5: 0 | G5: 0.0002
A6: 28130000 | B6: LOGICIELS | C6: 0.0001 | D6: 26501.623 | E6: 36746.324 | F6: -10244.701 | G6: -10244.701
A7: 28216000 | B7: AMOR.AGE.&AME.D.TER | C7: 0.0004 | D7: 6516.111 | E7: 8394.421 | F7: -1878.31 | G7: -1878.3096
A8: 28220000 | B8: AMORTISSEMENT/CONS | C8: -0.0002 | D8: 1062566.1 | E8: 1368857.4 | F8: -306291.29 | G8: -306291.29
A9: 28225000 | B9: AMOR.INS.GEN.AG&A.C | C9: 0.0004 | D9: 188752.69 | E9: 239383.92 | F9: -50631.227 | G9: -50631.227
A10: 28230000 | B10: AMO.INS.TECH.M.OU.IN | C10: 0 | D10: 61395.738 | E10: 80562.835 | F10: -19167.097 | G10: -19167.097
A11: 28231000 | B11: AMORT./INST.TECHNIQ. | C11: 0 | D11: 2344.648 | E11: 3421.826 | F11: -1077.178 | G11: -1077.178
A12: 28234000 | B12: AMORT./MATERIEL IND. | C12: -0.0004 | D12: 3783660.1 | E12: 4869002 | F12: -1085342 | G12: -1085342
A13: 28235000 | B13: AMORT./OUTIL.INDUST. | C13: 0 | D13: 134635.51 | E13: 174217.41 | F13: -39581.901 | G13: -39581.901
A14: 28237000 | B14: AMOR./AGC&AMEG.M.O. | C14: -0.0002 | D14: 97486.045 | E14: 127157.54 | F14: -29671.493 | G14: -29671.493
A15: 28240000 | B15: AMORT.MAT.DE TRANS | C15: -0.0003 | D15: 427249.47 | E15: 552856 | F15: -125606.53 | G15: -125606.53
A16: 28282000 | B16: AMOR.EQUIP.DE BURE. | C16: 0.0002 | D16: 125334.59 | E16: 161815.2 | F16: -36480.62 | G16: -36480.62
A17: 28283000 | B17: AMORT. MAT.INFORMATIQUES | C17: 0.0001 | D17: 107469.77 | E17: 139445.54 | F17: -31975.77 | G17: -31975.77
... A111: 75600000 | B111: GAINS DE CHANGES | C111: 0 | D111: 23052.333 | E111: 23052.333 | F111: 0 | G111: 0

Sheet OD 09-24
A1: CompteGen | B1: Libelle | C1: SoldeDebut | D1: Debit | E1: Credit | F1: Variation | G1: SoldeFin
A2: 13000000 | B2: RESULT. DE L'EXERCIC. | C2: -0.0001 | D2: 0 | E2: 0 | F2: 0 | G2: -0.0001
A3: 14508000 | B3: AMORT.DES SUBV.D'INV | C3: 0 | D3: 912708.86 | E3: 730167.09 | F3: 182541.77 | G3: 182541.77
A4: 15100000 | B4: PROVI.POUR RISQUES | C4: 0 | D4: 120000 | E4: 200000 | F4: -80000 | G4: -80000
A5: 22350000 | B5: OUTILLAGE INDUSTRIEL | C5: 0 | D5: 15062.4 | E5: 0 | F5: 15062.4 | G5: 15062.4
A6: 22825000 | C6: 0.0002 | D6: 0 | E6: 0 | F6: 0 | G6: 0.0002
A7: 28130000 | B7: LOGICIELS | C7: 0.0001 | D7: 36746.324 | E7: 49316.24 | F7: -12569.916 | G7: -12569.916
A8: 28216000 | B8: AMOR.AGE.&AME.D.TER | C8: 0.0004 | D8: 8394.421 | E8: 10504.621 | F8: -2110.2 | G8: -2110.1996
A9: 28220000 | B9: AMORTISSEMENT/CONS | C9: -0.0002 | D9: 1368857.4 | E9: 1712962.4 | F9: -344105.03 | G9: -344105.03
A10: 28225000 | B10: AMOR.INS.GEN.AG&A.C | C10: 0.0004 | D10: 239383.92 | E10: 295480.53 | F10: -56096.617 | G10: -56096.617
A11: 28230000 | B11: AMO.INS.TECH.M.OU.IN | C11: 0 | D11: 80562.835 | E11: 102448.7 | F11: -21885.86 | G11: -21885.86
A12: 28231000 | B12: AMORT./INST.TECHNIQ. | C12: 0 | D12: 3421.826 | E12: 5260.188 | F12: -1838.362 | G12: -1838.362
A13: 28234000 | B13: AMORT./MATERIEL IND. | C13: -0.0004 | D13: 4869002 | E13: 6084378.5 | F13: -1215376.5 | G13: -1215376.5
A14: 28235000 | B14: AMORT./OUTIL.INDUST. | C14: 0 | D14: 174217.41 | E14: 218581.78 | F14: -44364.371 | G14: -44364.371
A15: 28237000 | B15: AMOR./AGC&AMEG.M.O. | C15: -0.0002 | D15: 127157.54 | E15: 158693.69 | F15: -31536.156 | G15: -31536.156
A16: 28240000 | B16: AMORT.MAT.DE TRANS | C16: -0.0003 | D16: 552856 | E16: 691091.06 | F16: -138235.06 | G16: -138235.06
A17: 28282000 | B17: AMOR.EQUIP.DE BURE. | C17: 0.0002 | D17: 161815.2 | E17: 203172.89 | F17: -41357.683 | G17: -41357.683
A18: 28283000 | B18: AMORT.MAT.INFORMATIQUE | C18: 0.0001 | D18: 139445.54 | E18: 175794.53 | F18: -36348.989 | G18: -36348.989
... A115: 75600000 | B115: GAINS DE CHANGES | C115: 0 | D115: 23052.333 | E115: 23052.333 | F115: 0 | G115: 0

Sheet OD 10-24
A1: CompteGen | B1: Libelle | C1: SoldeDebut | D1: Debit | E1: Credit | F1: Variation | G1: SoldeFin
A2: 13000000 | B2: RESULT. DE L'EXERCIC. | C2: -0.0001 | D2: 0 | E2: 0 | F2: 0 | G2: -0.0001
A3: 14508000 | B3: AMORT.DES SUBV.D'INV | C3: 0 | D3: 1115533.1 | E3: 912708.86 | F3: 202824.19 | G3: 202824.19
A4: 15100000 | B4: PROVI.POUR RISQUES | C4: 0 | D4: 200000 | E4: 300000 | F4: -100000 | G4: -100000
A5: 22340000 | B5: MATERIEL INDUSTRIEL | C5: 0 | D5: 9020 | E5: 0 | F5: 9020 | G5: 9020
A6: 22350000 | B6: OUTILLAGE INDUSTRIEL | C6: 0 | D6: 15062.4 | E6: 15062.4 | F6: 0 | G6: 0
A7: 22825000 | C7: 0.0002 | D7: 0 | E7: 0 | F7: 0 | G7: 0.0002
A8: 28130000 | B8: LOGICIELS | C8: 0.0001 | D8: 49316.24 | E8: 64295.178 | F8: -14978.938 | G8: -14978.938
A9: 28216000 | B9: AMOR.AGE.&AME.D.TER | C9: 0.0004 | D9: 10504.621 | E9: 12854.441 | F9: -2349.82 | G9: -2349.8196
A10: 28220000 | B10: AMORTISSEMENT/CONS | C10: -0.0002 | D10: 1712962.4 | E10: 2096141.6 | F10: -383179.22 | G10: -383179.22
A11: 28225000 | B11: AMOR.INS.GEN.AG&A.C | C11: 0.0004 | D11: 295480.53 | E11: 357683.58 | F11: -62203.04 | G11: -62203.04
A12: 28230000 | B12: AMO.INS.TECH.M.OU.IN | C12: 0 | D12: 102448.7 | E12: 127143.94 | F12: -24695.249 | G12: -24695.249
A13: 28231000 | B13: AMORT./INST.TECHNIQ. | C13: 0 | D13: 5260.188 | E13: 7885.107 | F13: -2624.919 | G13: -2624.919
A14: 28234000 | B14: AMORT./MATERIEL IND. | C14: -0.0004 | D14: 6084378.5 | E14: 7435489.3 | F14: -1351110.8 | G14: -1351110.8
A15: 28235000 | B15: AMORT./OUTIL.INDUST. | C15: 0 | D15: 218581.78 | E15: 267616.41 | F15: -49034.635 | G15: -49034.635
A16: 28237000 | B16: AMOR./AGC&AMEG.M.O. | C16: -0.0002 | D16: 158693.69 | E16: 192156.67 | F16: -33462.975 | G16: -33462.975
A17: 28240000 | B17: AMORT.MAT.DE TRANS | C17: -0.0003 | D17: 691091.06 | E17: 842361.4 | F17: -151270.34 | G17: -151270.34
A18: 28282000 | B18: AMOR.EQUIP.DE BURE. | C18: 0.0002 | D18: 203172.89 | E18: 249660.44 | F18: -46487.554 | G18: -46487.554
A19: 28283000 | B19: AMORT.MAT.INFORMATIQUE | C19: 0.0001 | D19: 175794.53 | E19: 216733.14 | F19: -40938.612 | G19: -40938.612
... A118: 75600000 | B118: GAINS DE CHANGES | C118: 0 | D118: 23052.333 | E118: 23093.164 | F118: -40.831 | G118: -40.831
C119: =SUM(C2:C118) -> 1.7618285e-19 | D119: =SUM(D2:D118) -> 4.9232327e+08 | E119: =SUM(E2:E118) -> 4.9232327e+08 | F119: =SUM(F2:F118) -> 2.6831373e-09 | G119: =SUM(G2:G118) -> 4.5457824e-09

Sheet OD 11-24
A1: CompteGen | B1: Libelle | C1: SoldeDebut | D1: Debit | E1: Credit | F1: Variation | G1: SoldeFin
A2: 13000000 | B2: RESULT. DE L'EXERCIC. | C2: -0.0001 | D2: 0 | E2: 0 | F2: 0 | G2: -0.0001
A3: 14508000 | B3: AMORT.DES SUBV.D'INV | C3: 0 | D3: 1338639.7 | E3: 1115533.1 | F3: 223106.61 | G3: 223106.61
A4: 15100000 | B4: PROVI.POUR RISQUES | C4: 0 | D4: 300000 | E4: 420000 | F4: -120000 | G4: -120000
A5: 21300000 | B5: LOGICIELS | C5: 0 | D5: 42950.4 | E5: 0 | F5: 42950.4 | G5: 42950.4
A6: 22340000 | B6: MATERIEL INDUSTRIEL | C6: 0 | D6: 9020 | E6: 9020 | F6: 0 | G6: 0
A7: 22350000 | B7: OUTILLAGE INDUSTRIEL | C7: 0 | D7: 15062.4 | E7: 15062.4 | F7: 0 | G7: 0
A8: 22825000 | C8: 0.0002 | D8: 0 | E8: 0 | F8: 0 | G8: 0.0002
A9: 22830000 | B9: MAT. INFORMATIQUE | C9: 0 | D9: 12816.754 | E9: 0 | F9: 12816.754 | G9: 12816.754
A10: 28130000 | B10: LOGICIELS | C10: 0.0001 | D10: 64295.178 | E10: 81494.476 | F10: -17199.298 | G10: -17199.298
A11: 28216000 | B11: AMOR.AGE.&AME.D.TER | C11: 0.0004 | D11: 12854.441 | E11: 15436.151 | F11: -2581.71 | G11: -2581.7096
A12: 28220000 | B12: AMORTISSEMENT/CONS | C12: -0.0002 | D12: 2096141.6 | E12: 2517134.6 | F12: -420992.96 | G12: -420992.96
A13: 28225000 | B13: AMOR.INS.GEN.AG&A.C | C13: 0.0004 | D13: 357683.58 | E13: 425762.99 | F13: -68079.413 | G13: -68079.413
A14: 28230000 | B14: AMO.INS.TECH.M.OU.IN | C14: 0 | D14: 127143.94 | E14: 154557.96 | F14: -27414.012 | G14: -27414.012
A15: 28231000 | B15: AMORT./INST.TECHNIQ. | C15: 0 | D15: 7885.107 | E15: 11271.21 | F15: -3386.103 | G15: -3386.103
A16: 28234000 | B16: AMORT./MATERIEL IND. | C16: -0.0004 | D16: 7435489.3 | E16: 8929374.1 | F16: -1493884.8 | G16: -1493884.8
A17: 28235000 | B17: AMORT./OUTIL.INDUST. | C17: 0 | D17: 267616.41 | E17: 321253.58 | F17: -53637.169 | G17: -53637.169
A18: 28237000 | B18: AMOR./AGC&AMEG.M.O. | C18: -0.0002 | D18: 192156.67 | E18: 227484.31 | F18: -35327.638 | G18: -35327.638
A19: 28240000 | B19: AMORT.MAT.DE TRANS | C19: -0.0003 | D19: 842361.4 | E19: 1006246.5 | F19: -163885.13 | G19: -163885.13
A20: 28282000 | B20: AMOR.EQUIP.DE BURE. | C20: 0.0002 | D20: 249660.44 | E20: 301120.57 | F20: -51460.129 | G20: -51460.129
... A28: 35500000 | B28: PRODUITS FINIS | C28: 0 | D28: 17786464 | E28: 17533717 | F28: 252747.11 | G28: 252747.11
A29: 39000000 | B29: PROVISIONS P.DEPR.STO | C29: 0 | D29: 1902431.1 | E29: =2302431.134+100000 -> 2402431.1 | F29: =D29-E29 -> -500000 | G29: =C29+F29 -> -500000
A30: 40100000 | B30: FOURNISSEURS LOCAU | C30: 0 | D30: 823434.26 | E30: 823434.26 | F30: 0 | G30: 0
A31: 40120000 | B31: FOURN D'EXPLOIT ETRANGER (NOUR) | C31: 0.0003 | D31: 0 | E31: 0 | F31: 0 | G31: 0.0003
A32: 40600000 | B32: FOURNISSEURS ETRAN. | C32: 0 | D32: 6458286.8 | E32: 5515608.6 | F32: 942678.14 | G32: 942678.14
A33: 40800000 | B33: FOUR.FACT.N.PARVENU | C33: 0.0001 | D33: 0 | E33: 0 | F33: 0 | G33: 0.0001
A34: 40810000 | B34: FOUR.LOC.FAC.N.PARVE | C34: 0 | D34: 5123.701 | E34: 5123.701 | F34: 0 | G34: 0
A35: 41100000 | B35: CLIENTS | C35: -0.0004 | D35: 3998216.4 | E35: 34889.417 | F35: 3963327 | G35: 3963327
A36: 41500000 | B36: CLIENTS ETRANGERS | C36: -0.0004 | D36: 3757277.8 | E36: 3757277.8 | F36: 0 | G36: -0.0004
A37: 41800000 | B37: CLIENTS PROD.N.ENC.F | C37: 0.0004 | D37: 0 | E37: 0 | F37: 0 | G37: 0.0004
A38: 42820000 | B38: PROVISION/CONGE A PAYER | C38: 0 | D38: 3309487.5 | E38: 3569487.5 | F38: -260000 | G38: -260000
A39: 43625000 | B39: FODEC | C39: 0 | D39: 271.471 | E39: 30416.922 | F39: -30145.451 | G39: -30145.451
A40: 43627000 | B40: TPE | C40: 0 | D40: 1900.295 | E40: 212918.45 | F40: -211018.16 | G40: -211018.16
A41: 43671000 | B41: TVA COLLECTEE | C41: 0 | D41: 5570.579 | E41: 638370.21 | F41: -632799.63 | G41: -632799.63
... A120: 68170000 | B120: DOT.PROV.DEP.ACT.COU | C120: 0 | D120: 3575000 | E120: 2950000 | F120: 625000 | G120: 625000
A121: 68180000 | B121: DOT.AMO.PRO.L.MOD.COM | C121: 0 | D121: =2302431.134+100000 -> 2402431.1 | E121: 1902431.1 | F121: =D121-E121 -> 500000 | G121: =C121+F121 -> 500000
A122: 70000000 | B122: VEN.PRO.PRES.SERV.MARC | C122: 0 | D122: 27147.072 | E122: 3041707.2 | F122: -3014560.1 | G122: -3014560.1
A123: 70102000 | B123: VENT.PROD.FIN.ETRANGE | C123: 0 | D123: 3757277.8 | E123: 3757277.8 | F123: 0 | G123: 0
A124: 70600000 | B124: PRODUI.DES ACTIV.ANNES | C124: 0 | D124: 661789.31 | E124: 736589.97 | F124: -74800.659 | G124: -74800.659
A125: 70600500 | B125: LOCATIONS DIVERSES | C125: 0 | D125: 82439.455 | E125: 99340.785 | F125: -16901.33 | G125: -16901.33
A126: 71340000 | B126: VAR.EN.COU.D.PR.D.SER | C126: 0 | D126: 2233181.5 | E126: 2233181.5 | F126: 0 | G126: 0
A127: 71350000 | B127: VARIATION DES STOC.PRO | C127: 0 | D127: 66560618 | E127: 72751442 | F127: -6190823.8 | G127: -6190823.8
A128: 73900000 | B128: Quote.parts subv.d'inves | C128: 0 | D128: 1115533.1 | E128: 1338639.7 | F128: -223106.61 | G128: -223106.61
A129: 75600000 | B129: GAINS DE CHANGES | C129: 0 | D129: 23093.164 | E129: 23136.399 | F129: -43.235 | G129: -43.235
C130: =SUM(C2:C129) -> 1.7618285e-19 | D130: =SUM(D2:D129) -> 5.4622616e+08 | E130: =SUM(E2:E129) -> 5.4622616e+08 | F130: =SUM(F2:F129) -> -7.6973805e-09 | G130: =SUM(G2:G129) -> -7.6973805e-09

Sheet OD 12-24
A1: CompteGen | B1: Libelle | C1: SoldeDebut | D1: Debit | E1: Credit | F1: Variation | G1: SoldeFin
A2: 13000000 | B2: RESULT. DE L'EXERCIC. | C2: -0.0001 | D2: 0 | E2: 0 | F2: 0 | G2: -0.0001
A3: 14508000 | B3: AMORT.DES SUBV.D'INV | C3: 0 | D3: 1582028.7 | E3: 1338639.7 | F3: 243389.03 | G3: 243389.03
A4: 15100000 | B4: PROVI.POUR RISQUES | C4: 0 | D4: 420000 | E4: 540000 | F4: -120000 | G4: -120000
A5: 16210500 | B5: CREDITS STB | C5: 0 | D5: 586666 | E5: 0 | F5: 586666 | G5: 586666
A6: 16400000 | B6: EMPT.DET.AS.COND.PA. | C6: 0 | D6: 78552.648 | E6: 0 | F6: 78552.648 | G6: 78552.648
A7: 21300000 | B7: LOGICIELS | C7: 0 | D7: 42950.4 | E7: 42950.4 | F7: 0 | G7: 0
A8: 22340000 | B8: MATERIEL INDUSTRIEL | C8: 0 | D8: 9020 | E8: 9020 | F8: 0 | G8: 0
A9: 22350000 | B9: OUTILLAGE INDUSTRIEL | C9: 0 | D9: 15062.4 | E9: 15062.4 | F9: 0 | G9: 0
A10: 22825000 | C10: 0.0002 | D10: 0 | E10: 0 | F10: 0 | G10: 0.0002
A11: 22830000 | B11: MAT. INFORMATIQUE | C11: 0 | D11: 12816.754 | E11: 12816.754 | F11: 0 | G11: 0
A12: 28130000 | B12: LOGICIELS | C12: 0.0001 | D12: 81494.476 | E12: 94805.333 | F12: -13310.857 | G12: -13310.857
A13: 28216000 | B13: AMOR.AGE.&AME.D.TER | C13: 0.0004 | D13: 15436.151 | E13: 18257.481 | F13: -2821.33 | G13: -2821.3296
A14: 28220000 | B14: AMORTISSEMENT/CONS | C14: -0.0002 | D14: 2517134.6 | E14: 2977201.7 | F14: -460067.16 | G14: -460067.16
A15: 28225000 | B15: AMOR.INS.GEN.AG&A.C | C15: 0.0004 | D15: 425762.99 | E15: 499995.98 | F15: -74232.99 | G15: -74232.99
A16: 28230000 | B16: AMO.INS.TECH.M.OU.IN | C16: 0 | D16: 154557.96 | E16: 184781.36 | F16: -30223.401 | G16: -30223.401
A17: 28231000 | B17: AMORT./INST.TECHNIQ. | C17: 0 | D17: 11271.21 | E17: 15443.87 | F17: -4172.66 | G17: -4172.66
A18: 28234000 | B18: AMORT./MATERIEL IND. | C18: -0.0004 | D18: 8929374.1 | E18: 10564652 | F18: -1635277.6 | G18: -1635277.6
A19: 28235000 | B19: AMORT./OUTIL.INDUST. | C19: 0 | D19: 321253.58 | E19: 379736.16 | F19: -58482.575 | G19: -58482.575
A20: 28237000 | B20: AMOR./AGC&AMEG.M.O. | C20: -0.0002 | D20: 227484.31 | E20: 264738.76 | F20: -37254.457 | G20: -37254.457
A21: 28240000 | B21: AMORT.MAT.DE TRANS | C21: -0.0003 | D21: 1006246.5 | E21: 1183166.9 | F21: -176920.41 | G21: -176920.41
A22: 28282000 | B22: AMOR.EQUIP.DE BURE. | C22: 0.0002 | D22: 301120.57 | E22: 357490.71 | F22: -56370.14 | G22: -56370.14
... A134: 75600000 | B134: GAINS DE CHANGES | C134: 0 | D134: 107855.01 | E134: 81243.84 | F134: 26611.172 | G134: 26611.172
C135: =SUM(C2:C134) -> 1.7618285e-19 | D135: =SUM(D2:D134) -> 6.0836673e+08 | E135: =SUM(E2:E134) -> 6.0836673e+08 | F135: =SUM(F2:F134) -> -1.6734703e-10 | G135: =SUM(G2:G134) -> 7.2832336e-09

Sheet BAL 05-23
A2: Compte | B2: Libelle | C2: SoldeDebut | D2: Debit | E2: Crédit | F2: Debit OD | G2: Credit OD | H2: Variation | I2: Solde Fin | J2: Affect° 2023
A3: 10100000 | B3: CAPITAL SOCIAL | C3: -13500000 | D3: 0 | E3: 0 | F3: 0 | G3: 0 | H3: 0 | I3: -13500000 | J3: Capital social
A4: 11101000 | B4: RESERVES LEGALES | C4: -1200000 | D4: 0 | E4: 0 | F4: 0 | G4: 0 | H4: 0 | I4: -1200000 | J4: Réserves légales
A5: 12100000 | B5: RESULTAT REPORTES | C5: -18641004 | D5: 0 | E5: 0 | F5: 0 | G5: 0 | H5: 0 | I5: -18641004 | J5: Résultats reportés
A6: 12200000 | B6: ammortisssemnts differes | C6: 0 | D6: 0 | E6: 0 | F6: 0 | G6: 0 | H6: 0 | I6: 0
A7: 12800000 | B7: MODI.COM.EFF.RLT.REP | C7: 3022190.2 | D7: 0 | E7: 0 | F7: 0 | G7: 0 | H7: 0 | I7: 3022190.2 | J7: Modification comptable
A8: 13000000 | B8: RESULT. DE L'EXERCIC. | C8: 0 | D8: 0 | E8: 0 | F8: 0 | G8: 0 | H8: 0 | I8: 0
A9: 14500000 | B9: SUBVENTIONS D'INVES. | C9: -3479108.8 | D9: 0 | E9: 0 | F9: 0 | G9: 0 | H9: 0 | I9: -3479108.8 | J9: Subvention d'investissement
A10: 14508000 | B10: AMORT.DES SUBV.D'INV | C10: 2444357.8 | D10: 0 | E10: 0 | F10: 21896.933 | G10: 0 | H10: 21896.933 | I10: 2466254.8 | J10: Amortissement subvention d'investissement
A11: 15100000 | B11: PROVI.POUR RISQUES | C11: -22564.956 | D11: 0 | E11: 0 | F11: 0 | G11: 0 | H11: 0 | I11: -22564.956 | J11: Provision pour risque et charges
A12: 16210250 | B12: CREDIT STUSID | C12: 0 | D12: 0 | E12: 0 | F12: 0 | G12: 0 | H12: 0 | I12: 0
A13: 16210500 | B13: CREDITS STB | C13: -1041666.7 | D13: 0 | E13: 1000000 | F13: 0 | G13: 0 | H13: -1000000 | I13: -2041666.7 | J13: Emprunts
A14: 16210960 | B14: CREDITS B.T.K.D | C14: 0 | D14: 0 | E14: 0 | F14: 0 | G14: 0 | H14: 0 | I14: 0
A15: 16400000 | B15: EMPT.DET.AS.COND.PA. | C15: -235466.96 | D15: 0 | E15: 0 | F15: 0 | G15: 0 | H15: 0 | I15: -235466.96 | J15: Emprunts
A16: 18800000 | B16: AUTRES | C16: 0 | D16: 0 | E16: 0 | F16: 0 | G16: 0 | H16: 0 | I16: 0
A17: 21100000 | B17: INVEST.DE RECH.ET DE | C17: 0 | D17: 0 | E17: 0 | F17: 0 | G17: 0 | H17: 0 | I17: 0
A18: 21300000 | B18: LOGICIELS | C18: 82659.227 | D18: 0 | E18: 0 | F18: 0 | G18: 0 | H18: 0 | I18: 82659.227 | J18: Immobilisations corporelles et incorp.
A19: 22000000 | B19: IMMOBIL.CORPORELLES | C19: 0 | D19: 0 | E19: 0 | F19: 0 | G19: 0 | H19: 0 | I19: 0
A20: 22100000 | B20: TERRAINS | C20: 1275724 | D20: 0 | E20: 0 | F20: 0 | G20: 0 | H20: 0 | I20: 1275724 | J20: Immobilisations corporelles et incorp.
A21: 22160000 | B21: AGEN.AMENAG.D.TERAI | C21: 161921.54 | D21: 0 | E21: 0 | F21: 0 | G21: 0 | H21: 0 | I21: 161921.54 | J21: Immobilisations corporelles et incorp.
A22: 22200000 | B22: CONSTURCTIONS | C22: 9027583.1 | D22: 0 | E22: 0 | F22: 0 | G22: 0 | H22: 0 | I22: 9027583.1 | J22: Immobilisations corporelles et incorp.
A23: 22250000 | B23: INSTAL.GL.AGE.AM.CON | C23: 627900.9 | D23: 3600 | E23: 0 | F23: 0 | G23: 0 | H23: 3600 | I23: 631500.9 | J23: Immobilisations corporelles et incorp.
A24: 22300000 | B24: INST.TECH.MAT&OUT.IN | C24: 70370.611 | D24: 0 | E24: 0 | F24: 0 | G24: 0 | H24: 0 | I24: 70370.611 | J24: Immobilisations corporelles et incorp.
A25: 22310000 | B25: INSTALLATIONS TECHN | C25: 0 | D25: 0 | E25: 0 | F25: 0 | G25: 0 | H25: 0 | I25: 0
A26: 22340000 | B26: MATERIEL INDUSTRIEL | C26: 22155709 | D26: 2034513.8 | E26: 0 | F26: 0 | G26: 0 | H26: 2034513.8 | I26: 24190223 | J26: Immobilisations corporelles et incorp.
A27: 22350000 | B27: OUTILLAGE INDUSTRIEL | C27: 611186.41 | D27: 0 | E27: 0 | F27: 0 | G27: 0 | H27: 0 | I27: 611186.41 | J27: Immobilisations corporelles et incorp.
A28: 22370000 | B28: AGEN.AME.MAT.OUT.IN | C28: 879252.86 | D28: 0 | E28: 0 | F28: 0 | G28: 0 | H28: 0 | I28: 879252.86 | J28: Immobilisations corporelles et incorp.
A29: 22400000 | B29: MATERIEL DE TRANSPORT | C29: 952007.86 | D29: 0 | E29: 0 | F29: 0 | G29: 0 | H29: 0 | I29: 952007.86 | J29: Immobilisations corporelles et incorp.
A30: 22810000 | B30: INSTAL.GLES.AG.AM.DI | C30: 0 | D30: 0 | E30: 0 | F30: 0 | G30: 0 | H30: 0 | I30: 0
A31: 22820000 | B31: EQUIPEMENTS DE BURE. | C31: 253654.61 | D31: 3469.403 | E31: 0 | F31: 0 | G31: 0 | H31: 3469.403 | I31: 257124.02 | J31: Immobilisations corporelles et incorp.
A32: 22830000 | B32: MATERIELS INFORMATIQUES | C32: 209497.65 | D32: 2502 | E32: 0 | F32: 0 | G32: 0 | H32: 2502 | I32: 211999.65 | J32: Immobilisations corporelles et incorp.
A33: 23000000 | B33: IMMOBILISATION EN CO | C33: 2e-05 | D33: 0 | E33: 0 | F33: 0 | G33: 0 | H33: 0 | I33: 2e-05
A34: 23200000 | B34: IMMO.COR.EN COURS | C34: 2440755.5 | D34: 0 | E34: 2007865.5 | F34: 0 | G34: 0 | H34: -2007865.5 | I34: 432889.96 | J34: Immobilisations corporelles et incorp.
A35: 23220000 | B35: CONSTRUC.EN COURS | C35: 97922.937 | D35: 33946.855 | E35: 0 | F35: 0 | G35: 0 | H35: 33946.855 | I35: 131869.79 | J35: Immobilisations corporelles et incorp.
A36: 23225000 | B36: INST.GEN.A.A.CONS.CO | C36: 0 | D36: 0 | E36: 0 | F36: 0 | G36: 0 | H36: 0 | I36: 0
A37: 23231000 | B37: INST.TECHNIQ.EN COU | C37: 0 | D37: 0 | E37: 0 | F37: 0 | G37: 0 | H37: 0 | I37: 0
A38: 23237000 | B38: A.A MAT&OUT.IND.EN C | C38: 0 | D38: 0 | E38: 0 | F38: 0 | G38: 0 | H38: 0 | I38: 0
A39: 23250000 | B39: Plantations en cours | C39: 0 | D39: 0 | E39: 0 | F39: 0 | G39: 0 | H39: 0 | I39: 0
A40: 23800000 | B40: AVC&ACP/COM IMM.INC | C40: 0 | D40: 0 | E40: 0 | F40: 0 | G40: 0 | H40: 0 | I40: 0
A41: 24000000 | B41: IMMOB.A STAT.JUR.PAR | C41: 790367.65 | D41: 0 | E41: 0 | F41: 0 | G41: 0 | H41: 0 | I41: 790367.65 | J41: Immobilisations corporelles et incorp.
A42: 25100000 | B42: TITRES DE PARTICIPAT. | C42: 0 | D42: 0 | E42: 0 | F42: 0 | G42: 0 | H42: 0 | I42: 0
A43: 25110000 | B43: TITRES DE PARTICIPAT.SND | C43: 266820 | D43: 0 | E43: 0 | F43: 0 | G43: 0 | H43: 0 | I43: 266820 | J43: Titres de Participation
A44: 25120000 | B44: TITRES DE PARTICIPAT.NHB | C44: 512700 | D44: 0 | E44: 0 | F44: 0 | G44: 0 | H44: 0 | I44: 512700 | J44: Titres de Participation
A45: 25130000 | B45: TITRES DE PARTICIP. TIP | C45: 677000 | D45: 0 | E45: 0 | F45: 0 | G45: 0 | H45: 0 | I45: 677000 | J45: Titres de Participation
A46: 25140000 | B46: TITRES PARTICIPATION SNR | C46: 3150000 | D46: 0 | E46: 0 | F46: 0 | G46: 0 | H46: 0 | I46: 3150000 | J46: Titres de Participation
A47: 25700000 | B47: CREAN.RAT.A DES PAR | C47: 0 | D47: 0 | E47: 0 | F47: 0 | G47: 0 | H47: 0 | I47: 0 | J47: Titres de Participation
A48: 25810000 | B48: AVANCE SUR PARTICIPATION | C48: 0 | D48: 0 | E48: 0 | F48: 0 | G48: 0 | H48: 0 | I48: 0
A49: 26400000 | B49: PRETS | C49: 0 | D49: 0 | E49: 0 | F49: 0 | G49: 0 | H49: 0 | I49: 0
A50: 26430000 | B50: PRETS AU PERSONNEL | C50: 0 | D50: 0 | E50: 0 | F50: 0 | G50: 0 | H50: 0 | I50: 0
A51: 26500000 | B51: DEPOTS ET CAUT.VERS | C51: 105597.14 | D51: 0 | E51: 0 | F51: 0 | G51: 0 | H51: 0 | I51: 105597.14 | J51: Dépôts et cautionnements
A52: 26510000 | B52: DEPOTS | C52: 0 | D52: 0 | E52: 0 | F52: 0 | G52: 0 | H52: 0 | I52: 0
A53: 26550000 | B53: CAUTIONNEMENTS | C53: 0 | D53: 0 | E53: 0 | F53: 0 | G53: 0 | H53: 0 | I53: 0
A54: 27100000 | B54: FRAIS PRELIMINAIRES | C54: 0 | D54: 0 | E54: 0 | F54: 0 | G54: 0 | H54: 0 | I54: 0
A55: 28100000 | B55: AMORT.DES IMM.INCOR | C55: 0 | D55: 0 | E55: 0 | F55: 0 | G55: 0 | H55: 0 | I55: 0
A56: 28110000 | B56: INVEST.DE RECH&DEVE | C56: 0 | D56: 0 | E56: 0 | F56: 0 | G56: 0 | H56: 0 | I56: 0
A57: 28130000 | B57: LOGICIELS | C57: -69632.854 | D57: 0 | E57: 0 | F57: 0 | G57: 515.021 | H57: -515.021 | I57: -70147.875 | J57: Amortissement des immobilisations corporelles et incorp.
A58: 28216000 | B58: AMOR.AGE.&AME.D.TER | C58: -146458.94 | D58: 0 | E58: 0 | F58: 0 | G58: 239.62 | H58: -239.62 | I58: -146698.56 | J58: Amortissement des immobilisations corporelles et incorp.
A59: 28220000 | B59: AMORTISSEMENT/CONS | C59: -3425298.1 | D59: 0 | E59: 0 | F59: 0 | G59: 38446.891 | H59: -38446.891 | I59: -3463745 | J59: Amortissement des immobilisations corporelles et incorp.
A60: 28225000 | B60: AMOR.INS.GEN.AG&A.C | C60: -226259.3 | D60: 0 | E60: 0 | F60: 0 | G60: 5227.455 | H60: -5227.455 | I60: -231486.76 | J60: Amortissement des immobilisations corporelles et incorp.
A61: 28230000 | B61: AMO.INS.TECH.M.OU.IN | C61: -29673.223 | D61: 0 | E61: 0 | F61: 0 | G61: 1977.723 | H61: -1977.723 | I61: -31650.946 | J61: Amortissement des immobilisations corporelles et incorp.
A62: 28234000 | B62: AMORT./MATERIEL IND. | C62: -14832706 | D62: 0 | E62: 0 | F62: 0 | G62: 138165.05 | H62: -138165.05 | I62: -14970871 | J62: Amortissement des immobilisations corporelles et incorp.
A63: 28235000 | B63: AMORT./OUTIL.INDUST. | C63: -313794.9 | D63: 0 | E63: 0 | F63: 0 | G63: 6407.802 | H63: -6407.802 | I63: -320202.7 | J63: Amortissement des immobilisations corporelles et incorp.
A64: 28237000 | B64: AMOR./AGC&AMEG.M.O. | C64: -740563.7 | D64: 0 | E64: 0 | F64: 0 | G64: 1865.937 | H64: -1865.937 | I64: -742429.63 | J64: Amortissement des immobilisations corporelles et incorp.
A65: 28240000 | B65: AMORT.MAT.DE TRANS | C65: -542085.65 | D65: 0 | E65: 0 | F65: 0 | G65: 11501.322 | H65: -11501.322 | I65: -553586.97 | J65: Amortissement des immobilisations corporelles et incorp.
A66: 28282000 | B66: AMOR.EQUIP.DE BURE. | C66: -193185.79 | D66: 0 | E66: 0 | F66: 0 | G66: 4339.087 | H66: -4339.087 | I66: -197524.88 | J66: Amortissement des immobilisations corporelles et incorp.
A67: 28283000 | B67: AMORT. MAT.INFORMATIQUES | C67: -106431.35 | D67: 0 | E67: 0 | F67: 0 | G67: 1800.774 | H67: -1800.774 | I67: -108232.12 | J67: Amortissement des immobilisations corporelles et incorp.
A68: 28400000 | B68: Amort.immob.carc.jur.par | C68: -447542.06 | D68: 0 | E68: 0 | F68: 0 | G68: 7228.614 | H68: -7228.614 | I68: -454770.68 | J68: Amortissement des immobilisations corporelles et incorp.
A69: 29220000 | B69: CONSTRUCTIONS | C69: 0 | D69: 0 | E69: 0 | F69: 0 | G69: 0 | H69: 0 | I69: 0
A70: 29234000 | B70: PROV/MAT.INDUTRIEL | C70: -223876.88 | D70: 0 | E70: 0 | F70: 0 | G70: 0 | H70: 0 | I70: -223876.88 | J70: Provision pour dép.Imm corporelles et incorp.
A71: 29235000 | B71: PROV/OUTILLAGE INDUSTR | C71: -8171.429 | D71: 0 | E71: 0 | F71: 0 | G71: 0 | H71: 0 | I71: -8171.429 | J71: Provision pour dép.Imm corporelles et incorp.
A72: 29282000 | B72: EQUIPEMENT DE BURE. | C72: 0 | D72: 0 | E72: 0 | F72: 0 | G72: 0 | H72: 0 | I72: 0
A73: 29286500 | B73: MATERIELS D'EMBALAG. | C73: 0 | D73: 0 | E73: 0 | F73: 0 | G73: 0 | H73: 0 | I73: 0 | J73: Immobilisations corporelles et incorp.
A74: 29700000 | B74: PROV.P.DEPR.AU.IM.FIN | C74: -29257.385 | D74: 0 | E74: 0 | F74: 0 | G74: 0 | H74: 0 | I74: -29257.385 | J74: Provision pour dép.Imm Financières
A75: 31100000 | B75: MATIERE PREMIERE | C75: 9874636.6 | D75: 0 | E75: 0 | F75: 11027560 | G75: 9874636.6 | H75: 1152923.7 | I75: 11027560 | J75: Stocks
A76: 31200000 | B76: STOCK EN TRANSIT | C76: 0 | D76: 0 | E76: 0 | F76: 0 | G76: 0 | H76: 0 | I76: 0
A77: 32200000 | B77: FOURNITURES CONSO. | C77: 667822.4 | D77: 0 | E77: 0 | F77: 696643.57 | G77: 667822.4 | H77: 28821.169 | I77: 696643.57 | J77: Stocks
A78: 33100000 | B78: PRODUITS EN COURS | C78: 1082748.6 | D78: 0 | E78: 0 | F78: 1246000 | G78: 1082748.6 | H78: 163251.44 | I78: 1246000 | J78: Stocks
A79: 33500000 | B79: TRAVAUX EN COURS | C79: 0 | D79: 0 | E79: 0 | F79: 0 | G79: 0 | H79: 0 | I79: 0
A80: 34100000 | B80: ETUDES EN COURS | C80: 0 | D80: 0 | E80: 0 | F80: 0 | G80: 0 | H80: 0 | I80: 0
A81: 35500000 | B81: PRODUITS FINIS | C81: 5501869.2 | D81: 0 | E81: 0 | F81: 7103257.6 | G81: 5501869.2 | H81: 1601388.4 | I81: 7103257.6 | J81: Stocks
A82: 39000000 | B82: PROVISIONS P.DEPR.STO | C82: -60168.119 | D82: 0 | E82: 0 | F82: 0 | G82: 0 | H82: 0 | I82: -60168.119 | J82: Provision sur dépr.stock
A83: 40100000 | B83: FOURNISSEURS LOCAU | C83: -2775186 | D83: 3434491.4 | E83: 4619739.8 | F83: 0 | G83: 0 | H83: -1185248.4 | I83: -3960434.4 | J83: Fournisseurs & comptes rattachés
A84: 40300000 | B84: FOURNIS.LOC.EFFE.A.P | C84: -462398.56 | D84: 382268.03 | E84: 260351.02 | F84: 0 | G84: 0 | H84: 121917 | I84: -340481.55 | J84: Fournisseurs & comptes rattachés
A85: 40301000 | B85: FOUR.LOC.EFF.A.P.I.GRO | C85: 0 | D85: 0 | E85: 0 | F85: 0 | G85: 0 | H85: 0 | I85: 0
A86: 40400000 | B86: FOURNIS.D'IMMOBILISA. | C86: 9.999983e-05 | D86: 0 | E86: 0 | F86: 0 | G86: 0 | H86: 0 | I86: 9.999983e-05
A87: 40470000 | B87: FSSR RETENU DE GARANTIE | C87: 0 | D87: 0 | E87: 0 | F87: 0 | G87: 0 | H87: 0 | I87: 0
A88: 40600000 | B88: FOURNISSEURS ETRAN. | C88: -1946414.8 | D88: 15701.697 | E88: 1198541.2 | F88: 0 | G88: 0 | H88: -1182839.5 | I88: -3129254.2 | J88: Fournisseurs & comptes rattachés
A89: 40800000 | B89: FOUR.FACT.N.PARVENU | C89: -4980 | D89: 0 | E89: 0 | F89: 0 | G89: 0 | H89: 0 | I89: -4980 | J89: Fournisseurs & comptes rattachés
A90: 40860000 | B90: FOUR.ETR.FACT.N.PAR | C90: 0 | D90: 0 | E90: 0 | F90: 0 | G90: 0 | H90: 0 | I90: 0
A91: 40910000 | B91: FOURN.AV&ACP.CERS.COM | C91: 579508.96 | D91: 0 | E91: 0 | F91: 0 | G91: 0 | H91: 0 | I91: 579508.96 | J91: Autres actifs courants
A92: 41100000 | B92: CLIENTS | C92: 12515879 | D92: 4282684.9 | E92: 3684454.9 | F92: 0 | G92: 0 | H92: 598229.93 | I92: 13114109 | J92: Clients et comptes rattachés
A93: 41301000 | B93: CLIENTS EFETS A RECEV | C93: 0 | D93: 0 | E93: 0 | F93: 0 | G93: 0 | H93: 0 | I93: 0
A94: 41500000 | B94: CLIENTS ETRANGERS | C94: 2050331.3 | D94: 0 | E94: 0 | F94: 0 | G94: 0 | H94: 0 | I94: 2050331.3 | J94: Clients et comptes rattachés
A95: 41601000 | B95: EFFETS IMPAYES | C95: 0 | D95: 0 | E95: 0 | F95: 0 | G95: 0 | H95: 0 | I95: 0
A96: 41800000 | B96: CLIENTS PROD.N.ENC.F | C96: 0 | D96: 0 | E96: 0 | F96: 0 | G96: 0 | H96: 0 | I96: 0
A97: 41910000 | B97: CLIE. AV&ACPT.REC.COMM | C97: 0 | D97: 0 | E97: 0 | F97: 0 | G97: 0 | H97: 0 | I97: 0
A98: 42100000 | B98: PERSON.AVA.ET.ACOMP | C98: 0 | D98: 0 | E98: 0 | F98: 0 | G98: 0 | H98: 0 | I98: 0
A99: 42110000 | B99: AVANCES AUTOM./ARO | C99: 0 | D99: 0 | E99: 0 | F99: 0 | G99: 0 | H99: 0 | I99: 0
A100: 42120000 | B100: PRETS SUR SALAIRES | C100: 26641.007 | D100: 22400 | E100: 28450 | F100: 0 | G100: 0 | H100: -6050 | I100: 20591.007 | J100: Autres actifs courants
A101: 42400000 | B101: ASSURANCE GROUPE | C101: 0 | D101: 0 | E101: 0 | F101: 0 | G101: 0 | H101: 0 | I101: 0
...

Sheet BAL 07-23
A1: Compte | B1: Libelle | C1: SoldeDebut | D1: Debit | E1: Crédit | F1: Debit OD | G1: Credit OD | H1: Variation | I1: Solde Fin | J1: Affect° 2023
A2: 10100000 | B2: CAPITAL SOCIAL | C2: -13500000 | D2: 0 | E2: 0 | F2: 0 | G2: 0 | H2: =D2+F2-E2-G2 -> 0 | I2: =C2+H2 -> -13500000 | J2: Capital social
A3: 11101000 | B3: RESERVES LEGALES | C3: -1200000 | D3: 0 | E3: 0 | F3: 0 | G3: 0 | H3: =D3+F3-E3-G3 -> 0 | I3: =C3+H3 -> -1200000 | J3: Réserves légales
A4: 12100000 | B4: RESULTAT REPORTES | C4: -17992372 | D4: 0 | E4: 0 | F4: 0 | G4: 0 | H4: =D4+F4-E4-G4 -> 0 | I4: =C4+H4 -> -17992372 | J4: Résultats reportés
A5: 12200000 | B5: ammortisssemnts differes | C5: 0 | D5: 0 | E5: 0 | F5: 0 | G5: 0 | H5: =D5+F5-E5-G5 -> 0 | I5: =C5+H5 -> 0
A6: 12800000 | B6: MODI.COM.EFF.RLT.REP | C6: 3022190.2 | D6: 0 | E6: 0 | F6: 0 | G6: 0 | H6: =D6+F6-E6-G6 -> 0 | I6: =C6+H6 -> 3022190.2 | J6: Modification comptable
A7: 13000000 | B7: RESULT. DE L'EXERCIC. | C7: 0 | D7: 0 | E7: 0 | F7: 0 | G7: 0 | H7: =D7+F7-E7-G7 -> 0 | I7: =C7+H7 -> 0
A8: 14500000 | B8: SUBVENTIONS D'INVES. | C8: -3479108.8 | D8: 0 | E8: 0 | F8: 0 | G8: 0 | H8: =D8+F8-E8-G8 -> 0 | I8: =C8+H8 -> -3479108.8 | J8: Subvention d'investissement
A9: 14508000 | B9: AMORT.DES SUBV.D'INV | C9: 2541622.9 | D9: 0 | E9: 0 | F9: 21896.933 | G9: 0 | H9: =D9+F9-E9-G9 -> 21896.933 | I9: =C9+H9 -> 2563519.9 | J9: Amortissement subvention d'investissement
A10: 15100000 | B10: PROVI.POUR RISQUES | C10: -231535.02 | D10: 0 | E10: 0 | F10: 0 | G10: 0 | H10: =D10+F10-E10-G10 -> 0 | I10: =C10+H10 -> -231535.02 | J10: Provision pour risque et charges
A11: 16210250 | B11: CREDIT STUSID | C11: 0 | D11: 0 | E11: 0 | F11: 0 | G11: 0 | H11: =D11+F11-E11-G11 -> 0 | I11: =C11+H11 -> 0
A12: 16210500 | B12: CREDITS STB | C12: -2041666.7 | D12: 0 | E12: 0 | F12: 0 | G12: 0 | H12: =D12+F12-E12-G12 -> 0 | I12: =C12+H12 -> -2041666.7 | J12: Emprunts
A13: 16210960 | B13: CREDITS B.T.K.D | C13: 0 | D13: 0 | E13: 0 | F13: 0 | G13: 0 | H13: =D13+F13-E13-G13 -> 0 | I13: =C13+H13 -> 0
A14: 16400000 | B14: EMPT.DET.AS.COND.PA. | C14: -235466.96 | D14: 0 | E14: 0 | F14: 0 | G14: 0 | H14: =D14+F14-E14-G14 -> 0 | I14: =C14+H14 -> -235466.96 | J14: Emprunts
A15: 18800000 | B15: AUTRES | C15: 0 | D15: 0 | E15: 0 | F15: 0 | G15: 0 | H15: =D15+F15-E15-G15 -> 0 | I15: =C15+H15 -> 0
A16: 21100000 | B16: INVEST.DE RECH.ET DE | C16: 0 | D16: 0 | E16: 0 | F16: 0 | G16: 0 | H16: =D16+F16-E16-G16 -> 0 | I16: =C16+H16 -> 0
A17: 21300000 | B17: LOGICIELS | C17: 82659.227 | D17: 0 | E17: 0 | F17: 0 | G17: 0 | H17: =D17+F17-E17-G17 -> 0 | I17: =C17+H17 -> 82659.227 | J17: Immobilisations corporelles et incorp.
A18: 22000000 | B18: IMMOBIL.CORPORELLES | C18: 0 | D18: 0 | E18: 0 | F18: 0 | G18: 0 | H18: =D18+F18-E18-G18 -> 0 | I18: =C18+H18 -> 0
A19: 22100000 | B19: TERRAINS | C19: 1275724 | D19: 0 | E19: 0 | F19: 0 | G19: 0 | H19: =D19+F19-E19-G19 -> 0 | I19: =C19+H19 -> 1275724 | J19: Immobilisations corporelles et incorp.
A20: 22160000 | B20: AGEN.AMENAG.D.TERAI | C20: 161921.54 | D20: 0 | E20: 0 | F20: 0 | G20: 0 | H20: =D20+F20-E20-G20 -> 0 | I20: =C20+H20 -> 161921.54 | J20: Immobilisations corporelles et incorp.
A21: 22200000 | B21: CONSTURCTIONS | C21: 9027583.1 | D21: 0 | E21: 0 | F21: 0 | G21: 0 | H21: =D21+F21-E21-G21 -> 0 | I21: =C21+H21 -> 9027583.1 | J21: Immobilisations corporelles et incorp.
A22: 22250000 | B22: INSTAL.GL.AGE.AM.CON | C22: 685145.35 | D22: 0 | E22: 0 | F22: 0 | G22: 0 | H22: =D22+F22-E22-G22 -> 0 | I22: =C22+H22 -> 685145.35 | J22: Immobilisations corporelles et incorp.
A23: 22300000 | B23: INST.TECH.MAT&OUT.IN | C23: 70370.611 | D23: 0 | E23: 0 | F23: 0 | G23: 0 | H23: =D23+F23-E23-G23 -> 0 | I23: =C23+H23 -> 70370.611 | J23: Immobilisations corporelles et incorp.
A24: 22310000 | B24: INSTALLATIONS TECHN | C24: 0 | D24: 0 | E24: 0 | F24: 0 | G24: 0 | H24: =D24+F24-E24-G24 -> 0 | I24: =C24+H24 -> 0
A25: 22340000 | B25: MATERIEL INDUSTRIEL | C25: 24267574 | D25: 4792.044 | E25: 0 | F25: 0 | G25: 0 | H25: =D25+F25-E25-G25 -> 4792.044 | I25: =C25+H25 -> 24272366 | J25: Immobilisations corporelles et incorp.
A26: 22350000 | B26: OUTILLAGE INDUSTRIEL | C26: 634925.79 | D26: 4017.519 | E26: 0 | F26: 0 | G26: 0 | H26: =D26+F26-E26-G26 -> 4017.519 | I26: =C26+H26 -> 638943.31 | J26: Immobilisations corporelles et incorp.
A27: 22370000 | B27: AGEN.AME.MAT.OUT.IN | C27: 879752.86 | D27: 8151.137 | E27: 0 | F27: 0 | G27: 0 | H27: =D27+F27-E27-G27 -> 8151.137 | I27: =C27+H27 -> 887903.99 | J27: Immobilisations corporelles et incorp.
A28: 22400000 | B28: MATERIEL DE TRANSPORT | C28: 952007.86 | D28: 0 | E28: 0 | F28: 0 | G28: 0 | H28: =D28+F28-E28-G28 -> 0 | I28: =C28+H28 -> 952007.86 | J28: Immobilisations corporelles et incorp.
A29: 22810000 | B29: INSTAL.GLES.AG.AM.DI | C29: 0 | D29: 0 | E29: 0 | F29: 0 | G29: 0 | H29: =D29+F29-E29-G29 -> 0 | I29: =C29+H29 -> 0
A30: 22820000 | B30: EQUIPEMENTS DE BURE. | C30: 259185.43 | D30: 786.555 | E30: 0 | F30: 0 | G30: 0 | H30: =D30+F30-E30-G30 -> 786.555 | I30: =C30+H30 -> 259971.98 | J30: Immobilisations corporelles et incorp.
A31: 22830000 | B31: MATERIELS INFORMATIQUES | C31: 215364.65 | D31: 0 | E31: 0 | F31: 0 | G31: 0 | H31: =D31+F31-E31-G31 -> 0 | I31: =C31+H31 -> 215364.65 | J31: Immobilisations corporelles et incorp.
A32: 23000000 | B32: IMMOBILISATION EN CO | C32: 2e-05 | D32: 0 | E32: 0 | F32: 0 | G32: 0 | H32: =D32+F32-E32-G32 -> 0 | I32: =C32+H32 -> 2e-05
A33: 23200000 | B33: IMMO.COR.EN COURS | C33: 432889.96 | D33: 0 | E33: 0 | F33: 0 | G33: 0 | H33: =D33+F33-E33-G33 -> 0 | I33: =C33+H33 -> 432889.96 | J33: Immobilisations corporelles et incorp.
A34: 23220000 | B34: CONSTRUC.EN COURS | C34: 139315.67 | D34: 2200 | E34: 0 | F34: 0 | G34: 0 | H34: =D34+F34-E34-G34 -> 2200 | I34: =C34+H34 -> 141515.67 | J34: Immobilisations corporelles et incorp.
A35: 23225000 | B35: INST.GEN.A.A.CONS.CO | C35: 0 | D35: 0 | E35: 0 | F35: 0 | G35: 0 | H35: =D35+F35-E35-G35 -> 0 | I35: =C35+H35 -> 0
A36: 23231000 | B36: INST.TECHNIQ.EN COU | C36: 0 | D36: 0 | E36: 0 | F36: 0 | G36: 0 | H36: =D36+F36-E36-G36 -> 0 | I36: =C36+H36 -> 0
A37: 23237000 | B37: A.A MAT&OUT.IND.EN C | C37: 0 | D37: 0 | E37: 0 | F37: 0 | G37: 0 | H37: =D37+F37-E37-G37 -> 0 | I37: =C37+H37 -> 0
A38: 23250000 | B38: Plantations en cours | C38: 0 | D38: 0 | E38: 0 | F38: 0 | G38: 0 | H38: =D38+F38-E38-G38 -> 0 | I38: =C38+H38 -> 0
A39: 23800000 | B39: AVC&ACP/COM IMM.INC | C39: 0 | D39: 0 | E39: 0 | F39: 0 | G39: 0 | H39: =D39+F39-E39-G39 -> 0 | I39: =C39+H39 -> 0
A40: 24000000 | B40: IMMOB.A STAT.JUR.PAR | C40: 790367.65 | D40: 0 | E40: 0 | F40: 0 | G40: 0 | H40: =D40+F40-E40-G40 -> 0 | I40: =C40+H40 -> 790367.65 | J40: Immobilisations corporelles et incorp.
A41: 25100000 | B41: TITRES DE PARTICIPAT. | C41: 0 | D41: 0 | E41: 0 | F41: 0 | G41: 0 | H41: =D41+F41-E41-G41 -> 0 | I41: =C41+H41 -> 0
A42: 25110000 | B42: TITRES DE PARTICIPAT.SND | C42: 266820 | D42: 0 | E42: 0 | F42: 0 | G42: 0 | H42: =D42+F42-E42-G42 -> 0 | I42: =C42+H42 -> 266820 | J42: Titres de Participation
A43: 25120000 | B43: TITRES DE PARTICIPAT.NHB | C43: 512700 | D43: 0 | E43: 0 | F43: 0 | G43: 0 | H43: =D43+F43-E43-G43 -> 0 | I43: =C43+H43 -> 512700 | J43: Titres de Participation
A44: 25130000 | B44: TITRES DE PARTICIP. TIP | C44: 677000 | D44: 0 | E44: 0 | F44: 0 | G44: 0 | H44: =D44+F44-E44-G44 -> 0 | I44: =C44+H44 -> 677000 | J44: Titres de Participation
A45: 25140000 | B45: TITRES PARTICIPATION SNR | C45: 3150000 | D45: 0 | E45: 0 | F45: 0 | G45: 0 | H45: =D45+F45-E45-G45 -> 0 | I45: =C45+H45 -> 3150000 | J45: Titres de Participation
A46: 25700000 | B46: CREAN.RAT.A DES PAR | C46: 0 | D46: 0 | E46: 0 | F46: 0 | G46: 0 | H46: =D46+F46-E46-G46 -> 0 | I46: =C46+H46 -> 0 | J46: Titres de Participation
A47: 25810000 | B47: AVANCE SUR PARTICIPATION | C47: 0 | D47: 0 | E47: 0 | F47: 0 | G47: 0 | H47: =D47+F47-E47-G47 -> 0 | I47: =C47+H47 -> 0
A48: 26400000 | B48: PRETS | C48: 0 | D48: 0 | E48: 0 | F48: 0 | G48: 0 | H48: =D48+F48-E48-G48 -> 0 | I48: =C48+H48 -> 0
A49: 26430000 | B49: PRETS AU PERSONNEL | C49: 0 | D49: 0 | E49: 0 | F49: 0 | G49: 0 | H49: =D49+F49-E49-G49 -> 0 | I49: =C49+H49 -> 0
A50: 26500000 | B50: DEPOTS ET CAUT.VERS | C50: 105597.14 | D50: 0 | E50: 0 | F50: 0 | G50: 0 | H50: =D50+F50-E50-G50 -> 0 | I50: =C50+H50 -> 105597.14 | J50: Dépôts et cautionnements
A51: 26510000 | B51: DEPOTS | C51: 0 | D51: 0 | E51: 0 | F51: 0 | G51: 0 | H51: =D51+F51-E51-G51 -> 0 | I51: =C51+H51 -> 0
A52: 26550000 | B52: CAUTIONNEMENTS | C52: 0 | D52: 0 | E52: 0 | F52: 0 | G52: 0 | H52: =D52+F52-E52-G52 -> 0 | I52: =C52+H52 -> 0
A53: 27100000 | B53: FRAIS PRELIMINAIRES | C53: 0 | D53: 0 | E53: 0 | F53: 0 | G53: 0 | H53: =D53+F53-E53-G53 -> 0 | I53: =C53+H53 -> 0
A54: 28100000 | B54: AMORT.DES IMM.INCOR | C54: 0 | D54: 0 | E54: 0 | F54: 0 | G54: 0 | H54: =D54+F54-E54-G54 -> 0 | I54: =C54+H54 -> 0
A55: 28110000 | B55: INVEST.DE RECH&DEVE | C55: 0 | D55: 0 | E55: 0 | F55: 0 | G55: 0 | H55: =D55+F55-E55-G55 -> 0 | I55: =C55+H55 -> 0
A56: 28130000 | B56: AMORT LOGICIELS | C56: -70646.283 | D56: 0 | E56: 0 | F56: 0 | G56: 578.256 | H56: =D56+F56-E56-G56 -> -578.256 | I56: =C56+H56 -> -71224.539 | J56: Amortissement des immobilisations corporelles et incorp.
A57: 28216000 | B57: AMOR.AGE.&AME.D.TER | C57: -146930.45 | D57: 0 | E57: 0 | F57: 0 | G57: 239.62 | H57: =D57+F57-E57-G57 -> -239.62 | I57: =C57+H57 -> -147170.07 | J57: Amortissement des immobilisations corporelles et incorp.
A58: 28220000 | B58: AMORTISSEMENT/CONS | C58: -3500951.6 | D58: 0 | E58: 0 | F58: 0 | G58: 38446.891 | H58: =D58+F58-E58-G58 -> -38446.891 | I58: =C58+H58 -> -3539398.5 | J58: Amortissement des immobilisations corporelles et incorp.
A59: 28225000 | B59: AMOR.INS.GEN.AG&A.C | C59: -237032.65 | D59: 0 | E59: 0 | F59: 0 | G59: 5252.93 | H59: =D59+F59-E59-G59 -> -5252.93 | I59: =C59+H59 -> -242285.58 | J59: Amortissement des immobilisations corporelles et incorp.
A60: 28230000 | B60: AMO.INS.TECH.M.OU.IN | C60: -33564.872 | D60: 0 | E60: 0 | F60: 0 | G60: 1977.724 | H60: =D60+F60-E60-G60 -> -1977.724 | I60: =C60+H60 -> -35542.596 | J60: Amortissement des immobilisations corporelles et incorp.
A61: 28234000 | B61: AMORT./MATERIEL IND. | C61: -15066948 | D61: 0 | E61: 0 | F61: 0 | G61: 139274.7 | H61: =D61+F61-E61-G61 -> -139274.7 | I61: =C61+H61 -> -15206223 | J61: Amortissement des immobilisations corporelles et incorp.
A62: 28235000 | B62: AMORT./OUTIL.INDUST. | C62: -325533.83 | D62: 0 | E62: 0 | F62: 0 | G62: 6455.484 | H62: =D62+F62-E62-G62 -> -6455.484 | I62: =C62+H62 -> -331989.32 | J62: Amortissement des immobilisations corporelles et incorp.
A63: 28237000 | B63: AMOR./AGC&AMEG.M.O. | C63: -744237.71 | D63: 0 | E63: 0 | F63: 0 | G63: 1926.16 | H63: =D63+F63-E63-G63 -> -1926.16 | I63: =C63+H63 -> -746163.88 | J63: Amortissement des immobilisations corporelles et incorp.
A64: 28240000 | B64: AMORT.MAT.DE TRANS | C64: -564717.28 | D64: 0 | E64: 0 | F64: 0 | G64: 11501.322 | H64: =D64+F64-E64-G64 -> -11501.322 | I64: =C64+H64 -> -576218.6 | J64: Amortissement des immobilisations corporelles et incorp.
A65: 28282000 | B65: AMOR.EQUIP.DE BURE. | C65: -201855.46 | D65: 0 | E65: 0 | F65: 0 | G65: 4073.09 | H65: =D65+F65-E65-G65 -> -4073.09 | I65: =C65+H65 -> -205928.55 | J65: Amortissement des immobilisations corporelles et incorp.
A66: 28283000 | B66: AMORT. MAT.INFORMATIQUES | C66: -110112.74 | D66: 0 | E66: 0 | F66: 0 | G66: 1886.536 | H66: =D66+F66-E66-G66 -> -1886.536 | I66: =C66+H66 -> -111999.27 | J66: Amortissement des immobilisations corporelles et incorp.
A67: 28400000 | B67: Amort.immob.carc.jur.par | C67: -461418.75 | D67: 0 | E67: 0 | F67: 0 | G67: 6569.281 | H67: =D67+F67-E67-G67 -> -6569.281 | I67: =C67+H67 -> -467988.04 | J67: Amortissement des immobilisations corporelles et incorp.
A68: 29220000 | B68: CONSTRUCTIONS | C68: 0 | D68: 0 | E68: 0 | F68: 0 | G68: 0 | H68: =D68+F68-E68-G68 -> 0 | I68: =C68+H68 -> 0
A69: 29234000 | B69: PROV/MAT.INDUTRIEL | C69: -223876.88 | D69: 0 | E69: 0 | F69: 0 | G69: 0 | H69: =D69+F69-E69-G69 -> 0 | I69: =C69+H69 -> -223876.88 | J69: Provision pour dép.Imm corporelles et incorp.
A70: 29235000 | B70: PROV/OUTILLAGE INDUSTR | C70: -8171.429 | D70: 0 | E70: 0 | F70: 0 | G70: 0 | H70: =D70+F70-E70-G70 -> 0 | I70: =C70+H70 -> -8171.429 | J70: Provision pour dép.Imm corporelles et incorp.
A71: 29282000 | B71: EQUIPEMENT DE BURE. | C71: 0 | D71: 0 | E71: 0 | F71: 0 | G71: 0 | H71: =D71+F71-E71-G71 -> 0 | I71: =C71+H71 -> 0
A72: 29286500 | B72: MATERIELS D'EMBALAG. | C72: 0 | D72: 0 | E72: 0 | F72: 0 | G72: 0 | H72: =D72+F72-E72-G72 -> 0 | I72: =C72+H72 -> 0 | J72: Immobilisations corporelles et incorp.
A73: 29700000 | B73: PROV.P.DEPR.AU.IM.FIN | C73: -29257.385 | D73: 0 | E73: 0 | F73: 0 | G73: 0 | H73: =D73+F73-E73-G73 -> 0 | I73: =C73+H73 -> -29257.385 | J73: Provision pour dép.Imm Financières
A74: 31100000 | B74: MATIERE PREMIERE | C74: 10245363 | D74: 0 | E74: 0 | F74: 12132413 | G74: 10245363 | H74: =D74+F74-E74-G74 -> 1887049.8 | I74: =C74+H74 -> 12132413 | J74: Stocks
A75: 31200000 | B75: STOCK EN TRANSIT | C75: 0 | D75: 0 | E75: 0 | F75: 0 | G75: 0 | H75: =D75+F75-E75-G75 -> 0 | I75: =C75+H75 -> 0
A76: 32200000 | B76: FOURNITURES CONSO. | C76: 733778.89 | D76: 0 | E76: 0 | F76: 759042.35 | G76: 733778.89 | H76: =D76+F76-E76-G76 -> 25263.456 | I76: =C76+H76 -> 759042.35 | J76: Stocks
A77: 33100000 | B77: PRODUITS EN COURS | C77: 7232662.3 | D77: 0 | E77: 0 | F77: 5584968.2 | G77: 7232662.3 | H77: =D77+F77-E77-G77 -> -1647694.1 | I77: =C77+H77 -> 5584968.2 | J77: Stocks
A78: 33500000 | B78: TRAVAUX EN COURS | C78: 0 | D78: 0 | E78: 0 | F78: 0 | G78: 0 | H78: =D78+F78-E78-G78 -> 0 | I78: =C78+H78 -> 0
A79: 34100000 | B79: ETUDES EN COURS | C79: 0 | D79: 0 | E79: 0 | F79: 0 | G79: 0 | H79: =D79+F79-E79-G79 -> 0 | I79: =C79+H79 -> 0
A80: 35500000 | B80: PRODUITS FINIS | C80: 562793.92 | D80: 0 | E80: 0 | F80: 496448.35 | G80: 562793.92 | H80: =D80+F80-E80-G80 -> -66345.573 | I80: =C80+H80 -> 496448.35 | J80: Stocks
A81: 39000000 | B81: PROVISIONS P.DEPR.STO | C81: -208158.11 | D81: 0 | E81: 0 | F81: 0 | G81: 0 | H81: =D81+F81-E81-G81 -> 0 | I81: =C81+H81 -> -208158.11 | J81: Provision sur dépr.stock
A82: 40100000 | B82: FOURNISSEURS LOCAU | C82: -3379184.3 | D82: 1976907.4 | E82: 2313623.4 | F82: 0 | G82: 0 | H82: =D82+F82-E82-G82 -> -336716.04 | I82: =C82+H82 -> -3715900.4 | J82: Fournisseurs & comptes rattachés
A83: 40300000 | B83: FOURNIS.LOC.EFFE.A.P | C83: -280426.88 | D83: 144330.92 | E83: 13632.137 | F83: 0 | G83: 0 | H83: =D83+F83-E83-G83 -> 130698.78 | I83: =C83+H83 -> -149728.1 | J83: Fournisseurs & comptes rattachés
A84: 40301000 | B84: FOUR.LOC.EFF.A.P.I.GRO | C84: 0 | D84: 0 | E84: 0 | F84: 0 | G84: 0 | H84: =D84+F84-E84-G84 -> 0 | I84: =C84+H84 -> 0
A85: 40400000 | B85: FOURNIS.D'IMMOBILISA. | C85: 9.999983e-05 | D85: 0 | E85: 0 | F85: 0 | G85: 0 | H85: =D85+F85-E85-G85 -> 0 | I85: =C85+H85 -> 9.999983e-05
A86: 40470000 | B86: FSSR RETENU DE GARANTIE | C86: 0 | D86: 0 | E86: 0 | F86: 0 | G86: 0 | H86: =D86+F86-E86-G86 -> 0 | I86: =C86+H86 -> 0
A87: 40600000 | B87: FOURNISSEURS ETRAN. | C87: -1792931.9 | D87: 1384905.9 | E87: 541183.66 | F87: 122168.9 | G87: 0 | H87: =D87+F87-E87-G87 -> 965891.12 | I87: =C87+H87 -> -827040.77 | J87: Fournisseurs & comptes rattachés
A88: 40800000 | B88: FOUR.FACT.N.PARVENU | C88: -4980 | D88: 0 | E88: 0 | F88: 0 | G88: 0 | H88: =D88+F88-E88-G88 -> 0 | I88: =C88+H88 -> -4980 | J88: Fournisseurs & comptes rattachés
A89: 40860000 | B89: FOUR.ETR.FACT.N.PAR | C89: 0 | D89: 0 | E89: 0 | F89: 0 | G89: 0 | H89: =D89+F89-E89-G89 -> 0 | I89: =C89+H89 -> 0
A90: 40910000 | B90: FOURN.AV&ACP.CERS.COM | C90: -3.8198777e-10 | D90: 0 | E90: 0 | F90: 0 | G90: 0 | H90: =D90+F90-E90-G90 -> 0 | I90: =C90+H90 -> -3.8198777e-10 | J90: Autres actifs courants
A91: 41100000 | B91: CLIENTS | C91: 13051669 | D91: 4145568.7 | E91: 3734045.2 | F91: 0 | G91: 0 | H91: =D91+F91-E91-G91 -> 411523.44 | I91: =C91+H91 -> 13463193 | J91: Clients et comptes rattachés
A92: 41301000 | B92: CLIENTS EFETS A RECEV | C92: 0 | D92: 0 | E92: 0 | F92: 0 | G92: 0 | H92: =D92+F92-E92-G92 -> 0 | I92: =C92+H92 -> 0
A93: 41500000 | B93: CLIENTS ETRANGERS | C93: 2246261 | D93: 0 | E93: 337642.4 | F93: 0 | G93: 0 | H93: =D93+F93-E93-G93 -> -337642.4 | I93: =C93+H93 -> 1908618.6 | J93: Clients et comptes rattachés
A94: 41601000 | B94: EFFETS IMPAYES | C94: 0 | D94: 0 | E94: 0 | F94: 0 | G94: 0 | H94: =D94+F94-E94-G94 -> 0 | I94: =C94+H94 -> 0
A95: 41800000 | B95: CLIENTS PROD.N.ENC.F | C95: 0 | D95: 0 | E95: 0 | F95: 0 | G95: 0 | H95: =D95+F95-E95-G95 -> 0 | I95: =C95+H95 -> 0
A96: 41910000 | B96: CLIE. AV&ACPT.REC.COMM | C96: 0 | D96: 0 | E96: 0 | F96: 0 | G96: 0 | H96: =D96+F96-E96-G96 -> 0 | I96: =C96+H96 -> 0
A97: 42100000 | B97: PERSON.AVA.ET.ACOMP | C97: 0 | D97: 883.334 | E97: 0 | F97: 0 | G97: 0 | H97: =D97+F97-E97-G97 -> 883.334 | I97: =C97+H97 -> 883.334 | J97: Autres actifs courants
A98: 42110000 | B98: AVANCES AUTOM./ARO | C98: 0 | D98: 0 | E98: 0 | F98: 0 | G98: 0 | H98: =D98+F98-E98-G98 -> 0 | I98: =C98+H98 -> 0
A99: 42120000 | B99: PRETS SUR SALAIRES | C99: 53641.007 | D99: 0 | E99: 5650 | F99: 0 | G99: 0 | H99: =D99+F99-E99-G99 -> -5650 | I99: =C99+H99 -> 47991.007 | J99: Autres actifs courants
A100: 42400000 | B100: ASSURANCE GROUPE | C100: 0 | D100: 0 | E100: 0 | F100: 0 | G100: 0 | H100: =D100+F100-E100-G100 -> 0 | I100: =C100+H100 -> 0
...

Sheet BAL 09-23
A1: Compte | B1: Libelle | C1: SoldeDebut | D1: Debit | E1: Crédit | F1: Debit OD | G1: Credit OD | H1: Variation | I1: Solde Fin | J1: Affect° 2023
A2: 10100000 | B2: CAPITAL SOCIAL | C2: -13500000 | D2: 0 | E2: 0 | F2: 0 | G2: 0 | H2: =D2+F2-E2-G2 -> 0 | I2: =C2+H2 -> -13500000 | J2: Capital social
A3: 11101000 | B3: RESERVES LEGALES | C3: -1200000 | D3: 0 | E3: 0 | F3: 0 | G3: 0 | H3: =D3+F3-E3-G3 -> 0 | I3: =C3+H3 -> -1200000 | J3: Réserves légales
A4: 12100000 | B4: RESULTAT REPORTES | C4: -17517372 | D4: 0 | E4: 0 | F4: 0 | G4: 0 | H4: =D4+F4-E4-G4 -> 0 | I4: =C4+H4 -> -17517372 | J4: Résultats reportés
A5: 12200000 | B5: ammortisssemnts differes | C5: 0 | D5: 0 | E5: 0 | F5: 0 | G5: 0 | H5: =D5+F5-E5-G5 -> 0 | I5: =C5+H5 -> 0
A6: 12800000 | B6: MODI.COM.EFF.RLT.REP | C6: 3022190.2 | D6: 0 | E6: 0 | F6: 0 | G6: 0 | H6: =D6+F6-E6-G6 -> 0 | I6: =C6+H6 -> 3022190.2 | J6: Modification comptable
A7: 13000000 | B7: RESULT. DE L'EXERCIC. | C7: 0 | D7: 0 | E7: 0 | F7: 0 | G7: 0 | H7: =D7+F7-E7-G7 -> 0 | I7: =C7+H7 -> 0
A8: 14500000 | B8: SUBVENTIONS D'INVES. | C8: -3479108.8 | D8: 0 | E8: 0 | F8: 0 | G8: 0 | H8: =D8+F8-E8-G8 -> 0 | I8: =C8+H8 -> -3479108.8 | J8: Subvention d'investissement
A9: 14508000 | B9: AMORT.DES SUBV.D'INV | C9: 2585416.8 | D9: 0 | E9: 0 | F9: 21896.933 | G9: 0 | H9: =D9+F9-E9-G9 -> 21896.933 | I9: =C9+H9 -> 2607313.7 | J9: Amortissement subvention d'investissement
A10: 15100000 | B10: PROVI.POUR RISQUES | C10: -231535.02 | D10: 0 | E10: 0 | F10: 0 | G10: 0 | H10: =D10+F10-E10-G10 -> 0 | I10: =C10+H10 -> -231535.02 | J10: Provision pour risque et charges
A11: 16210250 | B11: CREDIT STUSID | C11: 0 | D11: 0 | E11: 0 | F11: 0 | G11: 0 | H11: =D11+F11-E11-G11 -> 0 | I11: =C11+H11 -> 0
A12: 16210500 | B12: CREDITS STB | C12: -2041666.7 | D12: 0 | E12: 0 | F12: 0 | G12: 0 | H12: =D12+F12-E12-G12 -> 0 | I12: =C12+H12 -> -2041666.7 | J12: Emprunts
A13: 16210960 | B13: CREDITS B.T.K.D | C13: 0 | D13: 0 | E13: 0 | F13: 0 | G13: 0 | H13: =D13+F13-E13-G13 -> 0 | I13: =C13+H13 -> 0
A14: 16400000 | B14: EMPT.DET.AS.COND.PA. | C14: -235466.96 | D14: 0 | E14: 0 | F14: 0 | G14: 0 | H14: =D14+F14-E14-G14 -> 0 | I14: =C14+H14 -> -235466.96 | J14: Emprunts
A15: 18800000 | B15: AUTRES | C15: 0 | D15: 0 | E15: 0 | F15: 0 | G15: 0 | H15: =D15+F15-E15-G15 -> 0 | I15: =C15+H15 -> 0
A16: 21100000 | B16: INVEST.DE RECH.ET DE | C16: 0 | D16: 0 | E16: 0 | F16: 0 | G16: 0 | H16: =D16+F16-E16-G16 -> 0 | I16: =C16+H16 -> 0
A17: 21300000 | B17: LOGICIELS | C17: 85413.227 | D17: 0 | E17: 0 | F17: 0 | G17: 0 | H17: =D17+F17-E17-G17 -> 0 | I17: =C17+H17 -> 85413.227 | J17: Immobilisations corporelles et incorp.
A18: 22000000 | B18: IMMOBIL.CORPORELLES | C18: 0 | D18: 0 | E18: 0 | F18: 0 | G18: 0 | H18: =D18+F18-E18-G18 -> 0 | I18: =C18+H18 -> 0
A19: 22100000 | B19: TERRAINS | C19: 1275724 | D19: 0 | E19: 0 | F19: 0 | G19: 0 | H19: =D19+F19-E19-G19 -> 0 | I19: =C19+H19 -> 1275724 | J19: Immobilisations corporelles et incorp.
A20: 22160000 | B20: AGEN.AMENAG.D.TERAI | C20: 161921.54 | D20: 0 | E20: 0 | F20: 0 | G20: 0 | H20: =D20+F20-E20-G20 -> 0 | I20: =C20+H20 -> 161921.54 | J20: Immobilisations corporelles et incorp.
A21: 22200000 | B21: CONSTURCTIONS | C21: 9027583.1 | D21: 0 | E21: 0 | F21: 0 | G21: 0 | H21: =D21+F21-E21-G21 -> 0 | I21: =C21+H21 -> 9027583.1 | J21: Immobilisations corporelles et incorp.
A22: 22250000 | B22: INSTAL.GL.AGE.AM.CON | C22: 689766.35 | D22: 3854.705 | E22: 0 | F22: 0 | G22: 0 | H22: =D22+F22-E22-G22 -> 3854.705 | I22: =C22+H22 -> 693621.06 | J22: Immobilisations corporelles et incorp.
A23: 22300000 | B23: INST.TECH.MAT&OUT.IN | C23: 73570.611 | D23: 0 | E23: 0 | F23: 0 | G23: 0 | H23: =D23+F23-E23-G23 -> 0 | I23: =C23+H23 -> 73570.611 | J23: Immobilisations corporelles et incorp.
A24: 22310000 | B24: INSTALLATIONS TECHN | C24: 0 | D24: 0 | E24: 0 | F24: 0 | G24: 0 | H24: =D24+F24-E24-G24 -> 0 | I24: =C24+H24 -> 0
A25: 22340000 | B25: MATERIEL INDUSTRIEL | C25: 24277661 | D25: 293079.14 | E25: 0 | F25: 0 | G25: 0 | H25: =D25+F25-E25-G25 -> 293079.14 | I25: =C25+H25 -> 24570740 | J25: Immobilisations corporelles et incorp.
A26: 22350000 | B26: OUTILLAGE INDUSTRIEL | C26: 643081.65 | D26: 5390.695 | E26: 0 | F26: 0 | G26: 0 | H26: =D26+F26-E26-G26 -> 5390.695 | I26: =C26+H26 -> 648472.34 | J26: Immobilisations corporelles et incorp.
A27: 22370000 | B27: AGEN.AME.MAT.OUT.IN | C27: 895166.74 | D27: 0 | E27: 0 | F27: 0 | G27: 0 | H27: =D27+F27-E27-G27 -> 0 | I27: =C27+H27 -> 895166.74 | J27: Immobilisations corporelles et incorp.
A28: 22400000 | B28: MATERIEL DE TRANSPORT | C28: 952007.86 | D28: 0 | E28: 0 | F28: 0 | G28: 0 | H28: =D28+F28-E28-G28 -> 0 | I28: =C28+H28 -> 952007.86 | J28: Immobilisations corporelles et incorp.
A29: 22810000 | B29: INSTAL.GLES.AG.AM.DI | C29: 0 | D29: 0 | E29: 0 | F29: 0 | G29: 0 | H29: =D29+F29-E29-G29 -> 0 | I29: =C29+H29 -> 0
A30: 22820000 | B30: EQUIPEMENTS DE BURE. | C30: 273220.99 | D30: 1150 | E30: 0 | F30: 0 | G30: 0 | H30: =D30+F30-E30-G30 -> 1150 | I30: =C30+H30 -> 274370.99 | J30: Immobilisations corporelles et incorp.
A31: 22830000 | B31: MATERIELS INFORMATIQUES | C31: 218464.65 | D31: 0 | E31: 0 | F31: 0 | G31: 0 | H31: =D31+F31-E31-G31 -> 0 | I31: =C31+H31 -> 218464.65 | J31: Immobilisations corporelles et incorp.
A32: 23000000 | B32: IMMOBILISATION EN CO | C32: 2e-05 | D32: 0 | E32: 0 | F32: 0 | G32: 0 | H32: =D32+F32-E32-G32 -> 0 | I32: =C32+H32 -> 2e-05
A33: 23200000 | B33: IMMO.COR.EN COURS | C33: 432889.96 | D33: 0 | E33: 0 | F33: 0 | G33: 0 | H33: =D33+F33-E33-G33 -> 0 | I33: =C33+H33 -> 432889.96 | J33: Immobilisations corporelles et incorp.
A34: 23220000 | B34: CONSTRUC.EN COURS | C34: 147315.67 | D34: 0 | E34: 0 | F34: 0 | G34: 0 | H34: =D34+F34-E34-G34 -> 0 | I34: =C34+H34 -> 147315.67 | J34: Immobilisations corporelles et incorp.
A35: 23225000 | B35: INST.GEN.A.A.CONS.CO | C35: 0 | D35: 0 | E35: 0 | F35: 0 | G35: 0 | H35: =D35+F35-E35-G35 -> 0 | I35: =C35+H35 -> 0
A36: 23231000 | B36: INST.TECHNIQ.EN COU | C36: 0 | D36: 0 | E36: 0 | F36: 0 | G36: 0 | H36: =D36+F36-E36-G36 -> 0 | I36: =C36+H36 -> 0
A37: 23237000 | B37: A.A MAT&OUT.IND.EN C | C37: 0 | D37: 0 | E37: 0 | F37: 0 | G37: 0 | H37: =D37+F37-E37-G37 -> 0 | I37: =C37+H37 -> 0
A38: 23250000 | B38: Plantations en cours | C38: 0 | D38: 0 | E38: 0 | F38: 0 | G38: 0 | H38: =D38+F38-E38-G38 -> 0 | I38: =C38+H38 -> 0
A39: 23800000 | B39: AVC&ACP/COM IMM.INC | C39: 0 | D39: 0 | E39: 0 | F39: 0 | G39: 0 | H39: =D39+F39-E39-G39 -> 0 | I39: =C39+H39 -> 0
A40: 24000000 | B40: IMMOB.A STAT.JUR.PAR | C40: 790367.65 | D40: 0 | E40: 0 | F40: 0 | G40: 0 | H40: =D40+F40-E40-G40 -> 0 | I40: =C40+H40 -> 790367.65 | J40: Immobilisations corporelles et incorp.
A41: 25100000 | B41: TITRES DE PARTICIPAT. | C41: 0 | D41: 0 | E41: 0 | F41: 0 | G41: 0 | H41: =D41+F41-E41-G41 -> 0 | I41: =C41+H41 -> 0
A42: 25110000 | B42: TITRES DE PARTICIPAT.SND | C42: 266820 | D42: 0 | E42: 0 | F42: 0 | G42: 0 | H42: =D42+F42-E42-G42 -> 0 | I42: =C42+H42 -> 266820 | J42: Titres de Participation
A43: 25120000 | B43: TITRES DE PARTICIPAT.NHB | C43: 512700 | D43: 0 | E43: 0 | F43: 0 | G43: 0 | H43: =D43+F43-E43-G43 -> 0 | I43: =C43+H43 -> 512700 | J43: Titres de Participation
A44: 25130000 | B44: TITRES DE PARTICIP. TIP | C44: 677000 | D44: 0 | E44: 0 | F44: 0 | G44: 0 | H44: =D44+F44-E44-G44 -> 0 | I44: =C44+H44 -> 677000 | J44: Titres de Participation
A45: 25140000 | B45: TITRES PARTICIPATION SNR | C45: 3150000 | D45: 0 | E45: 0 | F45: 0 | G45: 0 | H45: =D45+F45-E45-G45 -> 0 | I45: =C45+H45 -> 3150000 | J45: Titres de Participation
A46: 25150000 | B46: TITRES PARTICIPATION AKU | C46: 319680 | D46: 0 | E46: 0 | F46: 0 | G46: 0 | H46: =D46+F46-E46-G46 -> 0 | I46: =C46+H46 -> 319680 | J46: Titres de Participation
A47: 25700000 | B47: CREAN.RAT.A DES PAR | C47: 0 | D47: 0 | E47: 0 | F47: 0 | G47: 0 | H47: =D47+F47-E47-G47 -> 0 | I47: =C47+H47 -> 0
A48: 25810000 | B48: AVANCE SUR PARTICIPATION | C48: 0 | D48: 0 | E48: 0 | F48: 0 | G48: 0 | H48: =D48+F48-E48-G48 -> 0 | I48: =C48+H48 -> 0
A49: 26400000 | B49: PRETS | C49: 0 | D49: 0 | E49: 0 | F49: 0 | G49: 0 | H49: =D49+F49-E49-G49 -> 0 | I49: =C49+H49 -> 0
A50: 26430000 | B50: PRETS AU PERSONNEL | C50: 0 | D50: 0 | E50: 0 | F50: 0 | G50: 0 | H50: =D50+F50-E50-G50 -> 0 | I50: =C50+H50 -> 0
A51: 26500000 | B51: DEPOTS ET CAUT.VERS | C51: -15159.016 | D51: 0 | E51: 0 | F51: 0 | G51: 0 | H51: =D51+F51-E51-G51 -> 0 | I51: =C51+H51 -> -15159.016 | J51: Dépôts et cautionnements
A52: 26510000 | B52: DEPOTS | C52: 0 | D52: 0 | E52: 0 | F52: 0 | G52: 0 | H52: =D52+F52-E52-G52 -> 0 | I52: =C52+H52 -> 0
A53: 26550000 | B53: CAUTIONNEMENTS | C53: 0 | D53: 0 | E53: 0 | F53: 0 | G53: 0 | H53: =D53+F53-E53-G53 -> 0 | I53: =C53+H53 -> 0
A54: 27100000 | B54: FRAIS PRELIMINAIRES | C54: 0 | D54: 0 | E54: 0 | F54: 0 | G54: 0 | H54: =D54+F54-E54-G54 -> 0 | I54: =C54+H54 -> 0
A55: 28100000 | B55: AMORT.DES IMM.INCOR | C55: 0 | D55: 0 | E55: 0 | F55: 0 | G55: 0 | H55: =D55+F55-E55-G55 -> 0 | I55: =C55+H55 -> 0
A56: 28110000 | B56: INVEST.DE RECH&DEVE | C56: 0 | D56: 0 | E56: 0 | F56: 0 | G56: 0 | H56: =D56+F56-E56-G56 -> 0 | I56: =C56+H56 -> 0
A57: 28130000 | B57: AMORT LOGICIELS | C57: -71825.266 | D57: 0 | E57: 0 | F57: 5046.676 | G57: 5701.578 | H57: =D57+F57-E57-G57 -> -654.902 | I57: =C57+H57 -> -72480.168 | J57: Amortissement des immobilisations corporelles et incorp.
A58: 28216000 | B58: AMOR.AGE.&AME.D.TER | C58: -147409.69 | D58: 0 | E58: 0 | F58: 2102.471 | G58: 2334.36 | H58: =D58+F58-E58-G58 -> -231.889 | I58: =C58+H58 -> -147641.58 | J58: Amortissement des immobilisations corporelles et incorp.
A59: 28220000 | B59: AMORTISSEMENT/CONS | C59: -3577845.4 | D59: 0 | E59: 0 | F59: 337340.46 | G59: 374547.14 | H59: =D59+F59-E59-G59 -> -37206.671 | I59: =C59+H59 -> -3615052.1 | J59: Amortissement des immobilisations corporelles et incorp.
A60: 28225000 | B60: AMOR.INS.GEN.AG&A.C | C60: -247550.72 | D60: 0 | E60: 0 | F60: 42513.501 | G60: 50930.177 | H60: =D60+F60-E60-G60 -> -8416.676 | I60: =C60+H60 -> -255967.4 | J60: Amortissement des immobilisations corporelles et incorp.
A61: 28230000 | B61: AMO.INS.TECH.M.OU.IN | C61: -37591.396 | D61: 0 | E61: 0 | F61: 19860.413 | G61: 19263.138 | H61: =D61+F61-E61-G61 -> 597.275 | I61: =C61+H61 -> -36994.121 | J61: Amortissement des immobilisations corporelles et incorp.
A62: 28234000 | B62: AMORT./MATERIEL IND. | C62: -15345547 | D62: 0 | E62: 0 | F62: 1149964.7 | G62: 1258280.1 | H62: =D62+F62-E62-G62 -> -108315.39 | I62: =C62+H62 -> -15453863 | J62: Amortissement des immobilisations corporelles et incorp.
A63: 28235000 | B63: AMORT./OUTIL.INDUST. | C63: -336889.76 | D63: 0 | E63: 0 | F63: 54762.414 | G63: 58746.653 | H63: =D63+F63-E63-G63 -> -3984.239 | I63: =C63+H63 -> -340874 | J63: Amortissement des immobilisations corporelles et incorp.
A64: 28237000 | B64: AMOR./AGC&AMEG.M.O. | C64: -748210.26 | D64: 0 | E64: 0 | F64: 16745.321 | G64: 18681.283 | H64: =D64+F64-E64-G64 -> -1935.962 | I64: =C64+H64 -> -750146.22 | J64: Amortissement des immobilisations corporelles et incorp.
A65: 28240000 | B65: AMORT.MAT.DE TRANS | C65: -587719.93 | D65: 0 | E65: 0 | F65: 102470.4 | G65: 112586.65 | H65: =D65+F65-E65-G65 -> -10116.252 | I65: =C65+H65 -> -597836.18 | J65: Amortissement des immobilisations corporelles et incorp.
A66: 28282000 | B66: AMOR.EQUIP.DE BURE. | C66: -210054.68 | D66: 0 | E66: 0 | F66: 38624.504 | G66: 42865.525 | H66: =D66+F66-E66-G66 -> -4241.021 | I66: =C66+H66 -> -214295.7 | J66: Amortissement des immobilisations corporelles et incorp.
A67: 28283000 | B67: AMORT. MAT.INFORMATIQUES | C67: -113940.61 | D67: 0 | E67: 0 | F67: 21187.987 | G67: 25885.906 | H67: =D67+F67-E67-G67 -> -4697.919 | I67: =C67+H67 -> -118638.53 | J67: Amortissement des immobilisations corporelles et incorp.
A68: 28400000 | B68: Amort.immob.carc.jur.par | C68: -474557.32 | D68: 0 | E68: 0 | F68: 62673.674 | G68: 69031.042 | H68: =D68+F68-E68-G68 -> -6357.368 | I68: =C68+H68 -> -480914.68 | J68: Amortissement des immobilisations corporelles et incorp.
A69: 29220000 | B69: CONSTRUCTIONS | C69: 0 | D69: 0 | E69: 0 | F69: 0 | G69: 0 | H69: =D69+F69-E69-G69 -> 0 | I69: =C69+H69 -> 0
A70: 29234000 | B70: PROV/MAT.INDUTRIEL | C70: -223876.88 | D70: 0 | E70: 0 | F70: 0 | G70: 0 | H70: =D70+F70-E70-G70 -> 0 | I70: =C70+H70 -> -223876.88 | J70: Provision pour dép.Imm corporelles et incorp.
A71: 29235000 | B71: PROV/OUTILLAGE INDUSTR | C71: -8171.429 | D71: 0 | E71: 0 | F71: 0 | G71: 0 | H71: =D71+F71-E71-G71 -> 0 | I71: =C71+H71 -> -8171.429 | J71: Provision pour dép.Imm corporelles et incorp.
A72: 29282000 | B72: EQUIPEMENT DE BURE. | C72: 0 | D72: 0 | E72: 0 | F72: 0 | G72: 0 | H72: =D72+F72-E72-G72 -> 0 | I72: =C72+H72 -> 0
A73: 29286500 | B73: MATERIELS D'EMBALAG. | C73: 0 | D73: 0 | E73: 0 | F73: 0 | G73: 0 | H73: =D73+F73-E73-G73 -> 0 | I73: =C73+H73 -> 0 | J73: Immobilisations corporelles et incorp.
A74: 29700000 | B74: PROV.P.DEPR.AU.IM.FIN | C74: -29257.385 | D74: 0 | E74: 0 | F74: 0 | G74: 0 | H74: =D74+F74-E74-G74 -> 0 | I74: =C74+H74 -> -29257.385 | J74: Provision pour dép.Imm Financières
A75: 31100000 | B75: MATIERE PREMIERE | C75: 0 | D75: 0 | E75: 0 | F75: 10140516 | G75: 0 | H75: =D75+F75-E75-G75 -> 10140516 | I75: =C75+H75 -> 10140516 | J75: Stocks
A76: 31200000 | B76: STOCK EN TRANSIT | C76: 0 | D76: 0 | E76: 0 | F76: 0 | G76: 0 | H76: =D76+F76-E76-G76 -> 0 | I76: =C76+H76 -> 0
A77: 32200000 | B77: FOURNITURES CONSO. | C77: 0 | D77: 0 | E77: 0 | F77: 771579.85 | G77: 0 | H77: =D77+F77-E77-G77 -> 771579.85 | I77: =C77+H77 -> 771579.85 | J77: Stocks
A78: 33100000 | B78: PRODUITS EN COURS | C78: 0.00099999923 | D78: 0 | E78: 0 | F78: 5497780.6 | G78: 0 | H78: =D78+F78-E78-G78 -> 5497780.6 | I78: =C78+H78 -> 5497780.6 | J78: Stocks
A79: 33500000 | B79: TRAVAUX EN COURS | C79: 0 | D79: 0 | E79: 0 | F79: 0 | G79: 0 | H79: =D79+F79-E79-G79 -> 0 | I79: =C79+H79 -> 0
A80: 34100000 | B80: ETUDES EN COURS | C80: 0 | D80: 0 | E80: 0 | F80: 0 | G80: 0 | H80: =D80+F80-E80-G80 -> 0 | I80: =C80+H80 -> 0
A81: 35500000 | B81: PRODUITS FINIS | C81: -1.3969839e-09 | D81: 0 | E81: 0 | F81: 150396.33 | G81: 0 | H81: =D81+F81-E81-G81 -> 150396.33 | I81: =C81+H81 -> 150396.33 | J81: Stocks
A82: 39000000 | B82: PROVISIONS P.DEPR.STO | C82: -208158.11 | D82: 0 | E82: 0 | F82: 0 | G82: 0 | H82: =D82+F82-E82-G82 -> 0 | I82: =C82+H82 -> -208158.11 | J82: Provision sur dépr.stock
A83: 40100000 | B83: FOURNISSEURS LOCAU | C83: -3953965 | D83: 4527906.2 | E83: 2899849.3 | F83: 0 | G83: 0 | H83: =D83+F83-E83-G83 -> 1628056.9 | I83: =C83+H83 -> -2325908 | J83: Fournisseurs & comptes rattachés
A84: 40300000 | B84: FOURNIS.LOC.EFFE.A.P | C84: -217381.18 | D84: 99920.37 | E84: 207180.42 | F84: 0 | G84: 0 | H84: =D84+F84-E84-G84 -> -107260.05 | I84: =C84+H84 -> -324641.23 | J84: Fournisseurs & comptes rattachés
A85: 40301000 | B85: FOUR.LOC.EFF.A.P.I.GRO | C85: 0 | D85: 0 | E85: 0 | F85: 0 | G85: 0 | H85: =D85+F85-E85-G85 -> 0 | I85: =C85+H85 -> 0
A86: 40400000 | B86: FOURNIS.D'IMMOBILISA. | C86: 9.999983e-05 | D86: 0 | E86: 0 | F86: 0 | G86: 0 | H86: =D86+F86-E86-G86 -> 0 | I86: =C86+H86 -> 9.999983e-05
A87: 40470000 | B87: FSSR RETENU DE GARANTIE | C87: 0 | D87: 0 | E87: 0 | F87: 0 | G87: 0 | H87: =D87+F87-E87-G87 -> 0 | I87: =C87+H87 -> 0
A88: 40600000 | B88: FOURNISSEURS ETRAN. | C88: -1149848.3 | D88: 1056480.6 | E88: 1916167.8 | F88: 10269.36 | G88: 131073.24 | H88: =D88+F88-E88-G88 -> -980491.07 | I88: =C88+H88 -> -2130339.4 | J88: Fournisseurs & comptes rattachés
A89: 40800000 | B89: FOUR.FACT.N.PARVENU | C89: -4980 | D89: 0 | E89: 0 | F89: 0 | G89: 0 | H89: =D89+F89-E89-G89 -> 0 | I89: =C89+H89 -> -4980 | J89: Fournisseurs & comptes rattachés
A90: 40860000 | B90: FOUR.ETR.FACT.N.PAR | C90: 0 | D90: 0 | E90: 0 | F90: 0 | G90: 0 | H90: =D90+F90-E90-G90 -> 0 | I90: =C90+H90 -> 0
A91: 40910000 | B91: FOURN.AV&ACP.CERS.COM | C91: -3.8198777e-10 | D91: 0 | E91: 0 | F91: 0 | G91: 0 | H91: =D91+F91-E91-G91 -> 0 | I91: =C91+H91 -> -3.8198777e-10 | J91: Autres actifs courants
A92: 41100000 | B92: CLIENTS | C92: 15703429 | D92: 6601721.4 | E92: 3227715.5 | F92: 0 | G92: 0 | H92: =D92+F92-E92-G92 -> 3374005.9 | I92: =C92+H92 -> 19077435 | J92: Clients et comptes rattachés
A93: 41301000 | B93: CLIENTS EFETS A RECEV | C93: 0 | D93: 0 | E93: 0 | F93: 0 | G93: 0 | H93: =D93+F93-E93-G93 -> 0 | I93: =C93+H93 -> 0
A94: 41500000 | B94: CLIENTS ETRANGERS | C94: 1951174.7 | D94: 794345.96 | E94: 1284367.1 | F94: 172063.7 | G94: 170745.96 | H94: =D94+F94-E94-G94 -> -488703.45 | I94: =C94+H94 -> 1462471.2 | J94: Clients et comptes rattachés
A95: 41601000 | B95: EFFETS IMPAYES | C95: 0 | D95: 0 | E95: 0 | F95: 0 | G95: 0 | H95: =D95+F95-E95-G95 -> 0 | I95: =C95+H95 -> 0
A96: 41800000 | B96: CLIENTS PROD.N.ENC.F | C96: 0 | D96: 0 | E96: 0 | F96: 0 | G96: 0 | H96: =D96+F96-E96-G96 -> 0 | I96: =C96+H96 -> 0
A97: 41910000 | B97: CLIE. AV&ACPT.REC.COMM | C97: 0 | D97: 0 | E97: 0 | F97: 0 | G97: 0 | H97: =D97+F97-E97-G97 -> 0 | I97: =C97+H97 -> 0
A98: 42100000 | B98: PERSON.AVA.ET.ACOMP | C98: 0 | D98: 0 | E98: 0 | F98: 0 | G98: 0 | H98: =D98+F98-E98-G98 -> 0 | I98: =C98+H98 -> 0 | J98: Autres actifs courants
A99: 42110000 | B99: AVANCES AUTOM./ARO | C99: 0 | D99: 0 | E99: 0 | F99: 0 | G99: 0 | H99: =D99+F99-E99-G99 -> 0 | I99: =C99+H99 -> 0
A100: 42120000 | B100: PRETS SUR SALAIRES | C100: 41439.86 | D100: 950 | E100: 1900 | F100: 0 | G100: 0 | H100: =D100+F100-E100-G100 -> -950 | I100: =C100+H100 -> 40489.86 | J100: Autres actifs courants
...

Sheet BAL 11-23
A1: Compte | B1: Libelle | C1: SoldeDebut | D1: Debit | E1: Crédit | F1: Debit OD | G1: Credit OD | H1: Variation | I1: Solde Fin | J1: Affect° 2023
A2: 10100000 | B2: CAPITAL SOCIAL | C2: -13500000 | D2: 0 | E2: 0 | F2: 0 | G2: 0 | H2: =+D2+F2-E2-G2 -> 0 | I2: =+H2+C2 -> -13500000 | J2: Capital social | K2: 0
A3: 11101000 | B3: RESERVES LEGALES | C3: -1200000 | D3: 0 | E3: 0 | F3: 0 | G3: 0 | H3: =+D3+F3-E3-G3 -> 0 | I3: =+H3+C3 -> -1200000 | J3: Réserves légales | K3: 0
A4: 12100000 | B4: RESULTAT REPORTES | C4: -17517372 | D4: 0 | E4: 0 | F4: 0 | G4: 0 | H4: =+D4+F4-E4-G4 -> 0 | I4: =+H4+C4 -> -17517372 | J4: Résultats reportés | K4: 0
A5: 12200000 | B5: ammortisssemnts differes | C5: 0 | D5: 0 | E5: 0 | F5: 0 | G5: 0 | H5: =+D5+F5-E5-G5 -> 0 | I5: =+H5+C5 -> 0 | K5: 0
A6: 12800000 | B6: MODI.COM.EFF.RLT.REP | C6: 3126298 | D6: 4965118.7 | E6: 4965118.7 | F6: 0 | G6: 0 | H6: =+D6+F6-E6-G6 -> 0 | I6: =+H6+C6 -> 3126298 | J6: Modification comptable | K6: 0
